Workbook
Name \0: #REF!
Name \0: #REF!
Name \0: #REF!
Name \0: #REF!
Name \0: #REF!
Name \0: #REF!
Name \00: #REF!
Name \00: #REF!
Name \00: #REF!
Name \00: #REF!
Name \00: #REF!
Name \a: #REF!
Name \a: #REF!
Name \a: #REF!
Name \a: #REF!
Name \a: #REF!
Name \a: #REF!
Name \a: #REF!
Name \AA: [1]LIQUIDACION!#REF!
Name \AA: [1]LIQUIDACION!#REF!
Name \AA: [1]LIQUIDACION!#REF!
Name \AA: [1]LIQUIDACION!#REF!
Name \AA: [1]LIQUIDACION!#REF!
Name \b: [2]STRSUMM0!#REF!
Name \b: #REF!
Name \b: #REF!
Name \b: [2]STRSUMM0!#REF!
Name \b: [2]STRSUMM0!#REF!
Name \b: [2]STRSUMM0!#REF!
Name \bb: [2]STRSUMM0!#REF!
Name \bb: [2]STRSUMM0!#REF!
Name \bb: [2]STRSUMM0!#REF!
Name \bb: [2]STRSUMM0!#REF!
Name \bb: [2]STRSUMM0!#REF!
Name \E: #REF!
Name \E: #REF!
Name \E: #REF!
Name \E: #REF!
Name \E: #REF!
Name \EE: #REF!
Name \EE: #REF!
Name \EE: #REF!
Name \EE: #REF!
Name \EE: #REF!
Name \eliminar: [3]RESUM96!#REF!
Name \eliminar: [3]RESUM96!#REF!
Name \eliminar: [3]RESUM96!#REF!
Name \eliminar: [3]RESUM96!#REF!
Name \eliminar: [3]RESUM96!#REF!
Name \eliminar1: [3]RESUM96!#REF!
Name \eliminar1: [3]RESUM96!#REF!
Name \eliminar1: [3]RESUM96!#REF!
Name \eliminar1: [3]RESUM96!#REF!
Name \eliminar1: [3]RESUM96!#REF!
Name \G: #REF!
Name \G: #REF!
Name \G: #REF!
Name \G: #REF!
Name \G: #REF!
Name \k: '[4]7422CW00'!#REF!

Sheet PRESUPUESTO OFICIAL (Entidad)
C3: Formulario 1 - Propuesta económica - Documento tipo de licitación de obra pública de infraestructura de transporte - versión 3
C4: Código | D4: CCE-EICP-FM-14 | E4: Versión | F4: 3
C5: FORMULARIO 1
C6: PRESUPUESTO OFICIAL
C7: [La entidad puede utilizar este formulario de detalle del presupuesto oficial para determinar las condiciones bajo las cuales los proponentes analizarán y presentarán su propuesta económica de forma detallada, sin perjuicio que la entidad pueda modificarlo o establecer la presentación de la oferta económica con un formulario distinto al indicado.]
C9: Adicionalmente, cuando el proceso de contratación es estructurado por precios unitarios, la Entidad debe aplicar las notas 1, 2 y 3 del presente formulario y las casillas de "Descripción", "Porcentaje" de la Administración, Imprevisto, Utilidad y total A.I.U. resaltadas en color amarillo. Tratándose de otras modalidades de precio, la Entidad puede o no configurar los mismos aspectos.
C11: Nº | D11: ÍTEM DE PAGO | E11: ESPECIFICACIONES | G11: DESCRIPCIÓN | H11: UND. | I11: CANTIDAD | J11: VALOR UNITARIO | K11: VALOR TOTAL
E12: GENERAL | F12: PARTICULAR IDU
C13: PRELIMINARES
D14: 1 | E14: INV-105.2 -13 | F14: 3007 | G14: REPLANTEO GENERAL | H14: M2 | I14: =+'[190]PRESUP TOTAL'!$H$14+'[191]PRESUP SAN BENITO'!$G$14+'[192]PRESUP TOTAL'!$G$14 -> 5527.75 | J14: 758 | K14: =I14*J14 -> 4190034.5
C15: Subtotal | K15: =SUM(K14) -> 4190034.5
C16: DEMOLICIONES
D17: 2 | E17: INV-201-13 | F17: 5196 | G17: DEMOLICIÓN DE CONCRETO: ESPESORES 8CM A 15CM. (INCLUYE RETIRO DE MATERIAL, TRANSPORTE Y DISPOSICIÓN FINAL DE ESCOMBROS EN SITIO AUTORIZADO). | H17: M3 | I17: ='[190]PRESUP TOTAL'!$H$16+'[191]PRESUP SAN BENITO'!$G$16+'[192]PRESUP TOTAL'!$G$16 -> 241 | J17: =+'[190]PRESUP TOTAL'!$G$16 -> 85531 | K17: =I17*J17 -> 20612971
D18: 3 | E18: INV-201-13 | F18: 5197 | G18: DEMOLICIÓN DE CONCRETO: ESPESORES 16CM A 25CM. (INCLUYE RETIRO DE MATERIAL, TRANSPORTE Y DISPOSICIÓN FINAL DE ESCOMBROS EN SITIO AUTORIZADO). | H18: M3 | I18: =+'[190]PRESUP TOTAL'!$H$17+'[191]PRESUP SAN BENITO'!$G$17+'[192]PRESUP TOTAL'!$G$17 -> 99 | J18: =+'[190]PRESUP TOTAL'!$G$17 -> 91446 | K18: =I18*J18 -> 9053154
C19: Subtotal | K19: =SUM(K17:K18) -> 29666125
C20: EXPLANACIONES Y TERRAPLENES
D21: 4 | E21: IDU ET-IC- 300-18 | F21: 3710 | G21: EXCAVACIÓN MECÁNICA EN MATERIAL COMÚN (INCLUYE CARGUE) | H21: M3 | I21: =+'[190]PRESUP TOTAL'!$H$19+'[191]PRESUP SAN BENITO'!$G$19+'[192]PRESUP TOTAL'!$G$19 -> 2332 | J21: 4920 | K21: =I21*J21 -> 11473440
D22: 5 | E22: IDU ET-IC- 300-18 | F22: 3017 | G22: TRANSPORTE Y DISPOSICIÓN FINAL DE ESCOMBROS EN SITIO AUTORIZADO (DISTANCIA DE TRANSPORTE 21 KM). A DISTANCIA MAYOR DEL ACARREO LIBRE (90 M) EN SITIO AUTORIZADO POR LA ENTIDAD AMBIENTAL COMPETENTE. | H22: M3 | I22: =+'[190]PRESUP TOTAL'!$H$20+'[191]PRESUP SAN BENITO'!$G$20+'[192]PRESUP TOTAL'!$G$20 -> 3032.5 | J22: 34896 | K22: =I22*J22 -> 105822120
C23: Subtotal | K23: =SUM(K21:K22) -> 117295560
C24: AFIRMADOS, BASES Y SUBBASES
E25: IDU ET-IC- 510-18 | F25: 4161 | G25: SUBBASE GRANULAR CLASE A (SBG_A) (SUMINISTRO, EXTENDIDO, NIVELACIÓN, HUMEDECIMIENTO Y COMPACTACIÓN CON VIBROCOMPACTADOR) | H25: M3 | I25: =+'[190]PRESUP TOTAL'!$H$22+'[191]PRESUP SAN BENITO'!$G$22+'[192]PRESUP TOTAL'!$G$22 -> 603 | J25: 129602 | K25: =I25*J25 -> 78150006
E26: IDU ET-IC- 410-18 | F26: 6016 | G26: ESTABILIZACIÓN DE SUBRASANTE CON RAJÓN, INCLUYE EQUIPO DE COMPACTACIÓN (SUMINISTRO, EXTENDIDO, NIVELACIÓN Y COMPACTACIÓN CON EQUIPO MECÁNICO) | H26: M3 | I26: =+'[191]PRESUP SAN BENITO'!$G$23+'[190]PRESUP TOTAL'!$H$23+'[192]PRESUP TOTAL'!$G$23 -> 631 | J26: 109965 | K26: =I26*J26 -> 69387915
C27: Subtotal | K27: =SUM(K25:K26) -> 147537921
C28: PAVIMENTOS
E29: IDU ET-IC- 800-18 | F29: APU NP1 | G29: LOSA DE CONCRETO MR43 (SUMINISTRO, FORMALETEADO, COLOCACIÓN Y ACABADO. NO INCLUYE ACERO, CURADO, JUNTAS) | H29: M3 | I29: =+'[190]PRESUP TOTAL'!$H$25+'[191]PRESUP SAN BENITO'!$G$25+'[192]PRESUP TOTAL'!$G$25 -> 484 | J29: 712870 | K29: =I29*J29 -> 345029080
E30: IDU ET-IC- 800-18 | F30: APU NP2 | G30: ACERO DE REFUERZO FY=60000 PSI. SUMINISTRO E INSTALACIÓN. DE ACUERDO A LO ESTIPULADO POR LA NSR-10, NORMA ASTM A-706, ICONTEC 2289 PARA EL ACERO PDR-60. INCLUYE TODOS LOS COSTOS DE SUMINISTRO DE MATERIALES (REFUERZO (G60) FIGURADO, CORRUGADO, INCLUYE EL ALAMBRE DE AMARRE), EQUIPOS, TRANSPORTES, MANEJO, ALMACENAMIENTO, DESPERDICIOS Y MANO DE OBRA. | H30: kg | I30: =+'[190]PRESUP TOTAL'!$H$27+'[191]PRESUP SAN BENITO'!$G$26+'[192]PRESUP TOTAL'!$G$26 -> 3731 | J30: 7202 | K30: =I30*J30 -> 26870662
E31: IDU ET-IC- 800-18 | F31: APU NP3 | G31: CANASTILLA PASAJUNTAS INCLUYE SUMINISTRO E INSTALACIÓN | H31: kg | I31: =+'[190]PRESUP TOTAL'!$H$26+'[191]PRESUP SAN BENITO'!$G$27+'[192]PRESUP TOTAL'!$G$27 -> 5289 | J31: 7202 | K31: =I31*J31 -> 38091378
C32: Subtotal | K32: =SUM(K29:K31) -> 409991120
C33: GEOTEXTILES
E34: IDU ET-IC-240-18 | F34: 4671 | G34: GEOTEXTIL NT 2500 PARA SEPARACION SUBRASANTE/CAPAS GRANULARES (INCLUYE SUMINISTRO E INSTALACIÓN) | H34: M2 | I34: =+'[191]PRESUP SAN BENITO'!$G$29+'[190]PRESUP TOTAL'!$H$29+'[192]PRESUP TOTAL'!$G$29 -> 2498 | J34: 7720 | K34: =I34*J34 -> 19284560
C35: Subtotal | K35: =SUM(K34) -> 19284560
C36: URBANISMO
E37: IDU ET-IC-301-18 | F37: 4390 | G37: EXCAVACIÓN MANUAL EN MATERIAL COMÚN (INCL CARGUE, TRANSPORTE Y DISPOSICION FINAL) | H37: M3 | I37: =+'[190]PRESUP TOTAL'!$H$31+'[191]PRESUP SAN BENITO'!$G$31+'[192]PRESUP TOTAL'!$G$31 -> 598 | J37: 82116 | K37: =I37*J37 -> 49105368
E38: IDU ET-IC-512-18 | F38: 4159 | G38: SUBBASE GRANULAR CLASE C (SBG_C) (SUMINISTRO, EXTENDIDO, NIVELACIÓN, HUMEDECIMIENTO Y COMPACTACIÓN CON VIBROCOMPACTADOR) | H38: M3 | I38: =+'[190]PRESUP TOTAL'!$H$32+'[191]PRESUP SAN BENITO'!$G$32+'[192]PRESUP TOTAL'!$G$32 -> 598 | J38: 128055 | K38: =I38*J38 -> 76576890
E39: IDU ET-IC-413-18 | F39: 6486 | G39: ESTABILIZACIÓN CON RCD. INCLUYE TRASIEGO INTERNO, NIVELACIÓN Y COMPACTACIÓN. | H39: M3 | I39: =+'[190]PRESUP TOTAL'!$H$33+'[191]PRESUP SAN BENITO'!$G$33+'[192]PRESUP TOTAL'!$G$33 -> 479 | J39: 48063 | K39: =I39*J39 -> 23022177
E40: IDU ET-IC-801-18 | F40: 6137 | G40: PISO EN CONCRETO COLOR GRIS MR41 (280 Kg/Cm2) GRAVA 1" 28 DIAS ESTAMPADO e=0.10m (INCLUYE SUMINISTRO Y COLOCACIÓN DE CONCRETO, JUEGO DE MOLDES, DESMOLDANTE EN POLVO, CURADOR PARA CONCRETO, INCLUYE CORTE Y SELLADO DE JUNTAS. | H40: M2 | I40: =+'[190]PRESUP TOTAL'!$H$34+'[191]PRESUP SAN BENITO'!$G$34+'[192]PRESUP TOTAL'!$G$34 -> 944 | J40: 192265 | K40: =I40*J40 -> 181498160
E41: Cartilla de Andenes A-55-56 | F41: 6102 | G41: CENEFA LINEAL EN LOSETA PREFABRICADA TÁCTIL ALERTA Y GUÍA A55 / A56 ANCHO 0.40m (SUMINISTRO E INSTALACIÓN. INCLUYE BASE EN ARENA DE NIVELACIÓN e= 4cm Y ARENA DE SELLO). | H41: ML | I41: =+'[190]PRESUP TOTAL'!$H$35+'[191]PRESUP SAN BENITO'!$G$35+'[192]PRESUP TOTAL'!$G$35 -> 161.4 | J41: 25934 | K41: =I41*J41 -> 4185747.6
E42: Cartilla de Andenes A-57-58 | F42: 8228 | G42: CENEFA LINEAL EN LOSETA PREFABRICADA TÁCTIL ALERTA A57 / A58 ANCHO 0.20M COLOR AMARILLO. (SUMINISTRO E INSTALACIÓN. INCLUYE BASE EN ARENA DE NIVELACIÓN E= 4CM Y ARENA DE SELLO). | H42: ML | I42: =+'[190]PRESUP TOTAL'!$H$36+'[191]PRESUP SAN BENITO'!$G$36+'[192]PRESUP TOTAL'!$G$36 -> 872 | J42: 20643 | K42: =I42*J42 -> 18000696
E43: Cartilla de Andenes A-26 | F43: 8229 | G43: FRANJA EN ADOQUIN DE CONCRETO DEMARCADOR VISUAL A26 20X10X6CM COLOR AMARILLO. (SUMINISTRO E INSTALACIÓN. INCLUYE BASE 3CM ARENA NIVELACIÓN Y ARENA DE SELLO). | H43: ML | I43: =+'[190]PRESUP TOTAL'!$H$37+'[191]PRESUP SAN BENITO'!$G$37+'[192]PRESUP TOTAL'!$G$37 -> 872 | J43: 16118 | K43: =I43*J43 -> 14054896
E44: Cartilla de Andenes A-51 | F44: 8776 | G44: CENEFA LINEAL EN LOSETA LISA BICAPA TIPO A51 (40 X 20 X 6) cm PARA FRANJA DE SEGURIDAD (Suministro, colocación y compactación con equipo manual. Incluye base en arena de nivelación e=4 cm y arena de sello) | H44: ML | I44: =+'[190]PRESUP TOTAL'!$H$38+'[191]PRESUP SAN BENITO'!$G$38+'[192]PRESUP TOTAL'!$G$38 -> 872 | J44: 21944 | K44: =I44*J44 -> 19135168
E45: Cartilla de Andenes A-10 | F45: 4054 | G45: SARDINEL TIPO A10 (SUMINISTRO E INSTALACIÓN. INCLUYE 3CM MORTERO 2000 PSI) | H45: ML | I45: =+'[190]PRESUP TOTAL'!$H$39+'[191]PRESUP SAN BENITO'!$G$39+'[192]PRESUP TOTAL'!$G$39 -> 878 | J45: 61118 | K45: =I45*J45 -> 53661604
E46: Cartilla de Andenes A-80 | F46: 6475 | G46: BORDILLO PREFABRICADO A80 (SUMINISTRO E INSTALACIÓN. INCLUYE 3CM MORTERO DE PEGA 2000 PSI Y NIVELACIÓN DEL TERRENO CON RELLENO EN MATERIAL SELECCIONADO PROVENIENTE DE EXCAVACIÓN). | H46: ML | I46: =+'[190]PRESUP TOTAL'!$H$40+'[191]PRESUP SAN BENITO'!$G$40+'[192]PRESUP TOTAL'!$G$40 -> 1031 | J46: 60097 | K46: =I46*J46 -> 61960007
E47: Cartilla de Andenes A-20 | F47: 4088 | G47: SARDINEL BAJO A85 PARA RAMPAS (SUMINISTRO E INSTALACIÓN. INCLUYE 3CM MORTERO 2000 PSI) | H47: ML | I47: =+'[190]PRESUP TOTAL'!$H$41+'[191]PRESUP SAN BENITO'!$G$41+'[192]PRESUP TOTAL'!$G$41 -> 43 | J47: 60531 | K47: =I47*J47 -> 2602833
E48: Cartilla de Andenes | F48: 4855 | G48: CONSTRUCCIÓN DE FRANJA DE AJUSTE EN CONCRETO PREMEZCLADO GRAVA COMÚN 3000 PSI, ESPESOR PROMEDIO 10 CM.. | H48: M2 | I48: =+'[190]PRESUP TOTAL'!$H$42+'[191]PRESUP SAN BENITO'!$G$42+'[192]PRESUP TOTAL'!$G$42 -> 82.5 | J48: 41249 | K48: =I48*J48 -> 3403042.5
E49: IDU ET-IC-801-18 | F49: 8551 | G49: PISO EN CONCRETO MR 43 (300 Kg/Cm2) GRAVA COMÚN ACELERADO A 7 DÍAS, ESTAMPADO PARA POMPEYANOS Y VIAS A DESNIVEL, COLOR OCRE (INCLUYE SUMINISTRO Y COLOCACIÓN DE CONCRETO, JUEGO DE MOLDES, DESMOLDANTE EN POLVO, CURADOR PARA CONCRETO, CORTE Y SELLADO DE JUNTAS.) | H49: M3 | I49: =+'[190]PRESUP TOTAL'!$H$43+'[191]PRESUP SAN BENITO'!$G$43+'[192]PRESUP TOTAL'!$G$43 -> 154 | J49: 1422830 | K49: =I49*J49 -> 219115820
E50: Cartilla de Mobiliario Urbano M30 | F50: 3396 | G50: BANCA EN CONCRETO TIPO M30 (SUMINISTRO E INSTALACIÓN. NO INCLUYE MATERIAL DE BASE) | H50: UN | I50: =+'[190]PRESUP TOTAL'!$H$44+'[191]PRESUP SAN BENITO'!$G$44+'[192]PRESUP TOTAL'!$G$44 -> 14 | J50: 675223 | K50: =I50*J50 -> 9453122
E51: Cartilla de Mobiliario Urbano M121 | F51: 4920 | G51: CANECA DE ACERO INOXIDABLE M121 TIPO BARCELONA (SUMINISTRO E INSTALACIÓN. INCLUYE CONCRETO PARA ANCLAJE DE 3000 PSI PREMEZCLADO GRAVA COMÚN. | H51: UN | I51: =+'[190]PRESUP TOTAL'!$H$45+'[191]PRESUP SAN BENITO'!$G$45+'[192]PRESUP TOTAL'!$G$45 -> 30 | J51: 571562 | K51: =I51*J51 -> 17146860
E52: Cartilla de Mobiliario Urbano M63 | F52: 3548 | G52: BOLARDO EN HIERRO TIPO M63 (SUMINISTRO E INSTALACIÓN. INCLUYE BASE EN CONCRETO 1500 PSI, HECHO EN OBRA) | H52: UN | I52: =+'[190]PRESUP TOTAL'!$H$46+'[191]PRESUP SAN BENITO'!$G$46+'[192]PRESUP TOTAL'!$G$46 -> 56 | J52: 174363 | K52: =I52*J52 -> 9764328
E53: Manual de Silvicultura Urbana - Jardín Botánico | F53: 8094 | G53: PINO ROMERON H=1.5M (INCLUYE EXCAVACIÓN MANUAL, SIEMBRA, CAJA, TIERRA, ABONO, TUTOR, TRANSPORTE Y DISPOSICIÓN FINAL DE ESCOMBROS EN SITIO AUTORIZADO A 28 KM). SUMINISTRO Y PLANTACIÓN. | H53: UN | I53: =+'[190]PRESUP TOTAL'!$H$47+'[191]PRESUP SAN BENITO'!$G$47+'[192]PRESUP TOTAL'!$G$47 -> 20 | J53: 310123 | K53: =I53*J53 -> 6202460
E54: Manual de Silvicultura Urbana - Jardín Botánico | F54: 4884 | G54: NOGAL H= 1.5M (INCLUYE SIEMBRA, CAJA, TIERRA NEGRA, ABONO Y TUTOR. INCLUYE TRANSPORTE Y DISPOSICIÓN FINAL DE ESCOMBROS EN SITIO AUTORIZADO (DISTANCIA DE TRANSPORTE 28 KM). SUMINISTRO Y PLANTACION. | H54: UN | I54: =+'[190]PRESUP TOTAL'!$H$48+'[191]PRESUP SAN BENITO'!$G$48+'[192]PRESUP TOTAL'!$G$48 -> 18 | J54: 187451 | K54: =I54*J54 -> 3374118
E55: Manual de Silvicultura Urbana - Jardín Botánico | F55: 7090 | G55: HIEDRA MIAMI (INCLUYE 12 UNIDADES POR M2 Y TRANSPORTE Y DISPOSICIÓN FINAL DE ESCOMBROS A 28 KM). SUMINISTRO Y PLANTACIÓN. | H55: M2 | I55: =+'[190]PRESUP TOTAL'!$H$49+'[191]PRESUP SAN BENITO'!$G$49+'[192]PRESUP TOTAL'!$G$49 -> 68 | J55: 79227 | K55: =I55*J55 -> 5387436
E56: Cartilla de Mobiliario Urbano B23 | F56: 7353 | G56: CONTENEDOR DE RAICES TIPO B23 (TIPO D) (2.00M X 2.00M X 1.40M). (INCLUYE FILTRO EN GRAVILLA, TIERRA NEGRA. SUMINISTRO Y CONSTRUCCIÓN). | H56: UN | I56: =+'[190]PRESUP TOTAL'!$H$50+'[191]PRESUP SAN BENITO'!$G$50+'[192]PRESUP TOTAL'!$G$50 -> 38 | J56: 1343955 | K56: =I56*J56 -> 51070290
C57: Subtotal | K57: =SUM(K37:K56) -> 8.2872102e+08
C58: ESTRUCTURAS
E59: IDU ET-IC-301-18 | F59: 3710 | G59: EXCAVACIÓN MECÁNICA EN MATERIAL COMÚN (INCLUYE CARGUE) | H59: M3 | I59: =+'[190]PRESUP TOTAL'!$H$52+'[191]PRESUP SAN BENITO'!$G$52+'[192]PRESUP TOTAL'!$G$52 -> 848 | J59: 4920 | K59: =I59*J59 -> 4172160
E60: IDU ET-IC-301-18 | F60: 3017 | G60: TRANSPORTE Y DISPOSICIÓN FINAL DE ESCOMBROS EN SITIO AUTORIZADO (DISTANCIA DE TRANSPORTE 21 KM). A DISTANCIA MAYOR DEL ACARREO LIBRE (90 M) EN SITIO AUTORIZADO POR LA ENTIDAD AMBIENTAL COMPETENTE. | H60: M3 | I60: =+'[190]PRESUP TOTAL'!$H$53+'[191]PRESUP SAN BENITO'!$G$53+'[192]PRESUP TOTAL'!$G$53 -> 810.3 | J60: 34896 | K60: =I60*J60 -> 28276229
E61: INV-ART 630 | F61: 5421 | G61: MURO ESTRUCTURAL EN CONCRETO 4000 PSI PREMEZCLADO, GRAVA COMÚN. (Incluye suministro, formaleteo, bombeo, colocación y curado. No incl. Refuerzo). | H61: M3 | I61: =+'[190]PRESUP TOTAL'!$H$54+'[192]PRESUP TOTAL'!$G$54 -> 159 | J61: 750703 | K61: =I61*J61 -> 119361777
E62: INV-ART 630 | F62: 9109 | G62: CONCRETO 2000 PSI GRAVA COMÚN 14 MPA (140 Kg/Cm2) PARA SOLADOS (PREMEZCLADO. INCLUYE SUMINISTRO Y COLOCACIÓN). | H62: M3 | I62: =+'[190]PRESUP TOTAL'!$H$55+'[192]PRESUP TOTAL'!$G$55 -> 16 | J62: =+'[190]PRESUP TOTAL'!$G$55 -> 423691 | K62: =I62*J62 -> 6779056
E63: IDU ET-IC-240-18 | F63: 4009 | G63: GEOTEXTIL NT 3000 PARA SUBDRENES/FILTROS (INCLUYE SUMINISTRO E INSTALACIÓN) | H63: M2 | I63: =+'[190]PRESUP TOTAL'!$H$57+'[191]PRESUP SAN BENITO'!$G$56+'[192]PRESUP TOTAL'!$G$57 -> 762 | J63: 8678 | K63: =I63*J63 -> 6612636
E64: INV 673-13 | F64: 8655 | G64: GRAVILLA DE 3/4" - SUMINISTRO E INSTALACIÓN. | H64: M3 | I64: =+'[190]PRESUP TOTAL'!$H$58+'[191]PRESUP SAN BENITO'!$G$55+'[192]PRESUP TOTAL'!$G$58 -> 261 | J64: =+'[190]PRESUP TOTAL'!$G$58 -> 64191 | K64: =I64*J64 -> 16753851
E65: EAB NS-72 | F65: 3776 | G65: ENTIBADO TIPO ED1, DISCONTINUO EN MADERA (INCLUYE SUMINISTRO E INSTALACIÓN) | H65: M2 | I65: =+'[190]PRESUP TOTAL'!$H$59+'[191]PRESUP SAN BENITO'!$G$57+'[192]PRESUP TOTAL'!$G$59 -> 105 | J65: 37044 | K65: =I65*J65 -> 3889620
E66: IDU ET-IC-320-18 | F66: 4905 | G66: GEODREN VIAL DE 100MM X 1.0M. SUMINISTRO E INSTALACIÓN. (INCLUYE EXCAVACIÓN MANUAL E= 30CM Y RELLENO EN MATERIAL SELECCIONADO PROVENIENTE DE EXCAVACIÓN.. | H66: ML | I66: =+'[190]PRESUP TOTAL'!$H$60+'[191]PRESUP SAN BENITO'!$G$58+'[192]PRESUP TOTAL'!$G$60 -> 176 | J66: 87629 | K66: =I66*J66 -> 15422704
E67: IDU ET-IC- 510-18 | F67: 4556 | G67: SUBBASE GRANULAR CLASE A (SBG_A) (SUMINISTRO, EXTENDIDO MANUAL, HUMEDECIMIENTO Y COMPACTACIÓN) | H67: ML | I67: =+'[190]PRESUP TOTAL'!$H$61+'[191]PRESUP SAN BENITO'!$G$59+'[192]PRESUP TOTAL'!$G$61 -> 475 | J67: 102194 | K67: =I67*J67 -> 48542150
E68: INV-ART 630 | F68: 3641 | G68: CONCRETO 3000 PSI GRAVA FINA PARA ESTRUCTURA DE TRANSICIÓN (PREMEZCLADO. INCL. SUMIN, FORMALETA, BOMBEO CON AUTOBOMBA Y COLOCACIÓN. NO INCL. REFUERZO, CURADO) | H68: ML | I68: =+'[191]PRESUP SAN BENITO'!$G$60 -> 45 | J68: 116657 | K68: =I68*J68 -> 5249565
E69: IDU ET-IC- 800-18 | F69: APU NP2 | G69: ACERO DE REFUERZO FY=60000 PSI. SUMINISTRO E INSTALACIÓN. DE ACUERDO A LO ESTIPULADO POR LA NSR-10, NORMA ASTM A-706, ICONTEC 2289 PARA EL ACERO PDR-60. INCLUYE TODOS LOS COSTOS DE SUMINISTRO DE MATERIALES (REFUERZO (G60) FIGURADO, CORRUGADO, INCLUYE EL ALAMBRE DE AMARRE), EQUIPOS, TRANSPORTES, MANEJO, ALMACENAMIENTO, DESPERDICIOS Y MANO DE OBRA. | H69: KG | I69: =+'[190]PRESUP TOTAL'!$H$56+'[191]PRESUP SAN BENITO'!$G$61+'[192]PRESUP TOTAL'!$G$56 -> 26971 | J69: 7202 | K69: =I69*J69 -> 194245142
E70: INV 681-13 | F70: APU NP4 | G70: GAVIONES - SUMINISTRO Y CONSTRUCCIÓN. INCLUYE RAJÓN, MALLA PARA GAVIONES Y ALAMBRE RECOCIDO. | H70: M3 | I70: =+'[191]PRESUP SAN BENITO'!$G$54 -> 240 | J70: 306702 | K70: =I70*J70 -> 73608480
C71: Subtotal | K71: =SUM(K59:K70) -> 5.2291337e+08
C72: OBRAS HIDRÁULICAS
E73: IDU ET-IC-301-18 | F73: 4262 | G73: EXCAVACION MECANICA PARA REDES PROFUNDIDAD 0M - 3.5M (INCLUYE CARGUE) | H73: M3 | I73: =+'[190]PRESUP TOTAL'!$H$63+'[191]PRESUP SAN BENITO'!$G$64+'[192]PRESUP TOTAL'!$G$63 -> 345 | J73: 4920 | K73: =I73*J73 -> 1697400
E74: IDU ET-IC-301-18 | F74: 4155 | G74: EXCAVACION MECANICA EN ROCA (INCLUYE CARGUE) | H74: M3 | I74: =+'[191]PRESUP SAN BENITO'!$G$65+'[190]PRESUP TOTAL'!$H$64+'[192]PRESUP TOTAL'!$G$64 -> 53 | J74: 77602 | K74: =I74*J74 -> 4112906
E75: IDU ET-IC-301-18 | F75: 3017 | G75: TRANSPORTE Y DISPOSICIÓN FINAL DE ESCOMBROS EN SITIO AUTORIZADO (DISTANCIA DE TRANSPORTE 21 KM). A DISTANCIA MAYOR DEL ACARREO LIBRE (90 M) EN SITIO AUTORIZADO POR LA ENTIDAD AMBIENTAL COMPETENTE. | H75: M3 | I75: =+'[190]PRESUP TOTAL'!$H$65+'[191]PRESUP SAN BENITO'!$G$66+'[192]PRESUP TOTAL'!$G$65 -> 658 | J75: 34896 | K75: =I75*J75 -> 22961568
E76: EAB-NS-040 | F76: 5710 | G76: GRAVILLA DE 1/2" SUELTA - SUMINISTRO E INSTALACION. | H76: M3 | I76: 77 | J76: 66398 | K76: =I76*J76 -> 5112646
E77: EAB-NS-040 | F77: 4487 | G77: BASE GRANULAR CLASE A (BG_A) (SUMINISTRO, EXTENDIDO MANUAL, HUMEDECIMIENTO Y COMPACTACIÓN) | H77: M3 | I77: 11 | J77: 151234 | K77: =I77*J77 -> 1663574
E78: EAB-NS-040 | F78: 3050 | G78: RELLENO EN MATERIAL SELECCIONADO PROVENIENTE DE LA EXCAVACIÓN (EXTENDIDO MANUAL, HUMEDECIMIENTO Y COMPACTACIÓN) | H78: M3 | I78: =+'[190]PRESUP TOTAL'!$H$68+'[191]PRESUP SAN BENITO'!$G$69+'[192]PRESUP TOTAL'!$G$68 -> 5 | J78: 30900 | K78: =I78*J78 -> 154500
E79: NTC 3722 | F79: 3044 | G79: TUBERIA PVC U.M. EXT CORRUGADO/INT LISO U.M. NORMA NTC 3722-1 D=10" (INCLUYE SUMINISTRO E INSTALACIÓN) | H79: ML | I79: =+'[190]PRESUP TOTAL'!$H$69+'[191]PRESUP SAN BENITO'!$G$70+'[192]PRESUP TOTAL'!$G$69 -> 183 | J79: 102194 | K79: =I79*J79 -> 18701502
E80: NTC 3722 | F80: 3045 | G80: TUBERIA PVC U.M. EXT CORRUGADO/INT LISO U.M. NORMA NTC 3722-1 D=12" (INCLUYE SUMINISTRO E INSTALACIÓN) | H80: ML | I80: =+'[191]PRESUP SAN BENITO'!$G$71+'[190]PRESUP TOTAL'!$H$70+'[192]PRESUP TOTAL'!$G$70 -> 350 | J80: 116657 | K80: =I80*J80 -> 40829950
E81: EAB NS-029 | F81: 3471 | G81: CILINDRO POZO INSP. EN MAMPOSTERIA E=0.25M (INC. SUMIN. Y CONST, ACERO PARA ESCALERAS, GEOTEXTIL Y PAÑETE IMPERMEAB.) | H81: ML | I81: =11+'[192]PRESUP TOTAL'!$G$71 -> 13 | J81: 580878 | K81: =I81*J81 -> 7551414
E82: EAB NS-024 | F82: 3473 | G82: PLACA FONDO D=1.70M POZO INSPEC. (FUNDIDA EN SITIO. INCL. SUMIN, FORMALET, REF, INST. INCL. CONCRETO 2000 PSI DE BASE) | H82: UN | I82: =+'[191]PRESUP SAN BENITO'!$G$73+'[190]PRESUP TOTAL'!$H$72+'[192]PRESUP TOTAL'!$G$72 -> 23 | J82: 598684 | K82: =I82*J82 -> 13769732
E83: EAB NS-029 | F83: 4252 | G83: PLACA CUBIERTA D=1.70M POZO INSPEC. (FUNDIDA EN SITIO. INC. SUM, FORMALET., REFUERZO E INST. INCL.TAPA EN POLIPROPILENO) | H83: UN | I83: =+'[190]PRESUP TOTAL'!$H$73+'[191]PRESUP SAN BENITO'!$G$74+'[192]PRESUP TOTAL'!$G$73 -> 23 | J83: 1866870 | K83: =I83*J83 -> 42938010
E84: EAB NS-029 | F84: 3722 | G84: NIVELACIÓN DE POZO (HASTA RASANTE EN CONCRETO 3000 PSI HECHO EN OBRA, H=0.15M. INCLUYE SUMINISTRO Y CONSTRUCCIÓN) | H84: UN | I84: =+'[190]PRESUP TOTAL'!$H$74+'[191]PRESUP SAN BENITO'!$G$75+'[192]PRESUP TOTAL'!$G$74 -> 16 | J84: 122862 | K84: =I84*J84 -> 1965792
E85: EAB NS-070 | F85: 3442 | G85: CONCRETO 2000 PSI PARA REDES (Hecho en Obra 1:3:3 con arena de río y triturado de 3/4") (Suministro y Colocación) | H85: M3 | I85: =+'[190]PRESUP TOTAL'!$H$80+'[191]PRESUP SAN BENITO'!$G$76+'[192]PRESUP TOTAL'!$G$80 -> 9 | J85: 496844 | K85: =I85*J85 -> 4471596
E86: EAB NS-047 | F86: 4558 | G86: SUMIDERO ALCANTARILLADO PLUVIAL EN VIA NS-047-1V4 EAAB | H86: UN | I86: =+'[190]PRESUP TOTAL'!$H$79+'[191]PRESUP SAN BENITO'!$G$77+'[192]PRESUP TOTAL'!$G$79 -> 23 | J86: 5236775 | K86: =I86*J86 -> 120445825
E87: EAB NS-090 | F87: 7876 | G87: CÁRCAMO DE PROTECCION EN TUBERÍA Ø 12" NORMA EAAB NS-090 version 2 V.2 (incluye Formaleta, Concreto de 2000 y 3000 PSI, Acero de Refuerzo, curado y Manijas en varilla lisa de 1"). | H87: ML | I87: =+'[191]PRESUP SAN BENITO'!$G$78+'[190]PRESUP TOTAL'!$H$78+'[192]PRESUP TOTAL'!$G$78 -> 342 | J87: 1187764 | K87: =I87*J87 -> 406215288
E88: EAB NS-068 | F88: 3779 | G88: CAJA DE INSPECCIÓN DE 0.6X0.6M (H=0.6M. INCLUYE SUMINISTRO Y CONSTRUCCIÓN. INCLUYE MARCO Y TAPA. NO INC. BASE Y CAÑUELA) | H88: UN | I88: =+'[191]PRESUP SAN BENITO'!$G$79+'[190]PRESUP TOTAL'!$H$76+'[192]PRESUP TOTAL'!$G$76 -> 34 | J88: 400162 | K88: =I88*J88 -> 13605508
E89: EAB-NS-009 | F89: 4982 | G89: ACOMETIDA DOMICILIARIA DE 1/2". SUMINISTRO E INSTALACIÓN. (INCLUYE TUBERIA PF D=1/2", REGISTROS Y ACCESORIOS, LOG. PROM. = 6.50M). | H89: UN | I89: =+'[190]PRESUP TOTAL'!$H$75+'[192]PRESUP TOTAL'!$G$75 -> 19 | J89: 159000 | K89: =I89*J89 -> 3021000
E90: EAB-NS-009 | F90: 4984 | G90: RELOCALIZACIÓN DE MEDIDOR DE ACUEDUCTO D= 1/2" (INCLUYE 1.0M TUBERÍA GALVANIZADA D= 1/2", SOLDADURA, CINTA DE TEFLON, Y REPOSICIÓN DE CAJILLA EN POLIPROPILENO DE ALTA RESISTENCIA CON TAPA, NO INCLUYE MEDIDOR.). | H90: UN | I90: =8+'[192]PRESUP TOTAL'!$G$77 -> 19 | J90: 279244 | K90: =I90*J90 -> 5305636
E91: EAB-NS-040 | F91: 8655 | G91: GRAVILLA DE 3/4" - SUMINISTRO E INSTALACIÓN. | H91: M3 | I91: =+'[190]PRESUP TOTAL'!$H$66+'[192]PRESUP TOTAL'!$G$66 -> 322 | J91: 64191 | K91: =I91*J91 -> 20669502
E92: EAB-NS-040 | F92: 4158 | G92: BASE GRANULAR CLASE A (BG_A) (SUMINISTRO, EXTENDIDO, NIVELACIÓN, HUMEDECIMIENTO Y COMPACTACIÓN CON VIBROCOMPACTADOR) | H92: M3 | I92: =95+'[192]PRESUP TOTAL'!$G$67 -> 152 | J92: 145072 | K92: =I92*J92 -> 22050944
C93: Subtotal | K93: =SUM(K73:K92) -> 757244293
C94: REDES ACUEDUCTO
E95: EAB-NS-019 | F95: 4390 | G95: EXCAVACIÓN MANUAL EN MATERIAL COMÚN (INCL CARGUE, TRANSPORTE Y DISPOSICION FINAL) | H95: M3 | I95: 69 | J95: 82116 | K95: =I95*J95 -> 5666004
E96: EAB-NS-019 | F96: 3017 | G96: TRANSPORTE Y DISPOSICIÓN FINAL DE ESCOMBROS EN SITIO AUTORIZADO (DISTANCIA DE TRANSPORTE 21 KM). A DISTANCIA MAYOR DEL ACARREO LIBRE (90 M) EN SITIO AUTORIZADO POR LA ENTIDAD AMBIENTAL COMPETENTE. | H96: M3 | I96: 445 | J96: 34896 | K96: =I96*J96 -> 15528720
E97: EAB-NS-040 | F97: 3024 | G97: RELLENO PARA REDES EN ARENA DE PEÑA (SUMINISTRO, EXTENDIDO, HUMEDECIMIENTO Y COMPACTACIÓN) | H97: M3 | I97: 38 | J97: 111489 | K97: =I97*J97 -> 4236582
E98: EAB-NS-040 | F98: 4487 | G98: BASE GRANULAR CLASE A (BG_A) (SUMINISTRO, EXTENDIDO MANUAL, HUMEDECIMIENTO Y COMPACTACIÓN) | H98: M3 | I98: 23 | J98: 151234 | K98: =I98*J98 -> 3478382
E99: EAB-NS-032 | F99: 3234 | G99: TUBERIA PVC D=4" TIPO U.M. RDE 26 (SUMINISTRO E INSTALACIÓN) | H99: ML | I99: 93 | J99: 41727 | K99: =I99*J99 -> 3880611
E100: EAB-NS-011 | F100: 3257 | G100: TEE HD EXTREMO LISO 8"X4" (SUMINISTRO E INSTALACIÓN) | H100: UN | I100: 1 | J100: 863214 | K100: =I100*J100 -> 863214
E101: EAB-NS-026 | F101: 4402 | G101: VALVULA COMPUERTA ELASTICA VASTAGO NO ASCENDENTE EXTREMO LISO D=4" (SUMINISTRO E INSTALACIÓN) | H101: UN | I101: 1 | J101: 980829 | K101: =I101*J101 -> 980829
E102: EAB-NS-023 | F102: 4978 | G102: CONSTRUCCIÓN DE CAJA PARA VALVULA D= 3", D= 4", D= 6" Y D= 8" (NORMA EAAB NS-027) DE 0.4M X0.5M H=2.0M (INCLUYE MARCO Y TAPA). | H102: UN | I102: 1 | J102: 561786 | K102: =I102*J102 -> 561786
E103: EAB-NS-032 | F103: 3589 | G103: TAPON HD EXTREMO LISO D=8" (SUMINISTRO E INSTALACIÓN) | H103: UN | I103: 1 | J103: 508908 | K103: =I103*J103 -> 508908
E104: EAB-NS-011 | F104: 3305 | G104: CODO HD 45° EXTREMO LISO PARA PVC D=4" (SUMINISTRO E INSTALACIÓN) | H104: UN | I104: 2 | J104: 193561 | K104: =I104*J104 -> 387122
...

Sheet PRESUPUESTO OFICIAL (unitarios)
C3: Formulario 1 - Propuesta económica - Documento tipo de licitación de obra pública de infraestructura de transporte - versión 3
C4: Código | D4: CCE-EICP-FM-14 | E4: Versión | F4: 3
C5: FORMULARIO 1
C6: PRESUPUESTO OFICIAL
C7: [La entidad puede utilizar este formulario de detalle del presupuesto oficial para determinar las condiciones bajo las cuales los proponentes analizarán y presentarán su propuesta económica de forma detallada, sin perjuicio que la entidad pueda modificarlo o establecer la presentación de la oferta económica con un formulario distinto al indicado.]
C9: Adicionalmente, cuando el proceso de contratación es estructurado por precios unitarios, la Entidad debe aplicar las notas 1, 2 y 3 del presente formulario y las casillas de "Descripción", "Porcentaje" de la Administración, Imprevisto, Utilidad y total A.I.U. resaltadas en color amarillo. Tratándose de otras modalidades de precio, la Entidad puede o no configurar los mismos aspectos.
C11: Nº | D11: ÍTEM DE PAGO | E11: ESPECIFICACIONES | G11: DESCRIPCIÓN | H11: UND. | I11: CANTIDAD | J11: VALOR UNITARIO | K11: VALOR TOTAL
E12: GENERAL | F12: PARTICULAR IDU
C13: PRELIMINARES
D14: 1 | E14: INV-105.2 -13 | F14: 3007 | G14: REPLANTEO GENERAL | H14: M2 | I14: =+'[190]PRESUP TOTAL'!$H$14+'[191]PRESUP SAN BENITO'!$G$14+'[192]PRESUP TOTAL'!$G$14 -> 5527.75 | J14: =758*1.2939 -> 980.7762
C15: Subtotal
C16: DEMOLICIONES
D17: 2 | E17: INV-201-13 | F17: 5196 | G17: DEMOLICIÓN DE CONCRETO: ESPESORES 8CM A 15CM. (INCLUYE RETIRO DE MATERIAL, TRANSPORTE Y DISPOSICIÓN FINAL DE ESCOMBROS EN SITIO AUTORIZADO). | H17: M3 | I17: ='[190]PRESUP TOTAL'!$H$16+'[191]PRESUP SAN BENITO'!$G$16+'[192]PRESUP TOTAL'!$G$16 -> 241 | J17: =+'[190]PRESUP TOTAL'!$G$16*1.2939 -> 110668.56
D18: 3 | E18: INV-201-13 | F18: 5197 | G18: DEMOLICIÓN DE CONCRETO: ESPESORES 16CM A 25CM. (INCLUYE RETIRO DE MATERIAL, TRANSPORTE Y DISPOSICIÓN FINAL DE ESCOMBROS EN SITIO AUTORIZADO). | H18: M3 | I18: =+'[190]PRESUP TOTAL'!$H$17+'[191]PRESUP SAN BENITO'!$G$17+'[192]PRESUP TOTAL'!$G$17 -> 99 | J18: =+'[190]PRESUP TOTAL'!$G$17*1.2939 -> 118321.98
C19: Subtotal
C20: EXPLANACIONES Y TERRAPLENES
D21: 4 | E21: IDU ET-IC- 300-18 | F21: 3710 | G21: EXCAVACIÓN MECÁNICA EN MATERIAL COMÚN (INCLUYE CARGUE) | H21: M3 | I21: =+'[190]PRESUP TOTAL'!$H$19+'[191]PRESUP SAN BENITO'!$G$19+'[192]PRESUP TOTAL'!$G$19 -> 2332 | J21: =4920*1.2939 -> 6365.988
D22: 5 | E22: IDU ET-IC- 300-18 | F22: 3017 | G22: TRANSPORTE Y DISPOSICIÓN FINAL DE ESCOMBROS EN SITIO AUTORIZADO (DISTANCIA DE TRANSPORTE 21 KM). A DISTANCIA MAYOR DEL ACARREO LIBRE (90 M) EN SITIO AUTORIZADO POR LA ENTIDAD AMBIENTAL COMPETENTE. | H22: M3 | I22: =+'[190]PRESUP TOTAL'!$H$20+'[191]PRESUP SAN BENITO'!$G$20+'[192]PRESUP TOTAL'!$G$20 -> 3032.5 | J22: =34896*1.2939 -> 45151.934
C23: Subtotal
C24: AFIRMADOS, BASES Y SUBBASES
E25: IDU ET-IC- 510-18 | F25: 4161 | G25: SUBBASE GRANULAR CLASE A (SBG_A) (SUMINISTRO, EXTENDIDO, NIVELACIÓN, HUMEDECIMIENTO Y COMPACTACIÓN CON VIBROCOMPACTADOR) | H25: M3 | I25: =+'[190]PRESUP TOTAL'!$H$22+'[191]PRESUP SAN BENITO'!$G$22+'[192]PRESUP TOTAL'!$G$22 -> 603 | J25: =129602*1.2939 -> 167692.03
E26: IDU ET-IC- 410-18 | F26: 6016 | G26: ESTABILIZACIÓN DE SUBRASANTE CON RAJÓN, INCLUYE EQUIPO DE COMPACTACIÓN (SUMINISTRO, EXTENDIDO, NIVELACIÓN Y COMPACTACIÓN CON EQUIPO MECÁNICO) | H26: M3 | I26: =+'[191]PRESUP SAN BENITO'!$G$23+'[190]PRESUP TOTAL'!$H$23+'[192]PRESUP TOTAL'!$G$23 -> 631 | J26: =109965*1.2939 -> 142283.71
C27: Subtotal
C28: PAVIMENTOS
E29: IDU ET-IC- 800-18 | F29: APU NP1 | G29: LOSA DE CONCRETO MR43 (SUMINISTRO, FORMALETEADO, COLOCACIÓN Y ACABADO. NO INCLUYE ACERO, CURADO, JUNTAS) | H29: M3 | I29: =+'[190]PRESUP TOTAL'!$H$25+'[191]PRESUP SAN BENITO'!$G$25+'[192]PRESUP TOTAL'!$G$25 -> 484 | J29: =712870*1.2939 -> 922382.49
E30: IDU ET-IC- 800-18 | F30: APU NP2 | G30: ACERO DE REFUERZO FY=60000 PSI. SUMINISTRO E INSTALACIÓN. DE ACUERDO A LO ESTIPULADO POR LA NSR-10, NORMA ASTM A-706, ICONTEC 2289 PARA EL ACERO PDR-60. INCLUYE TODOS LOS COSTOS DE SUMINISTRO DE MATERIALES (REFUERZO (G60) FIGURADO, CORRUGADO, INCLUYE EL ALAMBRE DE AMARRE), EQUIPOS, TRANSPORTES, MANEJO, ALMACENAMIENTO, DESPERDICIOS Y MANO DE OBRA. | H30: kg | I30: =+'[190]PRESUP TOTAL'!$H$27+'[191]PRESUP SAN BENITO'!$G$26+'[192]PRESUP TOTAL'!$G$26 -> 3731 | J30: =7202*1.2939 -> 9318.6678
E31: IDU ET-IC- 800-18 | F31: APU NP3 | G31: CANASTILLA PASAJUNTAS INCLUYE SUMINISTRO E INSTALACIÓN | H31: kg | I31: =+'[190]PRESUP TOTAL'!$H$26+'[191]PRESUP SAN BENITO'!$G$27+'[192]PRESUP TOTAL'!$G$27 -> 5289 | J31: =7202*1.2939 -> 9318.6678
C32: Subtotal
C33: GEOTEXTILES
E34: IDU ET-IC-240-18 | F34: 4671 | G34: GEOTEXTIL NT 2500 PARA SEPARACION SUBRASANTE/CAPAS GRANULARES (INCLUYE SUMINISTRO E INSTALACIÓN) | H34: M2 | I34: =+'[191]PRESUP SAN BENITO'!$G$29+'[190]PRESUP TOTAL'!$H$29+'[192]PRESUP TOTAL'!$G$29 -> 2498 | J34: =7720*1.2939 -> 9988.908
C35: Subtotal
C36: URBANISMO
E37: IDU ET-IC-301-18 | F37: 4390 | G37: EXCAVACIÓN MANUAL EN MATERIAL COMÚN (INCL CARGUE, TRANSPORTE Y DISPOSICION FINAL) | H37: M3 | I37: =+'[190]PRESUP TOTAL'!$H$31+'[191]PRESUP SAN BENITO'!$G$31+'[192]PRESUP TOTAL'!$G$31 -> 598 | J37: =82116*1.2939 -> 106249.89
E38: IDU ET-IC-512-18 | F38: 4159 | G38: SUBBASE GRANULAR CLASE C (SBG_C) (SUMINISTRO, EXTENDIDO, NIVELACIÓN, HUMEDECIMIENTO Y COMPACTACIÓN CON VIBROCOMPACTADOR) | H38: M3 | I38: =+'[190]PRESUP TOTAL'!$H$32+'[191]PRESUP SAN BENITO'!$G$32+'[192]PRESUP TOTAL'!$G$32 -> 598 | J38: =128055*1.2939 -> 165690.36
E39: IDU ET-IC-413-18 | F39: 6486 | G39: ESTABILIZACIÓN CON RCD. INCLUYE TRASIEGO INTERNO, NIVELACIÓN Y COMPACTACIÓN. | H39: M3 | I39: =+'[190]PRESUP TOTAL'!$H$33+'[191]PRESUP SAN BENITO'!$G$33+'[192]PRESUP TOTAL'!$G$33 -> 479 | J39: =48063*1.2939 -> 62188.716
E40: IDU ET-IC-801-18 | F40: 6137 | G40: PISO EN CONCRETO COLOR GRIS MR41 (280 Kg/Cm2) GRAVA 1" 28 DIAS ESTAMPADO e=0.10m (INCLUYE SUMINISTRO Y COLOCACIÓN DE CONCRETO, JUEGO DE MOLDES, DESMOLDANTE EN POLVO, CURADOR PARA CONCRETO, INCLUYE CORTE Y SELLADO DE JUNTAS. | H40: M2 | I40: =+'[190]PRESUP TOTAL'!$H$34+'[191]PRESUP SAN BENITO'!$G$34+'[192]PRESUP TOTAL'!$G$34 -> 944 | J40: =192265*1.2939 -> 248771.68
E41: Cartilla de Andenes A-55-56 | F41: 6102 | G41: CENEFA LINEAL EN LOSETA PREFABRICADA TÁCTIL ALERTA Y GUÍA A55 / A56 ANCHO 0.40m (SUMINISTRO E INSTALACIÓN. INCLUYE BASE EN ARENA DE NIVELACIÓN e= 4cm Y ARENA DE SELLO). | H41: ML | I41: =+'[190]PRESUP TOTAL'!$H$35+'[191]PRESUP SAN BENITO'!$G$35+'[192]PRESUP TOTAL'!$G$35 -> 161.4 | J41: =25934*1.2939 -> 33556.003
E42: Cartilla de Andenes A-57-58 | F42: 8228 | G42: CENEFA LINEAL EN LOSETA PREFABRICADA TÁCTIL ALERTA A57 / A58 ANCHO 0.20M COLOR AMARILLO. (SUMINISTRO E INSTALACIÓN. INCLUYE BASE EN ARENA DE NIVELACIÓN E= 4CM Y ARENA DE SELLO). | H42: ML | I42: =+'[190]PRESUP TOTAL'!$H$36+'[191]PRESUP SAN BENITO'!$G$36+'[192]PRESUP TOTAL'!$G$36 -> 872 | J42: =20643*1.2939 -> 26709.978
E43: Cartilla de Andenes A-26 | F43: 8229 | G43: FRANJA EN ADOQUIN DE CONCRETO DEMARCADOR VISUAL A26 20X10X6CM COLOR AMARILLO. (SUMINISTRO E INSTALACIÓN. INCLUYE BASE 3CM ARENA NIVELACIÓN Y ARENA DE SELLO). | H43: ML | I43: =+'[190]PRESUP TOTAL'!$H$37+'[191]PRESUP SAN BENITO'!$G$37+'[192]PRESUP TOTAL'!$G$37 -> 872 | J43: =16118*1.2939 -> 20855.08
E44: Cartilla de Andenes A-51 | F44: 8776 | G44: CENEFA LINEAL EN LOSETA LISA BICAPA TIPO A51 (40 X 20 X 6) cm PARA FRANJA DE SEGURIDAD (Suministro, colocación y compactación con equipo manual. Incluye base en arena de nivelación e=4 cm y arena de sello) | H44: ML | I44: =+'[190]PRESUP TOTAL'!$H$38+'[191]PRESUP SAN BENITO'!$G$38+'[192]PRESUP TOTAL'!$G$38 -> 872 | J44: =21944*1.2939 -> 28393.342
E45: Cartilla de Andenes A-10 | F45: 4054 | G45: SARDINEL TIPO A10 (SUMINISTRO E INSTALACIÓN. INCLUYE 3CM MORTERO 2000 PSI) | H45: ML | I45: =+'[190]PRESUP TOTAL'!$H$39+'[191]PRESUP SAN BENITO'!$G$39+'[192]PRESUP TOTAL'!$G$39 -> 878 | J45: =61118*1.2939 -> 79080.58
E46: Cartilla de Andenes A-80 | F46: 6475 | G46: BORDILLO PREFABRICADO A80 (SUMINISTRO E INSTALACIÓN. INCLUYE 3CM MORTERO DE PEGA 2000 PSI Y NIVELACIÓN DEL TERRENO CON RELLENO EN MATERIAL SELECCIONADO PROVENIENTE DE EXCAVACIÓN). | H46: ML | I46: =+'[190]PRESUP TOTAL'!$H$40+'[191]PRESUP SAN BENITO'!$G$40+'[192]PRESUP TOTAL'!$G$40 -> 1031 | J46: =60097*1.2939 -> 77759.508
E47: Cartilla de Andenes A-20 | F47: 4088 | G47: SARDINEL BAJO A85 PARA RAMPAS (SUMINISTRO E INSTALACIÓN. INCLUYE 3CM MORTERO 2000 PSI) | H47: ML | I47: =+'[190]PRESUP TOTAL'!$H$41+'[191]PRESUP SAN BENITO'!$G$41+'[192]PRESUP TOTAL'!$G$41 -> 43 | J47: =60531*1.2939 -> 78321.061
E48: Cartilla de Andenes | F48: 4855 | G48: CONSTRUCCIÓN DE FRANJA DE AJUSTE EN CONCRETO PREMEZCLADO GRAVA COMÚN 3000 PSI, ESPESOR PROMEDIO 10 CM.. | H48: M2 | I48: =+'[190]PRESUP TOTAL'!$H$42+'[191]PRESUP SAN BENITO'!$G$42+'[192]PRESUP TOTAL'!$G$42 -> 82.5 | J48: =41249*1.2939 -> 53372.081
E49: IDU ET-IC-801-18 | F49: 8551 | G49: PISO EN CONCRETO MR 43 (300 Kg/Cm2) GRAVA COMÚN ACELERADO A 7 DÍAS, ESTAMPADO PARA POMPEYANOS Y VIAS A DESNIVEL, COLOR OCRE (INCLUYE SUMINISTRO Y COLOCACIÓN DE CONCRETO, JUEGO DE MOLDES, DESMOLDANTE EN POLVO, CURADOR PARA CONCRETO, CORTE Y SELLADO DE JUNTAS.) | H49: M3 | I49: =+'[190]PRESUP TOTAL'!$H$43+'[191]PRESUP SAN BENITO'!$G$43+'[192]PRESUP TOTAL'!$G$43 -> 154 | J49: =1422830*1.2939 -> 1840999.7
E50: Cartilla de Mobiliario Urbano M30 | F50: 3396 | G50: BANCA EN CONCRETO TIPO M30 (SUMINISTRO E INSTALACIÓN. NO INCLUYE MATERIAL DE BASE) | H50: UN | I50: =+'[190]PRESUP TOTAL'!$H$44+'[191]PRESUP SAN BENITO'!$G$44+'[192]PRESUP TOTAL'!$G$44 -> 14 | J50: =675223*1.2939 -> 873671.04
E51: Cartilla de Mobiliario Urbano M121 | F51: 4920 | G51: CANECA DE ACERO INOXIDABLE M121 TIPO BARCELONA (SUMINISTRO E INSTALACIÓN. INCLUYE CONCRETO PARA ANCLAJE DE 3000 PSI PREMEZCLADO GRAVA COMÚN. | H51: UN | I51: =+'[190]PRESUP TOTAL'!$H$45+'[191]PRESUP SAN BENITO'!$G$45+'[192]PRESUP TOTAL'!$G$45 -> 30 | J51: =571562*1.2939 -> 739544.07
E52: Cartilla de Mobiliario Urbano M63 | F52: 3548 | G52: BOLARDO EN HIERRO TIPO M63 (SUMINISTRO E INSTALACIÓN. INCLUYE BASE EN CONCRETO 1500 PSI, HECHO EN OBRA) | H52: UN | I52: =+'[190]PRESUP TOTAL'!$H$46+'[191]PRESUP SAN BENITO'!$G$46+'[192]PRESUP TOTAL'!$G$46 -> 56 | J52: =174363*1.2939 -> 225608.29
E53: Manual de Silvicultura Urbana - Jardín Botánico | F53: 8094 | G53: PINO ROMERON H=1.5M (INCLUYE EXCAVACIÓN MANUAL, SIEMBRA, CAJA, TIERRA, ABONO, TUTOR, TRANSPORTE Y DISPOSICIÓN FINAL DE ESCOMBROS EN SITIO AUTORIZADO A 28 KM). SUMINISTRO Y PLANTACIÓN. | H53: UN | I53: =+'[190]PRESUP TOTAL'!$H$47+'[191]PRESUP SAN BENITO'!$G$47+'[192]PRESUP TOTAL'!$G$47 -> 20 | J53: =310123*1.2939 -> 401268.15
E54: Manual de Silvicultura Urbana - Jardín Botánico | F54: 4884 | G54: NOGAL H= 1.5M (INCLUYE SIEMBRA, CAJA, TIERRA NEGRA, ABONO Y TUTOR. INCLUYE TRANSPORTE Y DISPOSICIÓN FINAL DE ESCOMBROS EN SITIO AUTORIZADO (DISTANCIA DE TRANSPORTE 28 KM). SUMINISTRO Y PLANTACION. | H54: UN | I54: =+'[190]PRESUP TOTAL'!$H$48+'[191]PRESUP SAN BENITO'!$G$48+'[192]PRESUP TOTAL'!$G$48 -> 18 | J54: =187451*1.2939 -> 242542.85
E55: Manual de Silvicultura Urbana - Jardín Botánico | F55: 7090 | G55: HIEDRA MIAMI (INCLUYE 12 UNIDADES POR M2 Y TRANSPORTE Y DISPOSICIÓN FINAL DE ESCOMBROS A 28 KM). SUMINISTRO Y PLANTACIÓN. | H55: M2 | I55: =+'[190]PRESUP TOTAL'!$H$49+'[191]PRESUP SAN BENITO'!$G$49+'[192]PRESUP TOTAL'!$G$49 -> 68 | J55: =79227*1.2939 -> 102511.82
E56: Cartilla de Mobiliario Urbano B23 | F56: 7353 | G56: CONTENEDOR DE RAICES TIPO B23 (TIPO D) (2.00M X 2.00M X 1.40M). (INCLUYE FILTRO EN GRAVILLA, TIERRA NEGRA. SUMINISTRO Y CONSTRUCCIÓN). | H56: UN | I56: =+'[190]PRESUP TOTAL'!$H$50+'[191]PRESUP SAN BENITO'!$G$50+'[192]PRESUP TOTAL'!$G$50 -> 38 | J56: =1343955*1.2939 -> 1738943.4
C57: Subtotal
C58: ESTRUCTURAS
E59: IDU ET-IC-301-18 | F59: 3710 | G59: EXCAVACIÓN MECÁNICA EN MATERIAL COMÚN (INCLUYE CARGUE) | H59: M3 | I59: =+'[190]PRESUP TOTAL'!$H$52+'[191]PRESUP SAN BENITO'!$G$52+'[192]PRESUP TOTAL'!$G$52 -> 848 | J59: =4920*1.2939 -> 6365.988
E60: IDU ET-IC-301-18 | F60: 3017 | G60: TRANSPORTE Y DISPOSICIÓN FINAL DE ESCOMBROS EN SITIO AUTORIZADO (DISTANCIA DE TRANSPORTE 21 KM). A DISTANCIA MAYOR DEL ACARREO LIBRE (90 M) EN SITIO AUTORIZADO POR LA ENTIDAD AMBIENTAL COMPETENTE. | H60: M3 | I60: =+'[190]PRESUP TOTAL'!$H$53+'[191]PRESUP SAN BENITO'!$G$53+'[192]PRESUP TOTAL'!$G$53 -> 810.3 | J60: =34896*1.2939 -> 45151.934
E61: INV-ART 630 | F61: 5421 | G61: MURO ESTRUCTURAL EN CONCRETO 4000 PSI PREMEZCLADO, GRAVA COMÚN. (Incluye suministro, formaleteo, bombeo, colocación y curado. No incl. Refuerzo). | H61: M3 | I61: =+'[190]PRESUP TOTAL'!$H$54+'[192]PRESUP TOTAL'!$G$54 -> 159 | J61: =750703*1.2939 -> 971334.61
E62: INV-ART 630 | F62: 9109 | G62: CONCRETO 2000 PSI GRAVA COMÚN 14 MPA (140 Kg/Cm2) PARA SOLADOS (PREMEZCLADO. INCLUYE SUMINISTRO Y COLOCACIÓN). | H62: M3 | I62: =+'[190]PRESUP TOTAL'!$H$55+'[192]PRESUP TOTAL'!$G$55 -> 16 | J62: =+'[190]PRESUP TOTAL'!$G$55*1.2939 -> 548213.78
E63: IDU ET-IC-240-18 | F63: 4009 | G63: GEOTEXTIL NT 3000 PARA SUBDRENES/FILTROS (INCLUYE SUMINISTRO E INSTALACIÓN) | H63: M2 | I63: =+'[190]PRESUP TOTAL'!$H$57+'[191]PRESUP SAN BENITO'!$G$56+'[192]PRESUP TOTAL'!$G$57 -> 762 | J63: =8678*1.2939 -> 11228.464
E64: INV 673-13 | F64: 8655 | G64: GRAVILLA DE 3/4" - SUMINISTRO E INSTALACIÓN. | H64: M3 | I64: =+'[190]PRESUP TOTAL'!$H$58+'[191]PRESUP SAN BENITO'!$G$55+'[192]PRESUP TOTAL'!$G$58 -> 261 | J64: =+'[190]PRESUP TOTAL'!$G$58*1.2939 -> 83056.735
E65: EAB NS-72 | F65: 3776 | G65: ENTIBADO TIPO ED1, DISCONTINUO EN MADERA (INCLUYE SUMINISTRO E INSTALACIÓN) | H65: M2 | I65: =+'[190]PRESUP TOTAL'!$H$59+'[191]PRESUP SAN BENITO'!$G$57+'[192]PRESUP TOTAL'!$G$59 -> 105 | J65: =37044*1.2939 -> 47931.232
E66: IDU ET-IC-320-18 | F66: 4905 | G66: GEODREN VIAL DE 100MM X 1.0M. SUMINISTRO E INSTALACIÓN. (INCLUYE EXCAVACIÓN MANUAL E= 30CM Y RELLENO EN MATERIAL SELECCIONADO PROVENIENTE DE EXCAVACIÓN.. | H66: ML | I66: =+'[190]PRESUP TOTAL'!$H$60+'[191]PRESUP SAN BENITO'!$G$58+'[192]PRESUP TOTAL'!$G$60 -> 176 | J66: =87629*1.2939 -> 113383.16
E67: IDU ET-IC- 510-18 | F67: 4556 | G67: SUBBASE GRANULAR CLASE A (SBG_A) (SUMINISTRO, EXTENDIDO MANUAL, HUMEDECIMIENTO Y COMPACTACIÓN) | H67: ML | I67: =+'[190]PRESUP TOTAL'!$H$61+'[191]PRESUP SAN BENITO'!$G$59+'[192]PRESUP TOTAL'!$G$61 -> 475 | J67: =102194*1.2939 -> 132228.82
E68: INV-ART 630 | F68: 3641 | G68: CONCRETO 3000 PSI GRAVA FINA PARA ESTRUCTURA DE TRANSICIÓN (PREMEZCLADO. INCL. SUMIN, FORMALETA, BOMBEO CON AUTOBOMBA Y COLOCACIÓN. NO INCL. REFUERZO, CURADO) | H68: ML | I68: =+'[191]PRESUP SAN BENITO'!$G$60 -> 45 | J68: =116657*1.2939 -> 150942.49
E69: IDU ET-IC- 800-18 | F69: APU NP2 | G69: ACERO DE REFUERZO FY=60000 PSI. SUMINISTRO E INSTALACIÓN. DE ACUERDO A LO ESTIPULADO POR LA NSR-10, NORMA ASTM A-706, ICONTEC 2289 PARA EL ACERO PDR-60. INCLUYE TODOS LOS COSTOS DE SUMINISTRO DE MATERIALES (REFUERZO (G60) FIGURADO, CORRUGADO, INCLUYE EL ALAMBRE DE AMARRE), EQUIPOS, TRANSPORTES, MANEJO, ALMACENAMIENTO, DESPERDICIOS Y MANO DE OBRA. | H69: KG | I69: =+'[190]PRESUP TOTAL'!$H$56+'[191]PRESUP SAN BENITO'!$G$61+'[192]PRESUP TOTAL'!$G$56 -> 26971 | J69: =7202*1.2939 -> 9318.6678
E70: INV 681-13 | F70: APU NP4 | G70: GAVIONES - SUMINISTRO Y CONSTRUCCIÓN. INCLUYE RAJÓN, MALLA PARA GAVIONES Y ALAMBRE RECOCIDO. | H70: M3 | I70: =+'[191]PRESUP SAN BENITO'!$G$54 -> 240 | J70: =306702*1.2939 -> 396841.72
C71: Subtotal
C72: OBRAS HIDRÁULICAS
E73: IDU ET-IC-301-18 | F73: 4262 | G73: EXCAVACION MECANICA PARA REDES PROFUNDIDAD 0M - 3.5M (INCLUYE CARGUE) | H73: M3 | I73: =+'[190]PRESUP TOTAL'!$H$63+'[191]PRESUP SAN BENITO'!$G$64+'[192]PRESUP TOTAL'!$G$63 -> 345 | J73: =4920*1.2939 -> 6365.988
E74: IDU ET-IC-301-18 | F74: 4155 | G74: EXCAVACION MECANICA EN ROCA (INCLUYE CARGUE) | H74: M3 | I74: =+'[191]PRESUP SAN BENITO'!$G$65+'[190]PRESUP TOTAL'!$H$64+'[192]PRESUP TOTAL'!$G$64 -> 53 | J74: =77602*1.2939 -> 100409.23
E75: IDU ET-IC-301-18 | F75: 3017 | G75: TRANSPORTE Y DISPOSICIÓN FINAL DE ESCOMBROS EN SITIO AUTORIZADO (DISTANCIA DE TRANSPORTE 21 KM). A DISTANCIA MAYOR DEL ACARREO LIBRE (90 M) EN SITIO AUTORIZADO POR LA ENTIDAD AMBIENTAL COMPETENTE. | H75: M3 | I75: =+'[190]PRESUP TOTAL'!$H$65+'[191]PRESUP SAN BENITO'!$G$66+'[192]PRESUP TOTAL'!$G$65 -> 658 | J75: =34896*1.2939 -> 45151.934
E76: EAB-NS-040 | F76: 5710 | G76: GRAVILLA DE 1/2" SUELTA - SUMINISTRO E INSTALACION. | H76: M3 | I76: 77 | J76: =66398*1.2939 -> 85912.372
E77: EAB-NS-040 | F77: 4487 | G77: BASE GRANULAR CLASE A (BG_A) (SUMINISTRO, EXTENDIDO MANUAL, HUMEDECIMIENTO Y COMPACTACIÓN) | H77: M3 | I77: 11 | J77: =151234*1.2939 -> 195681.67
E78: EAB-NS-040 | F78: 3050 | G78: RELLENO EN MATERIAL SELECCIONADO PROVENIENTE DE LA EXCAVACIÓN (EXTENDIDO MANUAL, HUMEDECIMIENTO Y COMPACTACIÓN) | H78: M3 | I78: =+'[190]PRESUP TOTAL'!$H$68+'[191]PRESUP SAN BENITO'!$G$69+'[192]PRESUP TOTAL'!$G$68 -> 5 | J78: =30900*1.2939 -> 39981.51
E79: NTC 3722 | F79: 3044 | G79: TUBERIA PVC U.M. EXT CORRUGADO/INT LISO U.M. NORMA NTC 3722-1 D=10" (INCLUYE SUMINISTRO E INSTALACIÓN) | H79: ML | I79: =+'[190]PRESUP TOTAL'!$H$69+'[191]PRESUP SAN BENITO'!$G$70+'[192]PRESUP TOTAL'!$G$69 -> 183 | J79: =102194*1.2939 -> 132228.82
E80: NTC 3722 | F80: 3045 | G80: TUBERIA PVC U.M. EXT CORRUGADO/INT LISO U.M. NORMA NTC 3722-1 D=12" (INCLUYE SUMINISTRO E INSTALACIÓN) | H80: ML | I80: =+'[191]PRESUP SAN BENITO'!$G$71+'[190]PRESUP TOTAL'!$H$70+'[192]PRESUP TOTAL'!$G$70 -> 350 | J80: =116657*1.2939 -> 150942.49
E81: EAB NS-029 | F81: 3471 | G81: CILINDRO POZO INSP. EN MAMPOSTERIA E=0.25M (INC. SUMIN. Y CONST, ACERO PARA ESCALERAS, GEOTEXTIL Y PAÑETE IMPERMEAB.) | H81: ML | I81: =11+'[192]PRESUP TOTAL'!$G$71 -> 13 | J81: =580878*1.2939 -> 751598.04
E82: EAB NS-024 | F82: 3473 | G82: PLACA FONDO D=1.70M POZO INSPEC. (FUNDIDA EN SITIO. INCL. SUMIN, FORMALET, REF, INST. INCL. CONCRETO 2000 PSI DE BASE) | H82: UN | I82: =+'[191]PRESUP SAN BENITO'!$G$73+'[190]PRESUP TOTAL'!$H$72+'[192]PRESUP TOTAL'!$G$72 -> 23 | J82: =598684*1.2939 -> 774637.23
E83: EAB NS-029 | F83: 4252 | G83: PLACA CUBIERTA D=1.70M POZO INSPEC. (FUNDIDA EN SITIO. INC. SUM, FORMALET., REFUERZO E INST. INCL.TAPA EN POLIPROPILENO) | H83: UN | I83: =+'[190]PRESUP TOTAL'!$H$73+'[191]PRESUP SAN BENITO'!$G$74+'[192]PRESUP TOTAL'!$G$73 -> 23 | J83: =1866870*1.2939 -> 2415543.1
E84: EAB NS-029 | F84: 3722 | G84: NIVELACIÓN DE POZO (HASTA RASANTE EN CONCRETO 3000 PSI HECHO EN OBRA, H=0.15M. INCLUYE SUMINISTRO Y CONSTRUCCIÓN) | H84: UN | I84: =+'[190]PRESUP TOTAL'!$H$74+'[191]PRESUP SAN BENITO'!$G$75+'[192]PRESUP TOTAL'!$G$74 -> 16 | J84: =122862*1.2939 -> 158971.14
E85: EAB NS-070 | F85: 3442 | G85: CONCRETO 2000 PSI PARA REDES (Hecho en Obra 1:3:3 con arena de río y triturado de 3/4") (Suministro y Colocación) | H85: M3 | I85: =+'[190]PRESUP TOTAL'!$H$80+'[191]PRESUP SAN BENITO'!$G$76+'[192]PRESUP TOTAL'!$G$80 -> 9 | J85: =496844*1.2939 -> 642866.45
E86: EAB NS-047 | F86: 4558 | G86: SUMIDERO ALCANTARILLADO PLUVIAL EN VIA NS-047-1V4 EAAB | H86: UN | I86: =+'[190]PRESUP TOTAL'!$H$79+'[191]PRESUP SAN BENITO'!$G$77+'[192]PRESUP TOTAL'!$G$79 -> 23 | J86: =5236775*1.2939 -> 6775863.2
E87: EAB NS-090 | F87: 7876 | G87: CÁRCAMO DE PROTECCION EN TUBERÍA Ø 12" NORMA EAAB NS-090 version 2 V.2 (incluye Formaleta, Concreto de 2000 y 3000 PSI, Acero de Refuerzo, curado y Manijas en varilla lisa de 1"). | H87: ML | I87: =+'[191]PRESUP SAN BENITO'!$G$78+'[190]PRESUP TOTAL'!$H$78+'[192]PRESUP TOTAL'!$G$78 -> 342 | J87: =1187764*1.2939 -> 1536847.8
E88: EAB NS-068 | F88: 3779 | G88: CAJA DE INSPECCIÓN DE 0.6X0.6M (H=0.6M. INCLUYE SUMINISTRO Y CONSTRUCCIÓN. INCLUYE MARCO Y TAPA. NO INC. BASE Y CAÑUELA) | H88: UN | I88: =+'[191]PRESUP SAN BENITO'!$G$79+'[190]PRESUP TOTAL'!$H$76+'[192]PRESUP TOTAL'!$G$76 -> 34 | J88: =400162*1.2939 -> 517769.61
E89: EAB-NS-009 | F89: 4982 | G89: ACOMETIDA DOMICILIARIA DE 1/2". SUMINISTRO E INSTALACIÓN. (INCLUYE TUBERIA PF D=1/2", REGISTROS Y ACCESORIOS, LOG. PROM. = 6.50M). | H89: UN | I89: =+'[190]PRESUP TOTAL'!$H$75+'[192]PRESUP TOTAL'!$G$75 -> 19 | J89: =159000*1.2939 -> 205730.1
E90: EAB-NS-009 | F90: 4984 | G90: RELOCALIZACIÓN DE MEDIDOR DE ACUEDUCTO D= 1/2" (INCLUYE 1.0M TUBERÍA GALVANIZADA D= 1/2", SOLDADURA, CINTA DE TEFLON, Y REPOSICIÓN DE CAJILLA EN POLIPROPILENO DE ALTA RESISTENCIA CON TAPA, NO INCLUYE MEDIDOR.). | H90: UN | I90: =8+'[192]PRESUP TOTAL'!$G$77 -> 19 | J90: =279244*1.2939 -> 361313.81
E91: EAB-NS-040 | F91: 8655 | G91: GRAVILLA DE 3/4" - SUMINISTRO E INSTALACIÓN. | H91: M3 | I91: =+'[190]PRESUP TOTAL'!$H$66+'[192]PRESUP TOTAL'!$G$66 -> 322 | J91: =64191*1.2939 -> 83056.735
E92: EAB-NS-040 | F92: 4158 | G92: BASE GRANULAR CLASE A (BG_A) (SUMINISTRO, EXTENDIDO, NIVELACIÓN, HUMEDECIMIENTO Y COMPACTACIÓN CON VIBROCOMPACTADOR) | H92: M3 | I92: =95+'[192]PRESUP TOTAL'!$G$67 -> 152 | J92: =145072*1.2939 -> 187708.66
C93: Subtotal
C94: REDES ACUEDUCTO
E95: EAB-NS-019 | F95: 4390 | G95: EXCAVACIÓN MANUAL EN MATERIAL COMÚN (INCL CARGUE, TRANSPORTE Y DISPOSICION FINAL) | H95: M3 | I95: 69 | J95: =82116*1.2939 -> 106249.89
E96: EAB-NS-019 | F96: 3017 | G96: TRANSPORTE Y DISPOSICIÓN FINAL DE ESCOMBROS EN SITIO AUTORIZADO (DISTANCIA DE TRANSPORTE 21 KM). A DISTANCIA MAYOR DEL ACARREO LIBRE (90 M) EN SITIO AUTORIZADO POR LA ENTIDAD AMBIENTAL COMPETENTE. | H96: M3 | I96: 445 | J96: =34896*1.2939 -> 45151.934
E97: EAB-NS-040 | F97: 3024 | G97: RELLENO PARA REDES EN ARENA DE PEÑA (SUMINISTRO, EXTENDIDO, HUMEDECIMIENTO Y COMPACTACIÓN) | H97: M3 | I97: 38 | J97: =111489*1.2939 -> 144255.62
E98: EAB-NS-040 | F98: 4487 | G98: BASE GRANULAR CLASE A (BG_A) (SUMINISTRO, EXTENDIDO MANUAL, HUMEDECIMIENTO Y COMPACTACIÓN) | H98: M3 | I98: 23 | J98: =151234*1.2939 -> 195681.67
E99: EAB-NS-032 | F99: 3234 | G99: TUBERIA PVC D=4" TIPO U.M. RDE 26 (SUMINISTRO E INSTALACIÓN) | H99: ML | I99: 93 | J99: =41727*1.2939 -> 53990.565
E100: EAB-NS-011 | F100: 3257 | G100: TEE HD EXTREMO LISO 8"X4" (SUMINISTRO E INSTALACIÓN) | H100: UN | I100: 1 | J100: =863214*1.2939 -> 1116912.6
E101: EAB-NS-026 | F101: 4402 | G101: VALVULA COMPUERTA ELASTICA VASTAGO NO ASCENDENTE EXTREMO LISO D=4" (SUMINISTRO E INSTALACIÓN) | H101: UN | I101: 1 | J101: =980829*1.2939 -> 1269094.6
E102: EAB-NS-023 | F102: 4978 | G102: CONSTRUCCIÓN DE CAJA PARA VALVULA D= 3", D= 4", D= 6" Y D= 8" (NORMA EAAB NS-027) DE 0.4M X0.5M H=2.0M (INCLUYE MARCO Y TAPA). | H102: UN | I102: 1 | J102: =561786*1.2939 -> 726894.91
E103: EAB-NS-032 | F103: 3589 | G103: TAPON HD EXTREMO LISO D=8" (SUMINISTRO E INSTALACIÓN) | H103: UN | I103: 1 | J103: =508908*1.2939 -> 658476.06
E104: EAB-NS-011 | F104: 3305 | G104: CODO HD 45° EXTREMO LISO PARA PVC D=4" (SUMINISTRO E INSTALACIÓN) | H104: UN | I104: 2 | J104: =193561*1.2939 -> 250448.58
...

Sheet PRESUPUESTO OFICIAL(proponente)
C3: Formulario 1 - Propuesta económica - Documento tipo de licitación de obra pública de infraestructura de transporte - versión 3
C4: Código | D4: CCE-EICP-FM-14 | E4: Versión | F4: 3
C5: FORMULARIO 1
C6: PRESUPUESTO OFICIAL
C7: [La entidad puede utilizar este formulario de detalle del presupuesto oficial para determinar las condiciones bajo las cuales los proponentes analizarán y presentarán su propuesta económica de forma detallada, sin perjuicio que la entidad pueda modificarlo o establecer la presentación de la oferta económica con un formulario distinto al indicado.]
C9: Adicionalmente, cuando el proceso de contratación es estructurado por precios unitarios, la Entidad debe aplicar las notas 1, 2 y 3 del presente formulario y las casillas de "Descripción", "Porcentaje" de la Administración, Imprevisto, Utilidad y total A.I.U. resaltadas en color amarillo. Tratándose de otras modalidades de precio, la Entidad puede o no configurar los mismos aspectos.
C11: Nº | D11: ÍTEM DE PAGO | E11: ESPECIFICACIONES | G11: DESCRIPCIÓN | H11: UND. | I11: CANTIDAD | J11: VALOR UNITARIO | K11: VALOR TOTAL
E12: GENERAL | F12: PARTICULAR IDU
C13: PRELIMINARES
D14: 1 | E14: INV-105.2 -13 | F14: 3007 | G14: REPLANTEO GENERAL | H14: M2 | I14: =+'[190]PRESUP TOTAL'!$H$14+'[191]PRESUP SAN BENITO'!$G$14+'[192]PRESUP TOTAL'!$G$14 -> 5527.75
C15: Subtotal
C16: DEMOLICIONES
D17: 2 | E17: INV-201-13 | F17: 5196 | G17: DEMOLICIÓN DE CONCRETO: ESPESORES 8CM A 15CM. (INCLUYE RETIRO DE MATERIAL, TRANSPORTE Y DISPOSICIÓN FINAL DE ESCOMBROS EN SITIO AUTORIZADO). | H17: M3 | I17: ='[190]PRESUP TOTAL'!$H$16+'[191]PRESUP SAN BENITO'!$G$16+'[192]PRESUP TOTAL'!$G$16 -> 241
D18: 3 | E18: INV-201-13 | F18: 5197 | G18: DEMOLICIÓN DE CONCRETO: ESPESORES 16CM A 25CM. (INCLUYE RETIRO DE MATERIAL, TRANSPORTE Y DISPOSICIÓN FINAL DE ESCOMBROS EN SITIO AUTORIZADO). | H18: M3 | I18: =+'[190]PRESUP TOTAL'!$H$17+'[191]PRESUP SAN BENITO'!$G$17+'[192]PRESUP TOTAL'!$G$17 -> 99
C19: Subtotal
C20: EXPLANACIONES Y TERRAPLENES
D21: 4 | E21: IDU ET-IC- 300-18 | F21: 3710 | G21: EXCAVACIÓN MECÁNICA EN MATERIAL COMÚN (INCLUYE CARGUE) | H21: M3 | I21: =+'[190]PRESUP TOTAL'!$H$19+'[191]PRESUP SAN BENITO'!$G$19+'[192]PRESUP TOTAL'!$G$19 -> 2332
D22: 5 | E22: IDU ET-IC- 300-18 | F22: 3017 | G22: TRANSPORTE Y DISPOSICIÓN FINAL DE ESCOMBROS EN SITIO AUTORIZADO (DISTANCIA DE TRANSPORTE 21 KM). A DISTANCIA MAYOR DEL ACARREO LIBRE (90 M) EN SITIO AUTORIZADO POR LA ENTIDAD AMBIENTAL COMPETENTE. | H22: M3 | I22: =+'[190]PRESUP TOTAL'!$H$20+'[191]PRESUP SAN BENITO'!$G$20+'[192]PRESUP TOTAL'!$G$20 -> 3032.5
C23: Subtotal
C24: AFIRMADOS, BASES Y SUBBASES
E25: IDU ET-IC- 510-18 | F25: 4161 | G25: SUBBASE GRANULAR CLASE A (SBG_A) (SUMINISTRO, EXTENDIDO, NIVELACIÓN, HUMEDECIMIENTO Y COMPACTACIÓN CON VIBROCOMPACTADOR) | H25: M3 | I25: =+'[190]PRESUP TOTAL'!$H$22+'[191]PRESUP SAN BENITO'!$G$22+'[192]PRESUP TOTAL'!$G$22 -> 603
E26: IDU ET-IC- 410-18 | F26: 6016 | G26: ESTABILIZACIÓN DE SUBRASANTE CON RAJÓN, INCLUYE EQUIPO DE COMPACTACIÓN (SUMINISTRO, EXTENDIDO, NIVELACIÓN Y COMPACTACIÓN CON EQUIPO MECÁNICO) | H26: M3 | I26: =+'[191]PRESUP SAN BENITO'!$G$23+'[190]PRESUP TOTAL'!$H$23+'[192]PRESUP TOTAL'!$G$23 -> 631
C27: Subtotal
C28: PAVIMENTOS
E29: IDU ET-IC- 800-18 | F29: APU NP1 | G29: LOSA DE CONCRETO MR43 (SUMINISTRO, FORMALETEADO, COLOCACIÓN Y ACABADO. NO INCLUYE ACERO, CURADO, JUNTAS) | H29: M3 | I29: =+'[190]PRESUP TOTAL'!$H$25+'[191]PRESUP SAN BENITO'!$G$25+'[192]PRESUP TOTAL'!$G$25 -> 484
E30: IDU ET-IC- 800-18 | F30: APU NP2 | G30: ACERO DE REFUERZO FY=60000 PSI. SUMINISTRO E INSTALACIÓN. DE ACUERDO A LO ESTIPULADO POR LA NSR-10, NORMA ASTM A-706, ICONTEC 2289 PARA EL ACERO PDR-60. INCLUYE TODOS LOS COSTOS DE SUMINISTRO DE MATERIALES (REFUERZO (G60) FIGURADO, CORRUGADO, INCLUYE EL ALAMBRE DE AMARRE), EQUIPOS, TRANSPORTES, MANEJO, ALMACENAMIENTO, DESPERDICIOS Y MANO DE OBRA. | H30: kg | I30: =+'[190]PRESUP TOTAL'!$H$27+'[191]PRESUP SAN BENITO'!$G$26+'[192]PRESUP TOTAL'!$G$26 -> 3731
E31: IDU ET-IC- 800-18 | F31: APU NP3 | G31: CANASTILLA PASAJUNTAS INCLUYE SUMINISTRO E INSTALACIÓN | H31: kg | I31: =+'[190]PRESUP TOTAL'!$H$26+'[191]PRESUP SAN BENITO'!$G$27+'[192]PRESUP TOTAL'!$G$27 -> 5289
C32: Subtotal
C33: GEOTEXTILES
E34: IDU ET-IC-240-18 | F34: 4671 | G34: GEOTEXTIL NT 2500 PARA SEPARACION SUBRASANTE/CAPAS GRANULARES (INCLUYE SUMINISTRO E INSTALACIÓN) | H34: M2 | I34: =+'[191]PRESUP SAN BENITO'!$G$29+'[190]PRESUP TOTAL'!$H$29+'[192]PRESUP TOTAL'!$G$29 -> 2498
C35: Subtotal
C36: URBANISMO
E37: IDU ET-IC-301-18 | F37: 4390 | G37: EXCAVACIÓN MANUAL EN MATERIAL COMÚN (INCL CARGUE, TRANSPORTE Y DISPOSICION FINAL) | H37: M3 | I37: =+'[190]PRESUP TOTAL'!$H$31+'[191]PRESUP SAN BENITO'!$G$31+'[192]PRESUP TOTAL'!$G$31 -> 598
E38: IDU ET-IC-512-18 | F38: 4159 | G38: SUBBASE GRANULAR CLASE C (SBG_C) (SUMINISTRO, EXTENDIDO, NIVELACIÓN, HUMEDECIMIENTO Y COMPACTACIÓN CON VIBROCOMPACTADOR) | H38: M3 | I38: =+'[190]PRESUP TOTAL'!$H$32+'[191]PRESUP SAN BENITO'!$G$32+'[192]PRESUP TOTAL'!$G$32 -> 598
E39: IDU ET-IC-413-18 | F39: 6486 | G39: ESTABILIZACIÓN CON RCD. INCLUYE TRASIEGO INTERNO, NIVELACIÓN Y COMPACTACIÓN. | H39: M3 | I39: =+'[190]PRESUP TOTAL'!$H$33+'[191]PRESUP SAN BENITO'!$G$33+'[192]PRESUP TOTAL'!$G$33 -> 479
E40: IDU ET-IC-801-18 | F40: 6137 | G40: PISO EN CONCRETO COLOR GRIS MR41 (280 Kg/Cm2) GRAVA 1" 28 DIAS ESTAMPADO e=0.10m (INCLUYE SUMINISTRO Y COLOCACIÓN DE CONCRETO, JUEGO DE MOLDES, DESMOLDANTE EN POLVO, CURADOR PARA CONCRETO, INCLUYE CORTE Y SELLADO DE JUNTAS. | H40: M2 | I40: =+'[190]PRESUP TOTAL'!$H$34+'[191]PRESUP SAN BENITO'!$G$34+'[192]PRESUP TOTAL'!$G$34 -> 944
E41: Cartilla de Andenes A-55-56 | F41: 6102 | G41: CENEFA LINEAL EN LOSETA PREFABRICADA TÁCTIL ALERTA Y GUÍA A55 / A56 ANCHO 0.40m (SUMINISTRO E INSTALACIÓN. INCLUYE BASE EN ARENA DE NIVELACIÓN e= 4cm Y ARENA DE SELLO). | H41: ML | I41: =+'[190]PRESUP TOTAL'!$H$35+'[191]PRESUP SAN BENITO'!$G$35+'[192]PRESUP TOTAL'!$G$35 -> 161.4
E42: Cartilla de Andenes A-57-58 | F42: 8228 | G42: CENEFA LINEAL EN LOSETA PREFABRICADA TÁCTIL ALERTA A57 / A58 ANCHO 0.20M COLOR AMARILLO. (SUMINISTRO E INSTALACIÓN. INCLUYE BASE EN ARENA DE NIVELACIÓN E= 4CM Y ARENA DE SELLO). | H42: ML | I42: =+'[190]PRESUP TOTAL'!$H$36+'[191]PRESUP SAN BENITO'!$G$36+'[192]PRESUP TOTAL'!$G$36 -> 872
E43: Cartilla de Andenes A-26 | F43: 8229 | G43: FRANJA EN ADOQUIN DE CONCRETO DEMARCADOR VISUAL A26 20X10X6CM COLOR AMARILLO. (SUMINISTRO E INSTALACIÓN. INCLUYE BASE 3CM ARENA NIVELACIÓN Y ARENA DE SELLO). | H43: ML | I43: =+'[190]PRESUP TOTAL'!$H$37+'[191]PRESUP SAN BENITO'!$G$37+'[192]PRESUP TOTAL'!$G$37 -> 872
E44: Cartilla de Andenes A-51 | F44: 8776 | G44: CENEFA LINEAL EN LOSETA LISA BICAPA TIPO A51 (40 X 20 X 6) cm PARA FRANJA DE SEGURIDAD (Suministro, colocación y compactación con equipo manual. Incluye base en arena de nivelación e=4 cm y arena de sello) | H44: ML | I44: =+'[190]PRESUP TOTAL'!$H$38+'[191]PRESUP SAN BENITO'!$G$38+'[192]PRESUP TOTAL'!$G$38 -> 872
E45: Cartilla de Andenes A-10 | F45: 4054 | G45: SARDINEL TIPO A10 (SUMINISTRO E INSTALACIÓN. INCLUYE 3CM MORTERO 2000 PSI) | H45: ML | I45: =+'[190]PRESUP TOTAL'!$H$39+'[191]PRESUP SAN BENITO'!$G$39+'[192]PRESUP TOTAL'!$G$39 -> 878
E46: Cartilla de Andenes A-80 | F46: 6475 | G46: BORDILLO PREFABRICADO A80 (SUMINISTRO E INSTALACIÓN. INCLUYE 3CM MORTERO DE PEGA 2000 PSI Y NIVELACIÓN DEL TERRENO CON RELLENO EN MATERIAL SELECCIONADO PROVENIENTE DE EXCAVACIÓN). | H46: ML | I46: =+'[190]PRESUP TOTAL'!$H$40+'[191]PRESUP SAN BENITO'!$G$40+'[192]PRESUP TOTAL'!$G$40 -> 1031
E47: Cartilla de Andenes A-20 | F47: 4088 | G47: SARDINEL BAJO A85 PARA RAMPAS (SUMINISTRO E INSTALACIÓN. INCLUYE 3CM MORTERO 2000 PSI) | H47: ML | I47: =+'[190]PRESUP TOTAL'!$H$41+'[191]PRESUP SAN BENITO'!$G$41+'[192]PRESUP TOTAL'!$G$41 -> 43
E48: Cartilla de Andenes | F48: 4855 | G48: CONSTRUCCIÓN DE FRANJA DE AJUSTE EN CONCRETO PREMEZCLADO GRAVA COMÚN 3000 PSI, ESPESOR PROMEDIO 10 CM.. | H48: M2 | I48: =+'[190]PRESUP TOTAL'!$H$42+'[191]PRESUP SAN BENITO'!$G$42+'[192]PRESUP TOTAL'!$G$42 -> 82.5
E49: IDU ET-IC-801-18 | F49: 8551 | G49: PISO EN CONCRETO MR 43 (300 Kg/Cm2) GRAVA COMÚN ACELERADO A 7 DÍAS, ESTAMPADO PARA POMPEYANOS Y VIAS A DESNIVEL, COLOR OCRE (INCLUYE SUMINISTRO Y COLOCACIÓN DE CONCRETO, JUEGO DE MOLDES, DESMOLDANTE EN POLVO, CURADOR PARA CONCRETO, CORTE Y SELLADO DE JUNTAS.) | H49: M3 | I49: =+'[190]PRESUP TOTAL'!$H$43+'[191]PRESUP SAN BENITO'!$G$43+'[192]PRESUP TOTAL'!$G$43 -> 154
E50: Cartilla de Mobiliario Urbano M30 | F50: 3396 | G50: BANCA EN CONCRETO TIPO M30 (SUMINISTRO E INSTALACIÓN. NO INCLUYE MATERIAL DE BASE) | H50: UN | I50: =+'[190]PRESUP TOTAL'!$H$44+'[191]PRESUP SAN BENITO'!$G$44+'[192]PRESUP TOTAL'!$G$44 -> 14
E51: Cartilla de Mobiliario Urbano M121 | F51: 4920 | G51: CANECA DE ACERO INOXIDABLE M121 TIPO BARCELONA (SUMINISTRO E INSTALACIÓN. INCLUYE CONCRETO PARA ANCLAJE DE 3000 PSI PREMEZCLADO GRAVA COMÚN. | H51: UN | I51: =+'[190]PRESUP TOTAL'!$H$45+'[191]PRESUP SAN BENITO'!$G$45+'[192]PRESUP TOTAL'!$G$45 -> 30
E52: Cartilla de Mobiliario Urbano M63 | F52: 3548 | G52: BOLARDO EN HIERRO TIPO M63 (SUMINISTRO E INSTALACIÓN. INCLUYE BASE EN CONCRETO 1500 PSI, HECHO EN OBRA) | H52: UN | I52: =+'[190]PRESUP TOTAL'!$H$46+'[191]PRESUP SAN BENITO'!$G$46+'[192]PRESUP TOTAL'!$G$46 -> 56
E53: Manual de Silvicultura Urbana - Jardín Botánico | F53: 8094 | G53: PINO ROMERON H=1.5M (INCLUYE EXCAVACIÓN MANUAL, SIEMBRA, CAJA, TIERRA, ABONO, TUTOR, TRANSPORTE Y DISPOSICIÓN FINAL DE ESCOMBROS EN SITIO AUTORIZADO A 28 KM). SUMINISTRO Y PLANTACIÓN. | H53: UN | I53: =+'[190]PRESUP TOTAL'!$H$47+'[191]PRESUP SAN BENITO'!$G$47+'[192]PRESUP TOTAL'!$G$47 -> 20
E54: Manual de Silvicultura Urbana - Jardín Botánico | F54: 4884 | G54: NOGAL H= 1.5M (INCLUYE SIEMBRA, CAJA, TIERRA NEGRA, ABONO Y TUTOR. INCLUYE TRANSPORTE Y DISPOSICIÓN FINAL DE ESCOMBROS EN SITIO AUTORIZADO (DISTANCIA DE TRANSPORTE 28 KM). SUMINISTRO Y PLANTACION. | H54: UN | I54: =+'[190]PRESUP TOTAL'!$H$48+'[191]PRESUP SAN BENITO'!$G$48+'[192]PRESUP TOTAL'!$G$48 -> 18
E55: Manual de Silvicultura Urbana - Jardín Botánico | F55: 7090 | G55: HIEDRA MIAMI (INCLUYE 12 UNIDADES POR M2 Y TRANSPORTE Y DISPOSICIÓN FINAL DE ESCOMBROS A 28 KM). SUMINISTRO Y PLANTACIÓN. | H55: M2 | I55: =+'[190]PRESUP TOTAL'!$H$49+'[191]PRESUP SAN BENITO'!$G$49+'[192]PRESUP TOTAL'!$G$49 -> 68
E56: Cartilla de Mobiliario Urbano B23 | F56: 7353 | G56: CONTENEDOR DE RAICES TIPO B23 (TIPO D) (2.00M X 2.00M X 1.40M). (INCLUYE FILTRO EN GRAVILLA, TIERRA NEGRA. SUMINISTRO Y CONSTRUCCIÓN). | H56: UN | I56: =+'[190]PRESUP TOTAL'!$H$50+'[191]PRESUP SAN BENITO'!$G$50+'[192]PRESUP TOTAL'!$G$50 -> 38
C57: Subtotal
C58: ESTRUCTURAS
E59: IDU ET-IC-301-18 | F59: 3710 | G59: EXCAVACIÓN MECÁNICA EN MATERIAL COMÚN (INCLUYE CARGUE) | H59: M3 | I59: =+'[190]PRESUP TOTAL'!$H$52+'[191]PRESUP SAN BENITO'!$G$52+'[192]PRESUP TOTAL'!$G$52 -> 848
E60: IDU ET-IC-301-18 | F60: 3017 | G60: TRANSPORTE Y DISPOSICIÓN FINAL DE ESCOMBROS EN SITIO AUTORIZADO (DISTANCIA DE TRANSPORTE 21 KM). A DISTANCIA MAYOR DEL ACARREO LIBRE (90 M) EN SITIO AUTORIZADO POR LA ENTIDAD AMBIENTAL COMPETENTE. | H60: M3 | I60: =+'[190]PRESUP TOTAL'!$H$53+'[191]PRESUP SAN BENITO'!$G$53+'[192]PRESUP TOTAL'!$G$53 -> 810.3
E61: INV-ART 630 | F61: 5421 | G61: MURO ESTRUCTURAL EN CONCRETO 4000 PSI PREMEZCLADO, GRAVA COMÚN. (Incluye suministro, formaleteo, bombeo, colocación y curado. No incl. Refuerzo). | H61: M3 | I61: =+'[190]PRESUP TOTAL'!$H$54+'[192]PRESUP TOTAL'!$G$54 -> 159
E62: INV-ART 630 | F62: 9109 | G62: CONCRETO 2000 PSI GRAVA COMÚN 14 MPA (140 Kg/Cm2) PARA SOLADOS (PREMEZCLADO. INCLUYE SUMINISTRO Y COLOCACIÓN). | H62: M3 | I62: =+'[190]PRESUP TOTAL'!$H$55+'[192]PRESUP TOTAL'!$G$55 -> 16
E63: IDU ET-IC-240-18 | F63: 4009 | G63: GEOTEXTIL NT 3000 PARA SUBDRENES/FILTROS (INCLUYE SUMINISTRO E INSTALACIÓN) | H63: M2 | I63: =+'[190]PRESUP TOTAL'!$H$57+'[191]PRESUP SAN BENITO'!$G$56+'[192]PRESUP TOTAL'!$G$57 -> 762
E64: INV 673-13 | F64: 8655 | G64: GRAVILLA DE 3/4" - SUMINISTRO E INSTALACIÓN. | H64: M3 | I64: =+'[190]PRESUP TOTAL'!$H$58+'[191]PRESUP SAN BENITO'!$G$55+'[192]PRESUP TOTAL'!$G$58 -> 261
E65: EAB NS-72 | F65: 3776 | G65: ENTIBADO TIPO ED1, DISCONTINUO EN MADERA (INCLUYE SUMINISTRO E INSTALACIÓN) | H65: M2 | I65: =+'[190]PRESUP TOTAL'!$H$59+'[191]PRESUP SAN BENITO'!$G$57+'[192]PRESUP TOTAL'!$G$59 -> 105
E66: IDU ET-IC-320-18 | F66: 4905 | G66: GEODREN VIAL DE 100MM X 1.0M. SUMINISTRO E INSTALACIÓN. (INCLUYE EXCAVACIÓN MANUAL E= 30CM Y RELLENO EN MATERIAL SELECCIONADO PROVENIENTE DE EXCAVACIÓN.. | H66: ML | I66: =+'[190]PRESUP TOTAL'!$H$60+'[191]PRESUP SAN BENITO'!$G$58+'[192]PRESUP TOTAL'!$G$60 -> 176
E67: IDU ET-IC- 510-18 | F67: 4556 | G67: SUBBASE GRANULAR CLASE A (SBG_A) (SUMINISTRO, EXTENDIDO MANUAL, HUMEDECIMIENTO Y COMPACTACIÓN) | H67: ML | I67: =+'[190]PRESUP TOTAL'!$H$61+'[191]PRESUP SAN BENITO'!$G$59+'[192]PRESUP TOTAL'!$G$61 -> 475
E68: INV-ART 630 | F68: 3641 | G68: CONCRETO 3000 PSI GRAVA FINA PARA ESTRUCTURA DE TRANSICIÓN (PREMEZCLADO. INCL. SUMIN, FORMALETA, BOMBEO CON AUTOBOMBA Y COLOCACIÓN. NO INCL. REFUERZO, CURADO) | H68: ML | I68: =+'[191]PRESUP SAN BENITO'!$G$60 -> 45
E69: IDU ET-IC- 800-18 | F69: APU NP2 | G69: ACERO DE REFUERZO FY=60000 PSI. SUMINISTRO E INSTALACIÓN. DE ACUERDO A LO ESTIPULADO POR LA NSR-10, NORMA ASTM A-706, ICONTEC 2289 PARA EL ACERO PDR-60. INCLUYE TODOS LOS COSTOS DE SUMINISTRO DE MATERIALES (REFUERZO (G60) FIGURADO, CORRUGADO, INCLUYE EL ALAMBRE DE AMARRE), EQUIPOS, TRANSPORTES, MANEJO, ALMACENAMIENTO, DESPERDICIOS Y MANO DE OBRA. | H69: KG | I69: =+'[190]PRESUP TOTAL'!$H$56+'[191]PRESUP SAN BENITO'!$G$61+'[192]PRESUP TOTAL'!$G$56 -> 26971
E70: INV 681-13 | F70: APU NP4 | G70: GAVIONES - SUMINISTRO Y CONSTRUCCIÓN. INCLUYE RAJÓN, MALLA PARA GAVIONES Y ALAMBRE RECOCIDO. | H70: M3 | I70: =+'[191]PRESUP SAN BENITO'!$G$54 -> 240
C71: Subtotal
C72: OBRAS HIDRÁULICAS
E73: IDU ET-IC-301-18 | F73: 4262 | G73: EXCAVACION MECANICA PARA REDES PROFUNDIDAD 0M - 3.5M (INCLUYE CARGUE) | H73: M3 | I73: =+'[190]PRESUP TOTAL'!$H$63+'[191]PRESUP SAN BENITO'!$G$64+'[192]PRESUP TOTAL'!$G$63 -> 345
E74: IDU ET-IC-301-18 | F74: 4155 | G74: EXCAVACION MECANICA EN ROCA (INCLUYE CARGUE) | H74: M3 | I74: =+'[191]PRESUP SAN BENITO'!$G$65+'[190]PRESUP TOTAL'!$H$64+'[192]PRESUP TOTAL'!$G$64 -> 53
E75: IDU ET-IC-301-18 | F75: 3017 | G75: TRANSPORTE Y DISPOSICIÓN FINAL DE ESCOMBROS EN SITIO AUTORIZADO (DISTANCIA DE TRANSPORTE 21 KM). A DISTANCIA MAYOR DEL ACARREO LIBRE (90 M) EN SITIO AUTORIZADO POR LA ENTIDAD AMBIENTAL COMPETENTE. | H75: M3 | I75: =+'[190]PRESUP TOTAL'!$H$65+'[191]PRESUP SAN BENITO'!$G$66+'[192]PRESUP TOTAL'!$G$65 -> 658
E76: EAB-NS-040 | F76: 5710 | G76: GRAVILLA DE 1/2" SUELTA - SUMINISTRO E INSTALACION. | H76: M3 | I76: 77
E77: EAB-NS-040 | F77: 4487 | G77: BASE GRANULAR CLASE A (BG_A) (SUMINISTRO, EXTENDIDO MANUAL, HUMEDECIMIENTO Y COMPACTACIÓN) | H77: M3 | I77: 11
E78: EAB-NS-040 | F78: 3050 | G78: RELLENO EN MATERIAL SELECCIONADO PROVENIENTE DE LA EXCAVACIÓN (EXTENDIDO MANUAL, HUMEDECIMIENTO Y COMPACTACIÓN) | H78: M3 | I78: =+'[190]PRESUP TOTAL'!$H$68+'[191]PRESUP SAN BENITO'!$G$69+'[192]PRESUP TOTAL'!$G$68 -> 5
E79: NTC 3722 | F79: 3044 | G79: TUBERIA PVC U.M. EXT CORRUGADO/INT LISO U.M. NORMA NTC 3722-1 D=10" (INCLUYE SUMINISTRO E INSTALACIÓN) | H79: ML | I79: =+'[190]PRESUP TOTAL'!$H$69+'[191]PRESUP SAN BENITO'!$G$70+'[192]PRESUP TOTAL'!$G$69 -> 183
E80: NTC 3722 | F80: 3045 | G80: TUBERIA PVC U.M. EXT CORRUGADO/INT LISO U.M. NORMA NTC 3722-1 D=12" (INCLUYE SUMINISTRO E INSTALACIÓN) | H80: ML | I80: =+'[191]PRESUP SAN BENITO'!$G$71+'[190]PRESUP TOTAL'!$H$70+'[192]PRESUP TOTAL'!$G$70 -> 350
E81: EAB NS-029 | F81: 3471 | G81: CILINDRO POZO INSP. EN MAMPOSTERIA E=0.25M (INC. SUMIN. Y CONST, ACERO PARA ESCALERAS, GEOTEXTIL Y PAÑETE IMPERMEAB.) | H81: ML | I81: =11+'[192]PRESUP TOTAL'!$G$71 -> 13
E82: EAB NS-024 | F82: 3473 | G82: PLACA FONDO D=1.70M POZO INSPEC. (FUNDIDA EN SITIO. INCL. SUMIN, FORMALET, REF, INST. INCL. CONCRETO 2000 PSI DE BASE) | H82: UN | I82: =+'[191]PRESUP SAN BENITO'!$G$73+'[190]PRESUP TOTAL'!$H$72+'[192]PRESUP TOTAL'!$G$72 -> 23
E83: EAB NS-029 | F83: 4252 | G83: PLACA CUBIERTA D=1.70M POZO INSPEC. (FUNDIDA EN SITIO. INC. SUM, FORMALET., REFUERZO E INST. INCL.TAPA EN POLIPROPILENO) | H83: UN | I83: =+'[190]PRESUP TOTAL'!$H$73+'[191]PRESUP SAN BENITO'!$G$74+'[192]PRESUP TOTAL'!$G$73 -> 23
E84: EAB NS-029 | F84: 3722 | G84: NIVELACIÓN DE POZO (HASTA RASANTE EN CONCRETO 3000 PSI HECHO EN OBRA, H=0.15M. INCLUYE SUMINISTRO Y CONSTRUCCIÓN) | H84: UN | I84: =+'[190]PRESUP TOTAL'!$H$74+'[191]PRESUP SAN BENITO'!$G$75+'[192]PRESUP TOTAL'!$G$74 -> 16
E85: EAB NS-070 | F85: 3442 | G85: CONCRETO 2000 PSI PARA REDES (Hecho en Obra 1:3:3 con arena de río y triturado de 3/4") (Suministro y Colocación) | H85: M3 | I85: =+'[190]PRESUP TOTAL'!$H$80+'[191]PRESUP SAN BENITO'!$G$76+'[192]PRESUP TOTAL'!$G$80 -> 9
E86: EAB NS-047 | F86: 4558 | G86: SUMIDERO ALCANTARILLADO PLUVIAL EN VIA NS-047-1V4 EAAB | H86: UN | I86: =+'[190]PRESUP TOTAL'!$H$79+'[191]PRESUP SAN BENITO'!$G$77+'[192]PRESUP TOTAL'!$G$79 -> 23
E87: EAB NS-090 | F87: 7876 | G87: CÁRCAMO DE PROTECCION EN TUBERÍA Ø 12" NORMA EAAB NS-090 version 2 V.2 (incluye Formaleta, Concreto de 2000 y 3000 PSI, Acero de Refuerzo, curado y Manijas en varilla lisa de 1"). | H87: ML | I87: =+'[191]PRESUP SAN BENITO'!$G$78+'[190]PRESUP TOTAL'!$H$78+'[192]PRESUP TOTAL'!$G$78 -> 342
E88: EAB NS-068 | F88: 3779 | G88: CAJA DE INSPECCIÓN DE 0.6X0.6M (H=0.6M. INCLUYE SUMINISTRO Y CONSTRUCCIÓN. INCLUYE MARCO Y TAPA. NO INC. BASE Y CAÑUELA) | H88: UN | I88: =+'[191]PRESUP SAN BENITO'!$G$79+'[190]PRESUP TOTAL'!$H$76+'[192]PRESUP TOTAL'!$G$76 -> 34
E89: EAB-NS-009 | F89: 4982 | G89: ACOMETIDA DOMICILIARIA DE 1/2". SUMINISTRO E INSTALACIÓN. (INCLUYE TUBERIA PF D=1/2", REGISTROS Y ACCESORIOS, LOG. PROM. = 6.50M). | H89: UN | I89: =+'[190]PRESUP TOTAL'!$H$75+'[192]PRESUP TOTAL'!$G$75 -> 19
E90: EAB-NS-009 | F90: 4984 | G90: RELOCALIZACIÓN DE MEDIDOR DE ACUEDUCTO D= 1/2" (INCLUYE 1.0M TUBERÍA GALVANIZADA D= 1/2", SOLDADURA, CINTA DE TEFLON, Y REPOSICIÓN DE CAJILLA EN POLIPROPILENO DE ALTA RESISTENCIA CON TAPA, NO INCLUYE MEDIDOR.). | H90: UN | I90: =8+'[192]PRESUP TOTAL'!$G$77 -> 19
E91: EAB-NS-040 | F91: 8655 | G91: GRAVILLA DE 3/4" - SUMINISTRO E INSTALACIÓN. | H91: M3 | I91: =+'[190]PRESUP TOTAL'!$H$66+'[192]PRESUP TOTAL'!$G$66 -> 322
E92: EAB-NS-040 | F92: 4158 | G92: BASE GRANULAR CLASE A (BG_A) (SUMINISTRO, EXTENDIDO, NIVELACIÓN, HUMEDECIMIENTO Y COMPACTACIÓN CON VIBROCOMPACTADOR) | H92: M3 | I92: =95+'[192]PRESUP TOTAL'!$G$67 -> 152
C93: Subtotal
C94: REDES ACUEDUCTO
E95: EAB-NS-019 | F95: 4390 | G95: EXCAVACIÓN MANUAL EN MATERIAL COMÚN (INCL CARGUE, TRANSPORTE Y DISPOSICION FINAL) | H95: M3 | I95: 69
E96: EAB-NS-019 | F96: 3017 | G96: TRANSPORTE Y DISPOSICIÓN FINAL DE ESCOMBROS EN SITIO AUTORIZADO (DISTANCIA DE TRANSPORTE 21 KM). A DISTANCIA MAYOR DEL ACARREO LIBRE (90 M) EN SITIO AUTORIZADO POR LA ENTIDAD AMBIENTAL COMPETENTE. | H96: M3 | I96: 445
E97: EAB-NS-040 | F97: 3024 | G97: RELLENO PARA REDES EN ARENA DE PEÑA (SUMINISTRO, EXTENDIDO, HUMEDECIMIENTO Y COMPACTACIÓN) | H97: M3 | I97: 38
E98: EAB-NS-040 | F98: 4487 | G98: BASE GRANULAR CLASE A (BG_A) (SUMINISTRO, EXTENDIDO MANUAL, HUMEDECIMIENTO Y COMPACTACIÓN) | H98: M3 | I98: 23
E99: EAB-NS-032 | F99: 3234 | G99: TUBERIA PVC D=4" TIPO U.M. RDE 26 (SUMINISTRO E INSTALACIÓN) | H99: ML | I99: 93
E100: EAB-NS-011 | F100: 3257 | G100: TEE HD EXTREMO LISO 8"X4" (SUMINISTRO E INSTALACIÓN) | H100: UN | I100: 1
E101: EAB-NS-026 | F101: 4402 | G101: VALVULA COMPUERTA ELASTICA VASTAGO NO ASCENDENTE EXTREMO LISO D=4" (SUMINISTRO E INSTALACIÓN) | H101: UN | I101: 1
E102: EAB-NS-023 | F102: 4978 | G102: CONSTRUCCIÓN DE CAJA PARA VALVULA D= 3", D= 4", D= 6" Y D= 8" (NORMA EAAB NS-027) DE 0.4M X0.5M H=2.0M (INCLUYE MARCO Y TAPA). | H102: UN | I102: 1
E103: EAB-NS-032 | F103: 3589 | G103: TAPON HD EXTREMO LISO D=8" (SUMINISTRO E INSTALACIÓN) | H103: UN | I103: 1
E104: EAB-NS-011 | F104: 3305 | G104: CODO HD 45° EXTREMO LISO PARA PVC D=4" (SUMINISTRO E INSTALACIÓN) | H104: UN | I104: 2
...

Sheet AIU OBRA (ENTIDAD)
B2: ALCALDIA LOCAL DE TUNJUELITO
B6: OBJETO DE LA LICITACIÓN:
B8: COSTO DIRECTO ESTIMADO DE OBRA (CD) | E8: =+'PRESUPUESTO OFICIAL (Entidad)'!K137 -> 2.9486465e+09 | I8: FECHA: | J8: MARZO DE 2023
B9: TERMINO ESTIMADO DE EJECUCIÓN DE OBRA | E9: =+D84 -> 5 | F9: MESES | I9: CONTRATO No.
A11: COD IDU | B11: ÍTEM | C11: A. ADMINISTRACIÓN
C12: 1. COSTOS MENSUALES DE PERSONAL
C13: CARGO | E13: CANTIDAD | F13: CATEGORÍA | G13: DEDICACIÓN MES | I13: TOPE IDU SALARIO (MES) | J13: FACTOR PRESTACIONAL | K13: N. MESES | L13: SALARIO + PRESTACIONES
E14: A | G14: B | I14: C | J14: D | K14: E | L14: F=A*B*C*D*E
B15: 1.1 | C15: PERSONAL PROFESIONAL (Ingenieros y Otros)
A16: 9112 | B16: 1.101 | C16: DIRECTOR DE OBRA | E16: 1 | F16: 6 | G16: 0.5 | I16: =+VLOOKUP(A16,'[191]INSUMOS IDU 2023 '!C5:H3653,4,0) -> 6339000 | J16: 1.4519257 | K16: =+$D$84 -> 5 | L16: =ROUND(E16*G16*I16*J16*K16,0) -> 23009393
A17: 9113 | B17: 1.102 | C17: INGENIERO RESIDENTE | E17: 1 | F17: 7 | G17: 1 | I17: =+VLOOKUP(A17,'[191]INSUMOS IDU 2023 '!C6:H3654,4,0) -> 4793000 | J17: 1.4532148 | K17: =+$D$84 -> 5 | L17: =ROUND(E17*G17*I17*J17*K17,0) -> 34826293
A18: 9112 | B18: 1.104 | C18: ESPECIALISTA EN REDES HIDROSANITARIAS | E18: 1 | F18: 6 | G18: 0.1 | I18: =+VLOOKUP(A18,'[191]INSUMOS IDU 2023 '!C7:H3655,4,0) -> 6339000 | J18: 1.4519257 | K18: =+$D$84 -> 5 | L18: =ROUND(E18*G18*I18*J18*K18,0) -> 4601879
A19: 9112 | B19: 1.105 | C19: ESPECIALISTA EN REDES (ELECTRICAS, GAS, TELEFONICSA, CABLE, FIBRA OPTICA, ETC). | E19: 1 | F19: 6 | G19: 0.1 | I19: =+VLOOKUP(A19,'[191]INSUMOS IDU 2023 '!C8:H3656,4,0) -> 6339000 | J19: 1.4519257 | K19: =+$D$84 -> 5 | L19: =ROUND(E19*G19*I19*J19*K19,0) -> 4601879
A20: 9112 | B20: 1.106 | C20: ESPECIALISTA EN ESTRUCTURAS | E20: 1 | F20: 6 | G20: 0.1 | I20: =+VLOOKUP(A20,'[191]INSUMOS IDU 2023 '!C9:H3657,4,0) -> 6339000 | J20: 1.4519257 | K20: =+$D$84 -> 5 | L20: =ROUND(E20*G20*I20*J20*K20,0) -> 4601879
A21: 9112 | B21: 1.109 | C21: ESPECIALISTA EN PAVIMENTOS | E21: 1 | F21: 6 | G21: 0.1 | I21: =+VLOOKUP(A21,'[191]INSUMOS IDU 2023 '!C10:H3658,4,0) -> 6339000 | J21: 1.4519257 | K21: =+$D$84 -> 5 | L21: =ROUND(E21*G21*I21*J21*K21,0) -> 4601879
A22: 9112 | B22: 1.109 | C22: ESPECIALISTA EN GEOTECNIA | E22: 1 | F22: 6 | G22: 0.1 | I22: =+VLOOKUP(A22,'[191]INSUMOS IDU 2023 '!C11:H3659,4,0) -> 6339000 | J22: 1.4519257 | K22: =+$D$84 -> 5 | L22: =ROUND(E22*G22*I22*J22*K22,0) -> 4601879
A23: 9112 | B23: 1.109 | C23: ESPECIALISTA EN TRANSITO Y TRANSPORTE | E23: 1 | F23: 6 | G23: 0.1 | I23: =+VLOOKUP(A23,'[191]INSUMOS IDU 2023 '!C12:H3660,4,0) -> 6339000 | J23: 1.4519257 | K23: =+$D$84 -> 5 | L23: =ROUND(E23*G23*I23*J23*K23,0) -> 4601879
A24: 9114 | B24: 1.11 | C24: RESIDENTE AMBIENTAL | E24: 1 | F24: 8 | G24: 0.5 | I24: =+VLOOKUP(A24,'[191]INSUMOS IDU 2023 '!C11:H3659,4,0) -> 4523000 | J24: 1.4535296 | K24: =+$D$84 -> 5 | L24: =ROUND(E24*G24*I24*J24*K24,0) -> 16435786
A25: 9114 | B25: 1.111 | C25: RESIDENTE SOCIAL | E25: 1 | F25: 8 | G25: 0.5 | I25: =+VLOOKUP(A25,'[191]INSUMOS IDU 2023 '!C12:H3660,4,0) -> 4523000 | J25: 1.4535296 | K25: =+$D$84 -> 5 | L25: =ROUND(E25*G25*I25*J25*K25,0) -> 16435786
A26: 9114 | B26: 1.112 | C26: FORESTAL | E26: 1 | F26: 8 | G26: 0.1 | I26: =+VLOOKUP(A26,'[191]INSUMOS IDU 2023 '!C13:H3661,4,0) -> 4523000 | J26: 1.4535296 | K26: =+$D$84 -> 5 | L26: =ROUND(E26*G26*I26*J26*K26,0) -> 3287157
B27: 1.2 | C27: PERSONAL TÉCNICO Y PERSONAL AUXILIAR
A28: 9093 | B28: 1.201 | C28: INSPECTOR SST | E28: 1 | F28: N/A | G28: 1 | I28: 2249000 | J28: 1.4591839 | K28: =+$D$84 -> 5 | L28: =ROUND(E28*G28*I28*J28*K28,0) -> 16408523
B29: 1.202 | C29: INSPECTOR DE OBRA | E29: 2 | F29: N/A | G29: 1 | I29: 2249001 | J29: 1.4591839 | K29: 5 | L29: =ROUND(E29*G29*I29*J29*K29,0) -> 32817061
A30: 9088 | B30: 1.203 | C30: TARIFA MES - PERSONAL TÉCNICO - TOPÓGRAFO INSPECTOR (NO INCLUYE FACTOR DE PRESTACIONES) | E30: 1 | F30: N/A | G30: 0.5 | I30: 3092000 | J30: 1.4561224 | K30: =+$D$84 -> 5 | L30: =ROUND(E30*G30*I30*J30*K30,0) -> 11255826
A31: 9094 | B31: 1.204 | C31: TARIFA MES - PERSONAL TÉCNICO - INSPECTOR 2 (NO INCLUYE FACTOR DE PRESTACIONES) | E31: 1 | F31: N/A | G31: 1 | I31: 2025000 | J31: 1.4604292 | K31: =+$D$84 -> 5 | L31: =ROUND(E31*G31*I31*J31*K31,0) -> 14786845
A32: 9099 | B32: 1.205 | C32: TARIFA MES - PERSONAL AUXILIAR TÉCNICO - CADENERO 2 (NO INCLUYE FACTOR DE PRESTACIONES) | E32: 1 | F32: N/A | G32: 0.5 | I32: 1670000 | J32: 1.5692079 | K32: =+$D$84 -> 5 | L32: =ROUND(E32*G32*I32*J32*K32,0) -> 6551443
B33: 1.3 | C33: PERSONAL ADMINISTRATIVO
A34: 9100 | B34: 1.301 | C34: TARIFA MES - PERSONAL AUXILIAR TÉCNICO - CONDUCTOR O MOTORISTA (NO INCLUYE FACTOR DE PRESTACIONES) | E34: 1 | F34: N/A | G34: 1 | I34: 1389000 | J34: 1.5935081 | K34: =+$D$84 -> 5 | L34: =ROUND(E34*G34*I34*J34*K34,0) -> 11066913
A35: 9105 | B35: 1.302 | C35: =+VLOOKUP(A35,'[190]INSUMOS IDU 2023 '!C29:F3677,2,0) -> TARIFA MES - PERSONAL ADMINISTRATIVO - SECRETARIA 2 (NO INCLUYE FACTOR DE PRESTACIONES) | E35: 1 | F35: N/A | G35: 1 | I35: =+VLOOKUP(A35,'[190]INSUMOS IDU 2023 '!C29:F3677,4,0) -> 1389000 | J35: =VLOOKUP(A35,[193]FP!B:H,6,0) -> 1.5935081 | K35: 5 | L35: =ROUND(E35*G35*I35*J35*K35,0) -> 11066913
C36: SUBTOTAL COSTOS MENSUALES DE PERSONAL | L36: =SUM(L16:L35) -> 225559213
A38: COD IDU | B38: ÍTEM | C38: 2. GASTOS OPERACIONALES MENSUALES | E38: CANT. | F38: AREA (M2) | G38: DEDICACIÓN | I38: DEDICACIÓN X ÁREA (M2) | J38: COSTO ($/M2.MES) | K38: N. MESES | L38: VALOR ($)
A39: 9577 | B39: 2.001 | C39: ALQUILER MES - CAMPAMENTOS INCL. SERVICIOS PÚBLICOS PROVISIONALES | E39: 1 | F39: 50 | G39: 1 | I39: =+F39*G39 -> 50 | J39: 30851 | K39: =+$D$84 -> 5 | L39: =ROUND(I39*J39*K39,0) -> 7712750
A40: 9578 | B40: =+B39+0.001 -> 2.002 | C40: GASTOS OFICINA (PAPELERIA, FOTOCOPIAS Y OTROS) | E40: 1 | F40: N/A | G40: 1 | I40: N/A | J40: 1043625 | K40: =+$D$84 -> 5 | L40: =ROUND(E40*G40*J40*K40,0) -> 5218125
A41: 9115 | B41: =+B40+0.001 -> 2.003 | C41: EQUIPO DE TOPOGRAFÍA. INCLUYE TRÁNSITO, NIVEL Y ELEMENTOS COMPLEMENTARIOS - MES | E41: 0.5 | F41: N/A | G41: 1 | I41: N/A | J41: 4103000 | K41: =+$D$84 -> 5 | L41: =ROUND(E41*G41*J41*K41,0) -> 10257500
A42: 9165 | B42: =+B41+0.001 -> 2.004 | C42: ALQUILER DE VEHICULO: CAMPERO, PICK-UP, CAMIONETA, CAMION O SIMILAR DE 1300cc A 2000cc DE CILINDRADA, MODELO 2022 A 2019. 100% DE LA TARIFA ESTABLECIDA. INCLUYE TODOS LOS COSTOS DE OPERACIÓN Y MANTENIMIENTO EXCEPTO EL SALARIO DEL CONDUCTOR | E42: 1 | F42: N/A | G42: 1 | I42: 500 | J42: 7265000 | K42: =+$D$84 -> 5 | L42: =ROUND(E42*G42*J42*K42,0) -> 36325000
C44: SUBTOTAL GASTOS OPERACIONALES | L44: =SUM(L39:L42) -> 59513375
C46: TOTAL COSTOS PERSONAL + GASTOS OPERACIONALES POR EL TÉRMINO DE EJECUCIÓN | L46: =(L36+L44) -> 285072588
C47: TOTAL COSTOS PERSONAL + GASTOS OPERACIONALES POR EL TÉRMINO DE EJECUCIÓN EN PORCENTAJE DEL COSTO DIRECTO | L47: =L46/E8 -> 0.096679132
B49: 3. IMPUESTOS Y GARANTÍAS
B50: 3.1 | C50: IMPUESTOS
B51: ÍTEM | C51: DESCRIPCIÓN | J51: IMPUESTO | L51: VALOR ($)
B52: =B50+0.001 -> 3.101 | C52: Contribución Especial (Impuesto de Guerra Ley 1738 DIC18-2014 prorroga 4 años) | J52: 0.05 | L52: =ROUND($E$8*J52,0) -> 147432327
B53: =B52+0.001 -> 3.102 | C53: ICA (Ley 14 6jul1983, Res 219 25feb2004) | J53: =6.9/1000 -> 0.0069 | L53: =ROUND($E$8*J53,0) -> 20345661
B54: =B53+0.001 -> 3.103 | C54: GMF (Ley 1739 23dic2014 modifica el Estatuto Tributario) | J54: =(4/1000) -> 0.004 | L54: =ROUND($E$8*J54,0) -> 11794586
B55: =B54+0.001 -> 3.104 | C55: Estampilla Universidad Distrital (Acuerdo 53 de 10ene2002) | J55: 0.011 | L55: =ROUND($E$8*J55,0) -> 32435112
B56: =B55+0.001 -> 3.105 | C56: Estampilla procultura (Acuerdo 187 20 dic 2005) | J56: 0.005 | L56: =ROUND($E$8*J56,0) -> 14743233
B57: =B56+0.001 -> 3.106 | C57: Estampilla pro personas Mayores (Acuerdo 645 de 9 de junio de 2016) | J57: 0.02 | L57: =ROUND($E$8*J57,0) -> 58972931
B58: =B57+0.001 -> 3.107 | C58: Estampilla Unipedagógica (Dec 584 de 19 dic 2014) | J58: 0.005 | L58: =ROUND($E$8*J58,0) -> 14743233
C59: SUBTOTAL IMPUESTOS | L59: =SUM(L52:L58) -> 300467083
B61: =B50+0.1 -> 3.2 | C61: GARANTIAS
B62: ÍTEM | C62: DESCRIPCIÓN | E62: VR. BASE | G62: % ASEGURADO | I62: VIGENCIA AMPARO (MESES) | J62: TASA ASEGURADORA | L62: VALOR ($)
B63: =B61+0.001 -> 3.201 | C63: Cumplimiento | D63: GARANTIA UNICA | E63: =ROUND(($E$8*ROUND((1+$M$77),4)),0) -> 3892213421 | G63: 0.3 | I63: 14 | J63: 0.002 | L63: =ROUND((((((E63*G63)*J63)/12)*I63)+2500)*1.19,0) -> 3245189
B64: =B63+0.001 -> 3.202 | C64: Buen Manejo de Anticipo | E64: 0 | G64: 0 | I64: 0 | J64: 0 | L64: 0
B65: =B64+0.001 -> 3.203 | C65: Salarios y Prestaciones Sociales | E65: =ROUND(($E$8*ROUND((1+$M$77),4)),0) -> 3892213421 | G65: 0.1 | I65: 44 | J65: 0.002 | L65: =ROUND((((((E65*G65)*J65)/12)*I65)+2500)*1.19,0) -> 3399580
B66: =B65+0.001 -> 3.204 | C66: Estabilidad de la Obra - Calidad del servicio | E66: =ROUND(($E$8*ROUND((1+$M$77),4)),0) -> 3892213421 | G66: 0.3 | I66: 60 | J66: 0.002 | L66: =ROUND((((((E66*G66)*J66)/12)*I66)+2500)*1.19,0) -> 13898177
B67: =B66+0.001 -> 3.205 | C67: Predios, labores y Operaciones- Vigencia (Decreto 1082 de 2015 Sección III) | D67: RESPONSABILIDAD CIVIL EXTRACONTRACTUAL | E67: =ROUND(($E$8*ROUND((1+$M$77),4)),0) -> 3892213421 | G67: 0.3 | I67: 8 | J67: 0.003 | L67: =ROUND((((((E67*G67)*J67)/12)*I67)+2500)*1.19,0) -> 2782015
C68: SUBTOTAL GARANTÍAS | L68: =ROUND(SUM(L63:L67),0) -> 23324961
C70: TOTAL IMPUESTOS Y GARANTÍAS | L70: =ROUND(L59+L68,0) -> 323792044
C71: TOTAL IMPUESTOS Y GARANTÍAS EN PORCENTAJE DEL COSTO DIRECTO | L71: =+L70/E8 -> 0.1098104
C73: A. ADMINISTRACIÓN (1 + 2 + 3) | L73: =+L47+L71 -> 0.20648953
C74: I. IMPREVISTOS | L74: 0.01
C75: U. UTILIDAD | L75: 0.05
C77: A.I.U. (ADMINISTRACIÓN, IMPREVISTOS Y UTILIDAD) | L77: =+L73+L74+L75 -> 0.26648953 | M77: 0.32
C80: NOTA:
C81: NOTA:
A83: PLAZO PRELIMINARES | D83: 0
A84: PLAZO CONSTRUCCIÓN | D84: 5

Sheet AIU OBRA (PROPONENTE)
B2: ALCALDIA LOCAL DE TUNJUELITO
B6: OBJETO DE LA LICITACIÓN:
B8: COSTO DIRECTO ESTIMADO DE OBRA (CD) | E8: =+'PRESUPUESTO OFICIAL (Entidad)'!K137 -> 2.9486465e+09 | I8: FECHA: | J8: MARZO DE 2023
B9: TERMINO ESTIMADO DE EJECUCIÓN DE OBRA | E9: =+D84 -> 5 | F9: MESES | I9: CONTRATO No.
A11: COD IDU | B11: ÍTEM | C11: A. ADMINISTRACIÓN
C12: 1. COSTOS MENSUALES DE PERSONAL
C13: CARGO | E13: CANTIDAD | F13: CATEGORÍA | G13: DEDICACIÓN MES | I13: TOPE IDU SALARIO (MES) | J13: FACTOR PRESTACIONAL | K13: N. MESES | L13: SALARIO + PRESTACIONES
E14: A | G14: B | I14: C | J14: D | K14: E | L14: F=A*B*C*D*E
B15: 1.1 | C15: PERSONAL PROFESIONAL (Ingenieros y Otros)
A16: 9112 | B16: 1.101 | C16: DIRECTOR DE OBRA | E16: 0 | F16: 6 | G16: 0.5 | I16: =+VLOOKUP(A16,'[191]INSUMOS IDU 2023 '!C5:H3653,4,0) -> 6339000 | J16: 1.4519257 | K16: =+$D$84 -> 5 | L16: =ROUND(E16*G16*I16*J16*K16,0) -> 0
A17: 9113 | B17: 1.102 | C17: INGENIERO RESIDENTE | E17: 0 | F17: 7 | G17: 1 | I17: =+VLOOKUP(A17,'[191]INSUMOS IDU 2023 '!C6:H3654,4,0) -> 4793000 | J17: 1.4532148 | K17: =+$D$84 -> 5 | L17: =ROUND(E17*G17*I17*J17*K17,0) -> 0
A18: 9112 | B18: 1.104 | C18: ESPECIALISTA EN REDES HIDROSANITARIAS | E18: 0 | F18: 6 | G18: 0.1 | I18: =+VLOOKUP(A18,'[191]INSUMOS IDU 2023 '!C7:H3655,4,0) -> 6339000 | J18: 1.4519257 | K18: =+$D$84 -> 5 | L18: =ROUND(E18*G18*I18*J18*K18,0) -> 0
A19: 9112 | B19: 1.105 | C19: ESPECIALISTA EN REDES (ELECTRICAS, GAS, TELEFONICSA, CABLE, FIBRA OPTICA, ETC). | E19: 0 | F19: 6 | G19: 0.1 | I19: =+VLOOKUP(A19,'[191]INSUMOS IDU 2023 '!C8:H3656,4,0) -> 6339000 | J19: 1.4519257 | K19: =+$D$84 -> 5 | L19: =ROUND(E19*G19*I19*J19*K19,0) -> 0
A20: 9112 | B20: 1.106 | C20: ESPECIALISTA EN ESTRUCTURAS | E20: 0 | F20: 6 | G20: 0.1 | I20: =+VLOOKUP(A20,'[191]INSUMOS IDU 2023 '!C9:H3657,4,0) -> 6339000 | J20: 1.4519257 | K20: =+$D$84 -> 5 | L20: =ROUND(E20*G20*I20*J20*K20,0) -> 0
A21: 9112 | B21: 1.109 | C21: ESPECIALISTA EN PAVIMENTOS | E21: 0 | F21: 6 | G21: 0.1 | I21: =+VLOOKUP(A21,'[191]INSUMOS IDU 2023 '!C10:H3658,4,0) -> 6339000 | J21: 1.4519257 | K21: =+$D$84 -> 5 | L21: =ROUND(E21*G21*I21*J21*K21,0) -> 0
A22: 9112 | B22: 1.109 | C22: ESPECIALISTA EN GEOTECNIA | E22: 0 | F22: 6 | G22: 0.1 | I22: =+VLOOKUP(A22,'[191]INSUMOS IDU 2023 '!C11:H3659,4,0) -> 6339000 | J22: 1.4519257 | K22: =+$D$84 -> 5 | L22: =ROUND(E22*G22*I22*J22*K22,0) -> 0
A23: 9112 | B23: 1.109 | C23: ESPECIALISTA EN TRANSITO Y TRANSPORTE | E23: 0 | F23: 6 | G23: 0.1 | I23: =+VLOOKUP(A23,'[191]INSUMOS IDU 2023 '!C12:H3660,4,0) -> 6339000 | J23: 1.4519257 | K23: =+$D$84 -> 5 | L23: =ROUND(E23*G23*I23*J23*K23,0) -> 0
A24: 9114 | B24: 1.11 | C24: RESIDENTE AMBIENTAL | E24: 0 | F24: 8 | G24: 0.5 | I24: =+VLOOKUP(A24,'[191]INSUMOS IDU 2023 '!C11:H3659,4,0) -> 4523000 | J24: 1.4535296 | K24: =+$D$84 -> 5 | L24: =ROUND(E24*G24*I24*J24*K24,0) -> 0
A25: 9114 | B25: 1.111 | C25: RESIDENTE SOCIAL | E25: 0 | F25: 8 | G25: 0.5 | I25: =+VLOOKUP(A25,'[191]INSUMOS IDU 2023 '!C12:H3660,4,0) -> 4523000 | J25: 1.4535296 | K25: =+$D$84 -> 5 | L25: =ROUND(E25*G25*I25*J25*K25,0) -> 0
A26: 9114 | B26: 1.112 | C26: FORESTAL | E26: 0 | F26: 8 | G26: 0.1 | I26: =+VLOOKUP(A26,'[191]INSUMOS IDU 2023 '!C13:H3661,4,0) -> 4523000 | J26: 1.4535296 | K26: =+$D$84 -> 5 | L26: =ROUND(E26*G26*I26*J26*K26,0) -> 0
B27: 1.2 | C27: PERSONAL TÉCNICO Y PERSONAL AUXILIAR
A28: 9093 | B28: 1.201 | C28: INSPECTOR SST | E28: 0 | F28: N/A | G28: 1 | I28: 2249000 | J28: 1.4591839 | K28: =+$D$84 -> 5 | L28: =ROUND(E28*G28*I28*J28*K28,0) -> 0
B29: 1.202 | C29: INSPECTOR DE OBRA | E29: 0 | F29: N/A | G29: 1 | I29: 2249001 | J29: 1.4591839 | K29: 5 | L29: =ROUND(E29*G29*I29*J29*K29,0) -> 0
A30: 9088 | B30: 1.203 | C30: TARIFA MES - PERSONAL TÉCNICO - TOPÓGRAFO INSPECTOR (NO INCLUYE FACTOR DE PRESTACIONES) | E30: 0 | F30: N/A | G30: 0.5 | I30: 3092000 | J30: 1.4561224 | K30: =+$D$84 -> 5 | L30: =ROUND(E30*G30*I30*J30*K30,0) -> 0
A31: 9094 | B31: 1.204 | C31: TARIFA MES - PERSONAL TÉCNICO - INSPECTOR 2 (NO INCLUYE FACTOR DE PRESTACIONES) | E31: 0 | F31: N/A | G31: 1 | I31: 2025000 | J31: 1.4604292 | K31: =+$D$84 -> 5 | L31: =ROUND(E31*G31*I31*J31*K31,0) -> 0
A32: 9099 | B32: 1.205 | C32: TARIFA MES - PERSONAL AUXILIAR TÉCNICO - CADENERO 2 (NO INCLUYE FACTOR DE PRESTACIONES) | E32: 0 | F32: N/A | G32: 0.5 | I32: 1670000 | J32: 1.5692079 | K32: =+$D$84 -> 5 | L32: =ROUND(E32*G32*I32*J32*K32,0) -> 0
B33: 1.3 | C33: PERSONAL ADMINISTRATIVO
A34: 9100 | B34: 1.301 | C34: TARIFA MES - PERSONAL AUXILIAR TÉCNICO - CONDUCTOR O MOTORISTA (NO INCLUYE FACTOR DE PRESTACIONES) | E34: 0 | F34: N/A | G34: 1 | I34: 1389000 | J34: 1.5935081 | K34: =+$D$84 -> 5 | L34: =ROUND(E34*G34*I34*J34*K34,0) -> 0
A35: 9105 | B35: 1.302 | C35: =+VLOOKUP(A35,'[190]INSUMOS IDU 2023 '!C29:F3677,2,0) -> TARIFA MES - PERSONAL ADMINISTRATIVO - SECRETARIA 2 (NO INCLUYE FACTOR DE PRESTACIONES) | E35: 0 | F35: N/A | G35: 1 | I35: =+VLOOKUP(A35,'[190]INSUMOS IDU 2023 '!C29:F3677,4,0) -> 1389000 | J35: =VLOOKUP(A35,[193]FP!B:H,6,0) -> 1.5935081 | K35: 5 | L35: =ROUND(E35*G35*I35*J35*K35,0) -> 0
C36: SUBTOTAL COSTOS MENSUALES DE PERSONAL | L36: =SUM(L16:L35) -> 0
A38: COD IDU | B38: ÍTEM | C38: 2. GASTOS OPERACIONALES MENSUALES | E38: CANT. | F38: AREA (M2) | G38: DEDICACIÓN | I38: DEDICACIÓN X ÁREA (M2) | J38: COSTO ($/M2.MES) | K38: N. MESES | L38: VALOR ($)
A39: 9577 | B39: 2.001 | C39: ALQUILER MES - CAMPAMENTOS INCL. SERVICIOS PÚBLICOS PROVISIONALES | E39: 0 | F39: 50 | G39: 1 | I39: 0 | J39: 30851 | K39: =+$D$84 -> 5 | L39: =ROUND(I39*J39*K39,0) -> 0
A40: 9578 | B40: =+B39+0.001 -> 2.002 | C40: GASTOS OFICINA (PAPELERIA, FOTOCOPIAS Y OTROS) | E40: 0 | F40: N/A | G40: 1 | I40: N/A | J40: 1043625 | K40: =+$D$84 -> 5 | L40: =ROUND(E40*G40*J40*K40,0) -> 0
A41: 9115 | B41: =+B40+0.001 -> 2.003 | C41: EQUIPO DE TOPOGRAFÍA. INCLUYE TRÁNSITO, NIVEL Y ELEMENTOS COMPLEMENTARIOS - MES | E41: 0 | F41: N/A | G41: 1 | I41: N/A | J41: 4103000 | K41: =+$D$84 -> 5 | L41: =ROUND(E41*G41*J41*K41,0) -> 0
A42: 9165 | B42: =+B41+0.001 -> 2.004 | C42: ALQUILER DE VEHICULO: CAMPERO, PICK-UP, CAMIONETA, CAMION O SIMILAR DE 1300cc A 2000cc DE CILINDRADA, MODELO 2022 A 2019. 100% DE LA TARIFA ESTABLECIDA. INCLUYE TODOS LOS COSTOS DE OPERACIÓN Y MANTENIMIENTO EXCEPTO EL SALARIO DEL CONDUCTOR | E42: 0 | F42: N/A | G42: 1 | I42: 500 | J42: 7265000 | K42: =+$D$84 -> 5 | L42: =ROUND(E42*G42*J42*K42,0) -> 0
C43: 0
C44: SUBTOTAL GASTOS OPERACIONALES | L44: =SUM(L39:L42) -> 0
C46: TOTAL COSTOS PERSONAL + GASTOS OPERACIONALES POR EL TÉRMINO DE EJECUCIÓN | L46: =(L36+L44) -> 0
C47: TOTAL COSTOS PERSONAL + GASTOS OPERACIONALES POR EL TÉRMINO DE EJECUCIÓN EN PORCENTAJE DEL COSTO DIRECTO | L47: =L46/E8 -> 0
B49: 3. IMPUESTOS Y GARANTÍAS
B50: 3.1 | C50: IMPUESTOS
B51: ÍTEM | C51: DESCRIPCIÓN | J51: IMPUESTO | L51: VALOR ($)
B52: =B50+0.001 -> 3.101 | C52: Contribución Especial (Impuesto de Guerra Ley 1738 DIC18-2014 prorroga 4 años) | J52: 0 | L52: =ROUND($E$8*J52,0) -> 0
B53: =B52+0.001 -> 3.102 | C53: ICA (Ley 14 6jul1983, Res 219 25feb2004) | J53: 0 | L53: =ROUND($E$8*J53,0) -> 0
B54: =B53+0.001 -> 3.103 | C54: GMF (Ley 1739 23dic2014 modifica el Estatuto Tributario) | J54: 0 | L54: =ROUND($E$8*J54,0) -> 0
B55: =B54+0.001 -> 3.104 | C55: Estampilla Universidad Distrital (Acuerdo 53 de 10ene2002) | J55: 0 | L55: =ROUND($E$8*J55,0) -> 0
B56: =B55+0.001 -> 3.105 | C56: Estampilla procultura (Acuerdo 187 20 dic 2005) | J56: 0 | L56: =ROUND($E$8*J56,0) -> 0
B57: =B56+0.001 -> 3.106 | C57: Estampilla pro personas Mayores (Acuerdo 645 de 9 de junio de 2016) | J57: 0 | L57: =ROUND($E$8*J57,0) -> 0
B58: =B57+0.001 -> 3.107 | C58: Estampilla Unipedagógica (Dec 584 de 19 dic 2014) | J58: 0 | L58: =ROUND($E$8*J58,0) -> 0
C59: SUBTOTAL IMPUESTOS | L59: =SUM(L52:L58) -> 0
B61: =B50+0.1 -> 3.2 | C61: GARANTIAS
B62: ÍTEM | C62: DESCRIPCIÓN | E62: VR. BASE | G62: % ASEGURADO | I62: VIGENCIA AMPARO (MESES) | J62: TASA ASEGURADORA | L62: VALOR ($)
B63: =B61+0.001 -> 3.201 | C63: Cumplimiento | D63: GARANTIA UNICA | E63: =ROUND(($E$8*ROUND((1+$M$77),4)),0) -> 3892213421 | G63: 0 | I63: 0 | J63: 0 | L63: =ROUND((((((E63*G63)*J63)/12)*I63)+2500)*1.19,0) -> 2975
B64: =B63+0.001 -> 3.202 | C64: Buen Manejo de Anticipo | E64: 0 | G64: 0 | I64: 0 | J64: 0 | L64: 0
B65: =B64+0.001 -> 3.203 | C65: Salarios y Prestaciones Sociales | E65: =ROUND(($E$8*ROUND((1+$M$77),4)),0) -> 3892213421 | G65: 0 | I65: 0 | J65: 0 | L65: =ROUND((((((E65*G65)*J65)/12)*I65)+2500)*1.19,0) -> 2975
B66: =B65+0.001 -> 3.204 | C66: Estabilidad de la Obra - Calidad del servicio | E66: =ROUND(($E$8*ROUND((1+$M$77),4)),0) -> 3892213421 | G66: 0 | I66: 0 | J66: 0 | L66: =ROUND((((((E66*G66)*J66)/12)*I66)+2500)*1.19,0) -> 2975
B67: =B66+0.001 -> 3.205 | C67: Predios, labores y Operaciones- Vigencia (Decreto 1082 de 2015 Sección III) | D67: RESPONSABILIDAD CIVIL EXTRACONTRACTUAL | E67: =ROUND(($E$8*ROUND((1+$M$77),4)),0) -> 3892213421 | G67: 0 | I67: 0 | J67: 0 | L67: =ROUND((((((E67*G67)*J67)/12)*I67)+2500)*1.19,0) -> 2975
C68: SUBTOTAL GARANTÍAS | L68: =ROUND(SUM(L63:L67),0) -> 11900
C70: TOTAL IMPUESTOS Y GARANTÍAS | L70: =ROUND(L59+L68,0) -> 11900
C71: TOTAL IMPUESTOS Y GARANTÍAS EN PORCENTAJE DEL COSTO DIRECTO | L71: =+L70/E8 -> 4.0357499e-06
C73: A. ADMINISTRACIÓN (1 + 2 + 3) | L73: =+L47+L71 -> 4.0357499e-06
C74: I. IMPREVISTOS | L74: 0.01
C75: U. UTILIDAD | L75: 0.05
C77: A.I.U. (ADMINISTRACIÓN, IMPREVISTOS Y UTILIDAD) | L77: =+L73+L74+L75 -> 0.060004036 | M77: 0.32
C80: NOTA:
C81: NOTA:
A83: PLAZO PRELIMINARES | D83: 0
A84: PLAZO CONSTRUCCIÓN | D84: 5

Sheet INDICAR CÓDIGO DEL ITEM DE PAGO
C3: Formulario 1 - Propuesta económica - Documento tipo de licitación de obra pública de infraestructura de transporte - versión 3
C4: Código | D4: CCE-EICP-FM-14 | E4: Versión | F4: 3
C6: [La entidad podrá utilizar este formato para la presentación de los análisis de precios unitarios del contratista en la oportunidad prevista en el numeral 8.1. del Documento Base]
D9: [NOMBRE DE LA ENTIDAD]
L10: VERSIÓN
D11: [NÚMERO DEL PROCESO]
L12: PÁGINA | M12: 1 | N12: DE | O12: 1
D14: ANALISIS DE PRECIOS UNITARIOS
L16: FECHA | M16: DD | N16: MM | O16: AA
C18: ÍTEMS DE LA PROPUESTA ECONÓMICA | I18: ÍTEMS NO PREVISTOS
C22: DATOS ESPECÍFICOS
C24: ÍTEM | D24: DESCRIPCIÓN | M24: UNIDAD | O24: CANTIDAD
C26: I. EQUIPO
C29: DESCRIPCIÓN | H29: MARCA | J29: TIPO | L29: TARIFA/HORA | M29: RENDIMIENTO | O29: Vr. UNITARIO
C33: SUBTOTAL $
C34: II. MATERIALES
C37: DESCRIPCIÓN | K37: UNIDAD | L37: CANTIDAD | M37: PRECIO UNIT. | O37: Vr. UNITARIO
C40: SUBTOTAL $ | O40: 0
C41: III. TRANSPORTES
C44: MATERIAL | J44: VOL. o PESO | K44: DISTANCIA | L44: M3 o Ton/Km | M44: TARIFA | O44: Vr. UNITARIO
C47: SUBTOTAL $
C48: IV. MANO DE OBRA
C51: TRABAJADOR | J51: JORNAL | K51: PRESTACIONES | L51: JORNAL TOTAL | M51: RENDIMIENTO | O51: Vr. UNITARIO
C56: SUBTOTAL $
C58: TOTAL COSTO DIRECTO $
C59: V. COSTOS INDIRECTOS
C62: Descripción | L62: Porcentaje | M62: Valor Total
C63: ADMINISTRACION
C64: IMPREVISTOS
C65: UTILIDAD
C66: SUBTOTAL $
C68: Precio Unitario Total Aproximado al peso $
H72: Firma
H73: Nombre:
H74: Representante Legal del Contratista o su Apoderado
H75: Matricula No. :
C77: OBSERVACIONES INTERVENTORÍA
C81: APROBACIÓN POR INTERVENTORÍA
C82: Nota 1: Cuando se trate de Análisis de precios unitarios correspondientes a ítems de la propuesta económica aprobada, el Interventor aprueba el desglose de los componentes manteniendo el mismo precio unitario de cada ítem, cumpliendo con las especificaciones de construcción vigentes para el proyecto.
C84: Nota 2: Cuando se trate de Análisis de precios unitarios de ítems no previstos, el Interventor aprueba el desglose y precio unitario de cada ítem no previsto, exigiendo la aplicación de los costos correspondientes a insumos y tarifas de la propuesta económica inicial cuando estén contemplados, cumpliendo con las especificaciones de construcción vigente para el proyecto.
H87: Firma
H88: Nombre:
H89: Representante Legal del Interventor o su Apoderado
H90: Matricula No. :

Sheet PMA SST  SOCIAL
A6: COMPONENTE A - GESTIÓN AMBIENTAL
A7: ITEM | E7: ESPECIFICACIÓN | F7: UN | G7: CANTIDAD | H7: CATEGORÍA | I7: DEDICACIÓN | J7: TOTAL | K7: PRECIO | L7: PRECIO TOTAL
A8: RESIDENTE AMBIENTAL | E8: Ingeniero sanitario y/o ambiental, ingeniero civil, ingeniero geólogo, ingeniero de minas, ingeniero de vías, ingeniero forestal o arquitecto. Con especialización, maestría o doctorado en el área ambiental, con cuatro (4) años de experiencia general y tres (3) años de experiencia específica en interventoría ambiental de construcción de obras de infraestructura vial. | F8: UN/MES | G8: 5 | H8: 5 | I8: 0.3 | J8: =+G8*1*0.3 -> 1.5 | K8: 5970000 | L8: =+K8*J8 -> 8955000
A9: RESIDENTE SOCIAL | E9: Profesional en ciencias sociales, Trabajador social, comunicador social, antropolgo o psicologo C con cuatro (4) años de experiencia general y tres (3) años de experiencia específica en interventoría ambiental de construcción de obras de infraestructura vial. | F9: UN/MES | G9: 5 | H9: 5 | I9: 0.3 | J9: =+G9*1*0.3 -> 1.5 | K9: 5970001 | L9: =+G9*I9*K9 -> 8955001.5
A10: INSPECTOR SST | E10: Técnico o Tecnologo Ambiental o en Seguriudad Industrial, con cuatro (4) años de experiencia general y tres (3) años de experiencia específica en manejo de sistemas de gestión de la seguridad y salud en el trabajo (antes programas de salud ocupacional) en la interventoría de construcción de infraestructura vial urbana | F10: UN/MES | G10: 5 | H10: 4 | I10: 1 | J10: =+G10*I10*1 -> 5 | K10: 3500100 | L10: =+G10*I10*K10 -> 17500500
A11: RESIDENTE FORESTAL | E11: Ingeniero forestal. Categoría cinco (5), es decir con cuatro (4) años de experiencia general y tres (3) años de experiencia específica en interventoría forestal de cobertura vegetal en áreas urbanas. | F11: UN/MES | G11: 5 | H11: 5 | I11: 0.3 | J11: =+G11*1*0.3 -> 1.5 | K11: 5970000 | L11: =+G11*I11*K11 -> 8955000
A12: BRIGADA DE ORDEN, ASEO Y LIMPIEZA. PERSONAL DE OBRA - AYUDANTE | E12: Personal de brigada y aseo (Incluye herramienta menor). Suministro. Dedicación del 100%. * La brigada de orden y aseo esta conformada por 4 operarios, y se define una brigada por cada 5000 m2 (en estaciones. En Pilonas, 1 Brigada de aseo por cada cuatro (4) pilonas o fracción). | F12: MES | G12: 5 | H12: NA | I12: 1 | J12: =+G12*I12*4 -> 20 | K12: 1516719 | L12: =+K12*J12 -> 30334380
A13: CAMIONETA CON PLATON 4X4 | E13: ALQUILER MES - CAMPERO PICK-UP, CAMIONETA DE 1300-2000cc - TARIFA PLENA | F13: MES | G13: 5 | H13: NA | I13: NA | J13: =+G13 -> 5 | K13: 6101000 | L13: =+K13*5 -> 30505000
L14: =SUM(L8:L13) -> 1.0520488e+08 | M14: INCLUIDO EN EL AIU
A20: COMPONENTE B-ACTIVIDADES CONSTRUCTIVAS
A21: ITEM | E21: ESPECIFICACIÓN | F21: UN | G21: CANTIDAD | H21: TOTAL | I21: PRECIO | J21: PRECIO TOTAL
A22: POLISOMRA VERDE | E22: TELA VERDE PARA CERRAMIENTO 2.10 METRO DE ANCHO DE 60GR | F22: m | G22: 40 | H22: =+G22 -> 40 | I22: 2214 | J22: =+H22*I22 -> 88560
A23: CINTA DE DEMARCACION | E23: CINTA PARA SEÑALIZACION DE 500MT X 4" PELIGRO CALIBRE 3.5 | F23: Und | G23: 10 | H23: =+G23 -> 10 | I23: 20598 | J23: =+I23*H23 -> 205980
A24: ALQUILER BAÑO PORTATIL | E24: BAÑO TIPO FLUSHING - ALQUILER MANTENIMIENTO Y ASEO DE BAÑOS PORTÁTILES VIP MENSUAL_(Según Apéndice Bioseguridad Covid 19_V1 y V2) | F24: Und/Mes | G24: 4 | H24: =+G24 -> 4 | I24: 391120 | J24: =+H24*I24 -> 1564480
A25: PALA | E25: PALA REDONDA No. 2 CON CABO | F25: Und | G25: 5 | H25: =+G25 -> 5 | I25: 31189 | J25: =+H25*I25 -> 155945
A26: PALA | E26: PALA CUADRADA CON CABO | F26: Und | G26: 5 | H26: =+G26 -> 5 | I26: 65000 | J26: =+H26*I26 -> 325000
A27: BARRA | E27: BARRA DE 18LB CON PUNTA Y PALA 150CM X 10CM | F27: Und | G27: 5 | H27: =+G27 -> 5 | I27: 87296 | J27: =+H27*I27 -> 436480
A28: MARTILLO | E28: MARTILLO DE BOLA DE 2LB | F28: Und | G28: 7 | H28: =+G28 -> 7 | I28: 37900 | J28: =+H28*I28 -> 265300
A29: SERRUCHO | E29: SERRUCHO DE 20" DIENTE ENDURECIDO | F29: Und | G29: 7 | H29: =+G29 -> 7 | I29: 16964 | J29: =+H29*I29 -> 118748
A30: CEPILLO INDUSTRIAL | E30: CEPILLO INDUSTRIAL DE NYLON CON CABO DE 35CM A 42CM X 9CM X 17CM | F30: Und | G30: 5 | H30: =+G30 -> 5 | I30: 12910 | J30: =+H30*I30 -> 64550
A31: CARRETILLA | E31: CARRETILLA RUEDA NEUMATICA PLATON METALICO CAPACIDAD CINCO PIES CUBICOS MANGO MADERA TIPO BUGGY | F31: Und | G31: 5 | H31: =+G31 -> 5 | I31: 123283 | J31: =+H31*I31 -> 616415
A32: CARPA VESTIER | E32: CARPA VESTIER 2.0m x 2.0m TECHO Y ESTRUCTURA CON LATERALES EN LONA | F32: Und | G32: 2 | H32: 2 | I32: 963900 | J32: =+H32*I32 -> 1927800
J33: =SUM(J22:J32) -> 5769258
A35: ITEM | E35: ESPECIFICACIÓN | F35: UN | G35: CANTIDAD | H35: TOTAL | I35: PRECIO | J35: PRECIO TOTAL
A36: MONITOREO DE RUIDO AMBIENTAL | E36: Muestra punto de acuerdo con lo establecido en ele Título III del Anexo 2 de la Res. 627/06 (MAVDT). | F36: MUEST | G36: 2 | H36: =+G36 -> 2 | I36: 450000 | J36: =+H36*I36 -> 900000
A37: INFORME DE RUIDO AMBIENTAL | E37: Informe Tácnico de la campaña de medición | F37: Un | G37: 1 | H37: 1 | I37: 1400000 | J37: =+H37*I37 -> 1400000
A38: COSTOS OPERATIVOS MONITOREO DE RUIDO AMBIENTAL | E38: Incluye transporte personal técnico x 4 días, honorarios personal técnico x 8 días, | F38: Un | G38: 1 | H38: 1 | I38: 2400000 | J38: =+H38*I38 -> 2400000
A39: SEÑALIZADOR TUBULAR REFLECTIVO (COLOMBINA) | E39: SEÑALIZACION TUBULAR COLOMBINA PLASTICA | F39: Un | G39: 2 | H39: =+G39 -> 2 | I39: 27370 | J39: =+H39*I39 -> 54740
A40: CINTA DE DEMARCACION | E40: CINTA PARA SEÑALIZACION DE 500MT X 4" PELIGRO CALIBRE 3.5 | F40: UN | G40: 3 | H40: =+G40 -> 3 | I40: 19798 | J40: =+H40*I40 -> 59394
A41: PLAFONADO DE POZOS | E41: PLAFONADO DE POZOS (INCLUYE SUMINISTRO Y COLOCACIÓN DE PUNTILLA, TABLA BURRA DE 2.90 X0.28X0.025M, CINTA DE SEÑALIZACION CAL 4 ROLLO 500MX0.10M Y SEÑALIZACIÓN TUBULAR COLOMBINA PLÁSTICA). | F41: Un | G41: 10 | H41: =+G41 -> 10 | I41: 135469 | J41: =+H41*I41 -> 1354690
A42: TABLA BURRA (Para fabricación de contenedores de materiales granulares y RCD) | E42: TABLA BURRA EN ORDINARIO 2.90 X 0.28 X 0.025 | F42: UN | G42: 20 | H42: =+G42 -> 20 | I42: 20954 | J42: =+H42*I42 -> 419080
A43: REPISA (Para fabricación de contenedores de materiales granulares y RCD) | E43: REPISA EN ORDINARIO 5.90 X 0.08 X 0.04 | F43: UN | G43: 20 | H43: 20 | I43: 44625 | J43: =+H43*I43 -> 892500
A44: LIMATON X 6m (Para fabricación de burros para almacenar tubería) | E44: LIMATON 6.00 M | F44: UN | G44: 24 | H44: =+G44 -> 24 | I44: 21083 | J44: =+H44*I44 -> 505992
J45: =SUM(J36:J44) -> 7986396
A49: ITEM | E49: ESPECIFICACIÓN | F49: UN | G49: CANTIDAD | H49: TOTAL | I49: PRECIO | J49: PRECIO TOTAL
A50: PUNTO ECOLÓGICO DE 35 LTS 4 PUESTOS (Suministro e Instalación) | E50: PUNTO ECOLÓGICO COMPUESTO POR 3 CANECAS TIPO BARCELONA M-121 (Canecas, blanca, negra y verde). *Un (1) Punto Ecológico cada 5000m2) | F50: Und | G50: 1 | H50: =+G50 -> 1 | I50: 1762688 | J50: =+H50*I50 -> 1762688
A51: BOLSAS PLÁSTICAS PARA RESIDUOS SÓLIDOS | E51: BOLSA PARA BASURA TIPO INDUSTRIAL NEGRA DE 60 x 90 Cm CALIBRE 2 (PAQUETE DE 30 UNIDADES)_(Según Apéndice Bioseguridad Covid 19_V2) | F51: Und | G51: 50 | H51: =+G51 -> 50 | I51: 11881 | J51: =+H51*I51 -> 594050
J52: =SUM(J50:J51) -> 2356738
A56: ITEM | E56: ESPECIFICACIÓN | F56: UN | G56: CANTIDAD | H56: TOTAL | I56: PRECIO | J56: PRECIO TOTAL
A57: EJECUCION DE HUMECTACIÓN DESDE CARROTANQUE | E57: CARROTANQUE IRRIGADOR DE AGUA - VIAJE | F57: Viaje | G57: 6 | H57: =+G57 -> 6 | I57: 195000 | J57: =+H57*I57 -> 1170000
A58: EJECUCION DE HUMECTACIÓN CON HIDROLAVADORA | E58: Humectación de materiales granulares y RCD con hidrolavadora de 1300W con boquilla de 65º (6,5 L/min). | F58: m3 | G58: 6 | H58: =+G58 -> 6 | I58: 10000 | J58: =+H58*I58 -> 60000
A59: POLIETILENO | E59: ROLLO PLASTICO NEGRO CALIBRE 6. 4 METROS DE ANCHO X 30 METROSS DE LONGITUD. | F59: m2 | G59: 3000 | H59: =+G59 -> 3000 | I59: 1188 | J59: =+H59*I59 -> 3564000
A60: MATERIAL PARTICULADO PM2,5 | E60: PARÁMETRO - MONITOREO CALIDAD DEL AIRE. Incluye unidad móvil, técnico de campo, comisión de campo, informe técnico, desplazamiento unidades móviles y transporte). Muestra 24h. | F60: MUEST/DIA | G60: 10 | H60: =+G60 -> 10 | I60: 94000 | J60: =+H60*I60 -> 940000
A61: MATERIAL PARTICULADO PM 10 | E61: PARÁMETRO - MONITOREO CALIDAD DEL AIRE. Incluye unidad móvil, técnico de campo, comisión de campo, informe técnico, desplazamiento unidades móviles y transporte). Muestra 24h. | F61: MUEST/DIA | G61: 10 | H61: =+G61 -> 10 | I61: 57000 | J61: =+H61*I61 -> 570000
A62: SO2 | E62: PARÁMETRO - MONITOREO CALIDAD DEL AIRE. Incluye unidad móvil, técnico de campo, comisión de campo, informe técnico, desplazamiento unidades móviles y transporte). | F62: MUEST/DIA | G62: 3 | H62: =+G62 -> 3 | I62: 48000 | J62: =+H62*I62 -> 144000
A63: NO2 | E63: PARÁMETRO - MONITOREO CALIDAD DEL AIRE. Incluye unidad móvil, técnico de campo, comisión de campo, informe técnico, desplazamiento unidades móviles y transporte). Muestra 3h. | F63: MUEST/DIA | G63: 3 | H63: =+G63 -> 3 | I63: 207000 | J63: =+H63*I63 -> 621000
A64: CO | E64: PARÁMETRO - MONITOREO CALIDAD DEL AIRE. Incluye unidad móvil, técnico de campo, comisión de campo, informe técnico, desplazamiento unidades móviles y transporte). Muestra 3h. | F64: MUEST/DIA | G64: 1 | H64: =+G64 -> 1 | I64: 207000 | J64: =+H64*I64 -> 207000
A65: O3 | E65: PARÁMETRO - MONITOREO CALIDAD DEL AIRE. Incluye unidad móvil, técnico de campo, comisión de campo, informe técnico, desplazamiento unidades móviles y transporte). Muestra 8h. | F65: MUEST/DIA | G65: 1 | H65: =+G65 -> 1 | I65: 245000 | J65: =+H65*I65 -> 245000
A66: COSTOS OPERATIVOS CAMPAÑA MONITOREO AIRE | E66: Incluye 1 estaciones meteorológicas, alquiler WDE andamios x 20 días, pago servidumbres x 20 días, transporte personal técnico x 20 días, honorarios personal técnico x 20 días, otros costos. | F66: Un | G66: 0.5 | H66: =+G66 -> 0.5 | I66: 20560000 | J66: =+H66*I66 -> 10280000
J67: =SUM(J57:J66) -> 17801000
A69: COMPONENTE C-FAUNA Y FLORA
A71: ITEM | E71: ESPECIFICACIÓN | F71: UN | G71: CANTIDAD | H71: TOTAL | I71: PRECIO | J71: PRECIO TOTAL
A72: EVALUACION Y SEGUIMIENTO SILVICULTURAL | E72: EVALUACION PARA TRATAMIENTO Y/O MANEJO SILVICULTURAL. CANTIDAD <25 ARBOLES. (SEGUN RESOLUCION SDA No. 5589 DEL 30/09/2011) | F72: UN | G72: 2 | H72: =+G72 -> 2 | I72: 106720 | J72: =+H72*I72 -> 213440
A73: EVALUACION Y SEGUIMIENTO SILVICULTURAL | E73: SEGUIMIENTO PARA TRATAMIENTO Y/O MANEJO SILVICULTURAL. CANTIDAD <25 ARBOLES. (SEGUN RESOLUCION SDA No. 5589 DEL 30/09/2011) | F73: UN | G73: 2 | H73: =+G73 -> 2 | I73: 225040 | J73: =+I73*H73 -> 450080
A74: EVALUACION Y SEGUIMIENTO SILVICULTURAL | E74: TALA DE ARBOLES CLASE III (10M < H < 20 M. INCLUYE DESENRAÍCE, RETIRO Y DISPOSICIÓN FINAL) | F74: UN | G74: 2 | H74: =+G74 -> 2 | I74: 309640 | J74: =+H74*I74 -> 619280
A75: COMPENSACIÓN FORESTAL | E75: VALOR IVP POR TALA DE INDIVIDUOS VEGETALES NO INCLUIDOS EN EL MANUAL DE SILVICULTURA URBANA CON ALTURA > 5m SEGUN RESOLUCION 7132 DEL 30/12/2011 DE LA SDA | F75: UN | G75: 1 | H75: =+G75 -> 1 | I75: 1033812 | J75: =+H75*I75 -> 1033812
A76: SIGAU | E76: ACTUALIZACION DE SISTEMA DE GESTION DEL ARBOLADO URBANO UBICADO EN TERRENO. SIGAU POR ARBOL PARA TALA, BLOQUEO Y TRASLADO | F76: UN | G76: 2 | H76: =+G76 -> 2 | I76: 11179 | J76: =+H76*I76 -> 22358
A77: SIGAU | E77: ACTUALIZACION DE SISTEMA DE GESTION DEL ARBOLADO URBANO UBICADO EN TERRENO. SIGAU POR ARBOL PARA PLANTACION | F77: UN | G77: 10 | H77: =+G77 -> 10 | I77: 10346 | J77: =+H77*I77 -> 103460
J78: =SUM(J72:J77) -> 2442430
A80: ITEM | E80: ESPECIFICACIÓN | F80: UN | G80: CANTIDAD | H80: TOTAL | I80: PRECIO | J80: PRECIO TOTAL
A81: DISEÑO PAISAJISTICO | E81: GUAYACAN H=1.5MT (INCLUYE TIERRA, ABONO, TUTOR, TRANSPORTE Y DISPOSICIÓN FINAL DE ESCOMBROS A 28 KM). SUMINISTRO Y PLANTACION. | F81: UN | G81: 9 | H81: =+G81 -> 9 | J81: =+H81*I81 -> 0
A82: DISEÑO PAISAJISTICO | E82: SANGREGADO H=1.5M (INCLUYE EXCAVACIÓN MANUAL, SIEMBRA, CAJA, TIERRA, ABONO, TUTOR, TRANSPORTE Y DISPOSICIÓN FINAL DE ESCOMBROS EN SITIO AUTORIZADO A 28 KM). SUMINISTRO Y PLANTACIÓN. | F82: UN | G82: 10 | H82: =+G82 -> 10 | J82: =+H82*I82 -> 0
J83: =SUM(J81:J82) -> 0 | K83: SE INCLUYE EN PRESUPUESTO OBRA
A86: ITEM | E86: ESPECIFICACIÓN | F86: UN | G86: CANTIDAD | H86: TOTAL | I86: PRECIO | J86: PRECIO TOTAL
A87: HERRAMIENTAS MANEJO FAUNA | E87: Sin especificación | F87: UN | G87: 2 | H87: =+G87 -> 2 | I87: 180000 | J87: =+H87*I87 -> 360000
A88: FUNDAS PARA MANEJO DE HERPETOFAUNA | E88: Sin especificación | F88: UN | G88: 2 | H88: =+G88 -> 2 | I88: 150000 | J88: =+H88*I88 -> 300000
A89: BAJA RAMAS PARA EL MANEJO DE AVES Y NIDOS | E89: Sin especificación | F89: UN | G89: 1 | H89: =+G89 -> 1 | I89: 220000 | J89: =+H89*I89 -> 220000
A90: CAJAS PARA TRANSPORTE DE NIDOS | E90: Sin especificación | F90: UN | G90: 1 | H90: =+G90 -> 1 | I90: 80000 | J90: =+H90*I90 -> 80000
A91: CARPA PARA RESCATE DE FAUNA | E91: CARPA VESTIER 2.0m x 2.0m TECHO Y ESTRUCTURA CON LATERALES EN LONA | F91: UN | G91: 1 | H91: =+G91 -> 1 | I91: 963900 | J91: =+H91*I91 -> 963900
A92: SILLAS | E92: Sin especificación | F92: UN | G92: 1 | H92: =+G92 -> 1 | I92: 120000 | J92: =+H92*I92 -> 120000
A93: RED PARA MANEJO DE NIDOS | E93: Sin especificación | F93: UN | G93: 1 | H93: =+G93 -> 1 | I93: 500000 | J93: =+H93*I93 -> 500000
A94: GUACALES | E94: GUACAL PARA TRASLADO DE FAUNA | F94: UN | G94: 1 | H94: =+G94 -> 1 | I94: 315772 | J94: =+H94*I94 -> 315772
A95: HERRAMIENTAS AHUYENTAMIENTO | E95: ELEMENTOS PARA AHUYENTAMIENTO DE AVIFAUNA | F95: UN | G95: 1 | H95: =+G95 -> 1 | I95: 1047200 | J95: =+H95*I95 -> 1047200
J96: =SUM(J87:J95) -> 3906872
A98: COMPONENTE D - SST | K98: SST
A99: ITEM | E99: ESPECIFICACIÓN | F99: UN | G99: CANTIDAD | H99: TOTAL | I99: PRECIO | J99: PRECIO TOTAL
A100: BOTIQUIN PRIMEROS AUXILIOS CON MEDICAMENTOS DE 22CM X 27CM | E100: BOTIQUIN PRIMEROS AUXILIOS CON MEDICAMENTOS DE 22CM X 27CM | F100: UN | G100: 2 | H100: =+G100 -> 2 | I100: 51308 | J100: =+H100*I100 -> 102616
A101: CAMILLA MADERA PRIMEROS AUXILIOS INMOVILIZADOR CABEZA | E101: CAMILLA EN MADERA NUEVA 0.70 x 1.4MT | F101: DIA | G101: 1 | H101: =+G101 -> 1 | I101: 1757998 | J101: =+H101*I101 -> 1757998
A102: EXTINTOR POLVO QUIMICO SECO DE 20LB TIPO ABC METALICO CON GANCHO Y AVISO | E102: EXTINTOR POLVO QUIMICO SECO DE 20LB TIPO ABC METALICO CON GANCHO Y AVISO | F102: UN | G102: 2 | H102: =+G102 -> 2 | I102: 82185 | J102: =+H102*I102 -> 164370
A103: BOTA CUERO LISA NEGRA SEGURIDAD PUNTERA DE ACERO | E103: BOTA CUERO LISA NEGRA SEGURIDAD PUNTERA DE ACERO | F103: PAR | G103: 40 | H103: =+G103 -> 40 | I103: 60216 | J103: =+H103*I103 -> 2408640
A104: BOTA DE CAUCHO, CINTA AMARILLA, PUNTERA Y PLANTILLA EN ACERO | E104: BOTA DE CAUCHO, CINTA AMARILLA, PUNTERA Y PLANTILLA EN ACERO | F104: PAR | G104: 8 | H104: =+G104 -> 8 | I104: 112415 | J104: =+H104*I104 -> 899320
A105: PROTECTOR AUDITIVO TIPO TAPON INSERCION EN SILICONA CON CORDEL EN ESTUCHE 25DB | E105: PROTECTOR AUDITIVO TIPO TAPON INSERCION EN SILICONA CON CORDEL EN ESTUCHE | F105: PAR | G105: 40 | H105: =+G105 -> 40 | I105: 2142 | J105: =+H105*I105 -> 85680
A106: PROTECTOR AUDITIVO TIPO COPA | E106: PROTECTOR AUDITIVO TIPO COPA | F106: UN | G106: 10 | H106: =+G106 -> 10 | I106: 20690 | J106: =+H106*I106 -> 206900
A107: MASCARILLA DESECHABLE CONTRA POLVOS Y PARTICULAS NO TOXICAS | E107: MASCARILLA DESECHABLE CONTRA POLVOS Y PARTICULAS NO TOXICAS | F107: UN | G107: 200 | H107: =+G107 -> 200 | I107: 1300 | J107: =+H107*I107 -> 260000
A108: RESPIRADOR PARA GASES DOBLE SIN CARTUCHO | E108: RESPIRADOR PARA GASES DOBLE SIN CARTUCHO | F108: UN | G108: 2 | H108: =+G108 -> 2 | I108: 28000 | J108: =+H108*I108 -> 56000
A109: FILTRO CONTRA POLVO PARA RESPIRADORES | E109: FILTRO CONTRA POLVO PARA RESPIRADORES | F109: UN | G109: 20 | H109: =+G109 -> 20 | I109: 1904 | J109: =+H109*I109 -> 38080
A110: CASCO DE SEGURIDAD DIELECTRICO | E110: CASCO DE SEGURIDAD DIELECTRICO | F110: UN | G110: 40 | H110: =+G110 -> 40 | I110: 14250 | J110: =+H110*I110 -> 570000
A111: BARBUQUEJO EN REATA CON MENTONERA CON TRES APOYOS PARA CASCO | E111: BARBUQUEJO EN REATA CON MENTONERA CON TRES APOYOS PARA CASCO | F111: UN | G111: 40 | H111: =+G111 -> 40 | I111: 4590 | J111: =+H111*I111 -> 183600
... A122: EXAMEN DE ESPIROMETRÍA DE INGRESO O EGRESO | E122: EXAMEN DE ESPIROMETRÍA DE INGRESO O EGRESO | F122: UN | G122: 40 | H122: =+G122 -> 40 | I122: 16000 | J122: =+H122*I122 -> 640000
J123: =SUM(J100:J122) -> 15684539
A125: COMPONENTE E- SEÑALIZACIÓN
A126: ITEM | E126: ESPECIFICACIÓN | F126: UN | G126: CANTIDAD | H126: TOTAL | I126: PRECIO | J126: PRECIO TOTAL
A127: SEÑALIZADOR TUBULAR REFLECTIVO (COLOMBINA) | E127: SEÑALIZACION TUBULAR COLOMBINA PLASTICA | F127: Un | G127: 30 | H127: =+G127 -> 30 | I127: 27370 | J127: =+H127*I127 -> 821100
A128: CINTA DE DEMARCACION | E128: CINTA PARA SEÑALIZACION DE 500MT X 4" PELIGRO CALIBRE 3.5 | F128: UN | G128: 20 | H128: =+G128 -> 20 | I128: 19798 | J128: =+H128*I128 -> 395960
A129: SEÑALES DE CAMPAMENTO Y FRENTES DE OBRA | E129: SEÑALIZACIÓN SISO EN LÁMINA POLÍMERO SEMIRÍGIDO 0.7mm Y FOTOLUMINISCENTE DE 150/20 MILICANALES (32 HORAS DE LUMINOSIDAD) | F129: UN | G129: 5 | H129: =+G129 -> 5 | I129: 13900 | J129: =+H129*I129 -> 69500
J130: =SUM(J127:J129) -> 1286560
A133: COMPONENTE F- PLAN DE GESTIÓN SOCIAL
A134: ITEM | E134: ESPECIFICACIÓN | F134: UN | G134: CANTIDAD | H134: TOTAL | I134: PRECIO | J134: PRECIO TOTAL
A135: AVISO PUNTO ATENCIÓN AL CIUDADANO | E135: AVISO EN VINILO 1,50M*0,90 INCLUYE INSTALACIÓN | F135: Un | G135: 1 | H135: =+G135 -> 1 | I135: 500000 | J135: =+H135*I135 -> 500000
A136: CARTELERA | E136: CARTELERA TIPO PUNTO CREA DE 1.00M X 1.00M EN ALUMINIO ANODIZADO, CON PAÑO COLOR GRIS, CENEFA SUPERIOR, PUERTAS CORREDIZAS, LOGO INSTITUCIONAL. INCLUYE SUMINISTRO E INSTALACION. | F136: UN | G136: 1 | H136: =+G136 -> 1 | I136: 481718 | J136: =+H136*I136 -> 481718
...

Sheet PMT
A2: VALOR PLAN MANEJO DE TRÁNSITO
A6: ITEM IDU | B6: SEÑALIZACION TEMPORAL | D6: VALOR UNITARIO IDU | E6: MESES | J6: CANTIDAD | K6: SUBTOTAL
E7: 1 | F7: 2 | G7: 3 | H7: 4 | I7: 5 | K7: =+D7*J7 -> 0
A8: 9424 | B8: AUXILIAR - BANDERERO- INCLUYE FACTOR PRESTACINES SOCIALES | C8: =VLOOKUP(A8,'[191]INSUMOS IDU 2023 '!C4:H3652,3,0) -> MES | D8: =VLOOKUP(A8,'[191]INSUMOS IDU 2023 '!C4:H3652,4,0) -> 1911652 | E8: 2 | F8: 2 | G8: 2 | H8: 2 | I8: 2 | J8: 4 | K8: =+D8*J8 -> 7646608
A9: 9169 | B9: =VLOOKUP(A9,'[191]INSUMOS IDU 2023 '!C5:H3653,2,0) -> PALETA PARE-SIGA REGLAMENTADA | C9: =VLOOKUP(A9,'[191]INSUMOS IDU 2023 '!C5:H3653,3,0) -> UN | D9: =VLOOKUP(A9,'[191]INSUMOS IDU 2023 '!C5:H3653,4,0) -> 29750 | E9: 2 | F9: 2 | G9: 2 | H9: 2 | I9: 2 | J9: 15 | K9: =+D9*J9 -> 446250
A10: 9860 | B10: =VLOOKUP(A10,'[191]INSUMOS IDU 2023 '!C6:H3654,2,0) -> SEÑAL TEMPORAL MÓVIL ECONÓMICA CON TRÍPODE TIPO SIO, SP, SI, SR DE (100 x 50 - 75 x 75 - 80 x 50) LÁMINA GALVANIZADA CAL. 20 Y ÁNGULOS DE 1" x 1/2" x 1/8". | C10: =VLOOKUP(A10,'[191]INSUMOS IDU 2023 '!C6:H3654,3,0) -> UN | D10: =VLOOKUP(A10,'[191]INSUMOS IDU 2023 '!C6:H3654,4,0) -> 333200 | E10: 12 | F10: =+E10 -> 12 | G10: =+F10 -> 12 | H10: =+G10 -> 12 | I10: =+H10 -> 12 | J10: 15 | K10: =+D10*J10 -> 4998000
A11: 9861 | B11: =VLOOKUP(A11,'[191]INSUMOS IDU 2023 '!C7:H3655,2,0) -> BARRICADA METÁLICA CON SEÑAL DE DESVÍO O VÍA CERRADA DE 2.40 m CINTA GRADO INGENIERÍA SHEETING | C11: =VLOOKUP(A11,'[191]INSUMOS IDU 2023 '!C7:H3655,3,0) -> UN | D11: =VLOOKUP(A11,'[191]INSUMOS IDU 2023 '!C7:H3655,4,0) -> 322103 | E11: 4 | F11: =+E11 -> 4 | G11: =+F11 -> 4 | H11: =+G11 -> 4 | I11: =+H11 -> 4 | J11: 6 | K11: =+D11*J11 -> 1932618
A12: 7554 | B12: =VLOOKUP(A12,'[191]INSUMOS IDU 2023 '!C8:H3656,2,0) -> SEÑALIZACION TUBULAR COLOMBINA PLASTICA | C12: =VLOOKUP(A12,'[191]INSUMOS IDU 2023 '!C8:H3656,3,0) -> UN | D12: =VLOOKUP(A12,'[191]INSUMOS IDU 2023 '!C8:H3656,4,0) -> 43962 | E12: 50 | F12: =+E12 -> 50 | G12: =+F12 -> 50 | H12: =+G12 -> 50 | I12: =+H12 -> 50 | J12: 50 | K12: =+D12*J12 -> 2198100
A13: 7306 | B13: =VLOOKUP(A13,'[191]INSUMOS IDU 2023 '!C9:H3657,2,0) -> CINTA DE DEMARCACION Cal. 3 (ROLLO 500mx0.10m) | C13: =VLOOKUP(A13,'[191]INSUMOS IDU 2023 '!C9:H3657,3,0) -> UN | D13: =VLOOKUP(A13,'[191]INSUMOS IDU 2023 '!C9:H3657,4,0) -> 28649 | E13: 3 | F13: =+E13 -> 3 | G13: =+F13 -> 3 | H13: =+G13 -> 3 | I13: =+H13 -> 3 | J13: 40 | K13: =+D13*J13 -> 1145960
B14: COSTO DIRECTO PLAN MANEJO DE TRÁNSITO | K14: =SUM(K8:K13) -> 18367536
J16: COSTO DIRTECTO DEL PPTO | K16: {=+'AIU OBRA (ENTIDAD)'!E8:G8} -> 2.9486465e+09 | L16: 0 | M16: 0
B18: COSTO DIRECTO PLAN MANEJO DE TRÁNSITO | K18: =K14/K16 -> 0.0062291413

Sheet AIU AMB SOCI
B2: ALCALDIA LOCAL DE TUNJUELITO
B6: OBJETO DE LA LICITACIÓN:
B8: COSTO DIRECTO ESTIMADO DE OBRA (CD) | E8: =+'PMA SST SOCIAL'!J150 -> 62569279 | I8: FECHA: | J8: MARZO DE 2023
B9: TERMINO ESTIMADO DE EJECUCIÓN DE OBRA | E9: 5 | F9: MESES | I9: CONTRATO No.
B12: 3. IMPUESTOS Y GARANTÍAS
B13: 3.1 | C13: IMPUESTOS
B14: ÍTEM | C14: DESCRIPCIÓN | J14: IMPUESTO | L14: VALOR ($)
B15: =B13+0.001 -> 3.101 | C15: Contribución Especial (Impuesto de Guerra Ley 1738 DIC18-2014 prorroga 4 años) | J15: 0.05 | L15: =ROUND($E$8*J15,0) -> 3128464
B16: =B15+0.001 -> 3.102 | C16: ICA (Ley 14 6jul1983, Res 219 25feb2004) | J16: =6.9/1000 -> 0.0069 | L16: =ROUND($E$8*J16,0) -> 431728
B17: =B16+0.001 -> 3.103 | C17: GMF (Ley 1739 23dic2014 modifica el Estatuto Tributario) | J17: =(4/1000) -> 0.004 | L17: =ROUND($E$8*J17,0) -> 250277
B18: =B17+0.001 -> 3.104 | C18: Estampilla Universidad Distrital (Acuerdo 53 de 10ene2002) | J18: 0.011 | L18: =ROUND($E$8*J18,0) -> 688262
B19: =B18+0.001 -> 3.105 | C19: Estampilla procultura (Acuerdo 187 20 dic 2005) | J19: 0.005 | L19: =ROUND($E$8*J19,0) -> 312846
B20: =B19+0.001 -> 3.106 | C20: Estampilla pro personas Mayores (Acuerdo 645 de 9 de junio de 2016) | J20: 0.02 | L20: =ROUND($E$8*J20,0) -> 1251386
B21: =B20+0.001 -> 3.107 | C21: Estampilla Unipedagógica (Dec 584 de 19 dic 2014) | J21: 0.005 | L21: =ROUND($E$8*J21,0) -> 312846
C22: SUBTOTAL IMPUESTOS | L22: =SUM(L15:L21) -> 6375809
B24: =B13+0.1 -> 3.2 | C24: GARANTIAS
B25: ÍTEM | C25: DESCRIPCIÓN | E25: VR. BASE | G25: % ASEGURADO | I25: VIGENCIA AMPARO (MESES) | J25: TASA ASEGURADORA | L25: VALOR ($)
B26: =B24+0.001 -> 3.201 | C26: Cumplimiento | D26: GARANTIA UNICA | E26: =ROUND(($E$8*ROUND((1+$M$40),4)),0) -> 73349966 | G26: 0.3 | I26: 14 | J26: 0.002 | L26: =ROUND((((((E26*G26)*J26)/12)*I26)+2500)*1.19,0) -> 64076
B27: =B26+0.001 -> 3.202 | C27: Buen Manejo de Anticipo | E27: =ROUND(($E$8*ROUND((1+$M$40),4)),0) -> 73349966 | G27: 1 | I27: 14 | J27: 0.002 | L27: =ROUND((((((E27*G27)*J27)/12)*I27)+2500)*1.19,0) -> 206643
B28: =B27+0.001 -> 3.203 | C28: Salarios y Prestaciones Sociales | E28: =ROUND(($E$8*ROUND((1+$M$40),4)),0) -> 73349966 | G28: 0.1 | I28: 44 | J28: 0.002 | L28: =ROUND((((((E28*G28)*J28)/12)*I28)+2500)*1.19,0) -> 66985
B29: =B28+0.001 -> 3.204 | C29: Estabilidad de la Obra - Calidad del servicio | E29: =ROUND(($E$8*ROUND((1+$M$40),4)),0) -> 73349966 | G29: 0.3 | I29: 60 | J29: 0.002 | L29: =ROUND((((((E29*G29)*J29)/12)*I29)+2500)*1.19,0) -> 264834
B30: =B29+0.001 -> 3.205 | C30: Predios, labores y Operaciones- Vigencia (Decreto 1082 de 2015 Sección III) | D30: RESPONSABILIDAD CIVIL EXTRACONTRACTUAL | E30: =ROUND(($E$8*ROUND((1+$M$40),4)),0) -> 73349966 | G30: 0.3 | I30: 8 | J30: 0.003 | L30: =ROUND((((((E30*G30)*J30)/12)*I30)+2500)*1.19,0) -> 55347
C31: SUBTOTAL GARANTÍAS | L31: =ROUND(SUM(L26:L30),0) -> 657885
C33: TOTAL IMPUESTOS Y GARANTÍAS | L33: =ROUND(L22+L31,0) -> 7033694
C34: TOTAL IMPUESTOS Y GARANTÍAS EN PORCENTAJE DEL COSTO DIRECTO | L34: =+L33/E8 -> 0.1124145
C36: A. ADMINISTRACIÓN (1 + 2 + 3) | L36: =+L34 -> 0.1124145
C37: I. IMPREVISTOS | L37: 0.01
C38: U. UTILIDAD | L38: 0.05
C40: A.I.U. (ADMINISTRACIÓN, IMPREVISTOS Y UTILIDAD) | L40: =+L36+L37+L38 -> 0.1724145 | M40: 0.1723
C43: NOTA:
C44: NOTA:
A47: PLAZO PRELIMINARES | D47: 0
A48: PLAZO CONSTRUCCIÓN | D48: 5

Sheet AIU PMT
B2: ALCALDIA LOCAL DE TUNJUELITO
B6: OBJETO DE LA LICITACIÓN:
B8: COSTO DIRECTO ESTIMADO DE OBRA (CD) | E8: =+PMT!K14 -> 18367536 | I8: FECHA: | J8: MARZO DE 2023
B9: TERMINO ESTIMADO DE EJECUCIÓN DE OBRA | E9: 5 | F9: MESES | I9: CONTRATO No.
B12: 3. IMPUESTOS Y GARANTÍAS
B13: 3.1 | C13: IMPUESTOS
B14: ÍTEM | C14: DESCRIPCIÓN | J14: IMPUESTO | L14: VALOR ($)
B15: =B13+0.001 -> 3.101 | C15: Contribución Especial (Impuesto de Guerra Ley 1738 DIC18-2014 prorroga 4 años) | J15: 0.05 | L15: =ROUND($E$8*J15,0) -> 918377
B16: =B15+0.001 -> 3.102 | C16: ICA (Ley 14 6jul1983, Res 219 25feb2004) | J16: =6.9/1000 -> 0.0069 | L16: =ROUND($E$8*J16,0) -> 126736
B17: =B16+0.001 -> 3.103 | C17: GMF (Ley 1739 23dic2014 modifica el Estatuto Tributario) | J17: =(4/1000) -> 0.004 | L17: =ROUND($E$8*J17,0) -> 73470
B18: =B17+0.001 -> 3.104 | C18: Estampilla Universidad Distrital (Acuerdo 53 de 10ene2002) | J18: 0.011 | L18: =ROUND($E$8*J18,0) -> 202043
B19: =B18+0.001 -> 3.105 | C19: Estampilla procultura (Acuerdo 187 20 dic 2005) | J19: 0.005 | L19: =ROUND($E$8*J19,0) -> 91838
B20: =B19+0.001 -> 3.106 | C20: Estampilla pro personas Mayores (Acuerdo 645 de 9 de junio de 2016) | J20: 0.02 | L20: =ROUND($E$8*J20,0) -> 367351
B21: =B20+0.001 -> 3.107 | C21: Estampilla Unipedagógica (Dec 584 de 19 dic 2014) | J21: 0.005 | L21: =ROUND($E$8*J21,0) -> 91838
C22: SUBTOTAL IMPUESTOS | L22: =SUM(L15:L21) -> 1871653
B24: =B13+0.1 -> 3.2 | C24: GARANTIAS
B25: ÍTEM | C25: DESCRIPCIÓN | E25: VR. BASE | G25: % ASEGURADO | I25: VIGENCIA AMPARO (MESES) | J25: TASA ASEGURADORA | L25: VALOR ($)
B26: =B24+0.001 -> 3.201 | C26: Cumplimiento | D26: GARANTIA UNICA | E26: =ROUND(($E$8*ROUND((1+$M$40),4)),0) -> 21534099 | G26: 0.3 | I26: 14 | J26: 0.002 | L26: =ROUND((((((E26*G26)*J26)/12)*I26)+2500)*1.19,0) -> 20913
B27: =B26+0.001 -> 3.202 | C27: Buen Manejo de Anticipo | E27: =ROUND(($E$8*ROUND((1+$M$40),4)),0) -> 21534099 | G27: 1 | I27: 14 | J27: 0.002 | L27: =ROUND((((((E27*G27)*J27)/12)*I27)+2500)*1.19,0) -> 62768
B28: =B27+0.001 -> 3.203 | C28: Salarios y Prestaciones Sociales | E28: =ROUND(($E$8*ROUND((1+$M$40),4)),0) -> 21534099 | G28: 0.1 | I28: 44 | J28: 0.002 | L28: =ROUND((((((E28*G28)*J28)/12)*I28)+2500)*1.19,0) -> 21767
B29: =B28+0.001 -> 3.204 | C29: Estabilidad de la Obra - Calidad del servicio | E29: =ROUND(($E$8*ROUND((1+$M$40),4)),0) -> 21534099 | G29: 0.3 | I29: 60 | J29: 0.002 | L29: =ROUND((((((E29*G29)*J29)/12)*I29)+2500)*1.19,0) -> 79852
B30: =B29+0.001 -> 3.205 | C30: Predios, labores y Operaciones- Vigencia (Decreto 1082 de 2015 Sección III) | D30: RESPONSABILIDAD CIVIL EXTRACONTRACTUAL | E30: =ROUND(($E$8*ROUND((1+$M$40),4)),0) -> 21534099 | G30: 0.3 | I30: 8 | J30: 0.003 | L30: =ROUND((((((E30*G30)*J30)/12)*I30)+2500)*1.19,0) -> 18350
C31: SUBTOTAL GARANTÍAS | L31: =ROUND(SUM(L26:L30),0) -> 203650
C33: TOTAL IMPUESTOS Y GARANTÍAS | L33: =ROUND(L22+L31,0) -> 2075303
C34: TOTAL IMPUESTOS Y GARANTÍAS EN PORCENTAJE DEL COSTO DIRECTO | L34: =+L33/E8 -> 0.11298756
C36: A. ADMINISTRACIÓN (1 + 2 + 3) | L36: =+L34 -> 0.11298756
C37: I. IMPREVISTOS | L37: 0.01
C38: U. UTILIDAD | L38: 0.05
C40: A.I.U. (ADMINISTRACIÓN, IMPREVISTOS Y UTILIDAD) | L40: =+L36+L37+L38 -> 0.17298756 | M40: 0.1724
C43: NOTA:
C44: NOTA:
A47: PLAZO PRELIMINARES | D47: 0
A48: PLAZO CONSTRUCCIÓN | D48: 5

Sheet ACTIVIDADES
C1: Nº | D1: ESPECIFICACIONES | F1: DESCRIPCIÓN | G1: UND. | H1: VALOR UNITARIO
D2: GENERAL | E2: PARTICULAR IDU
C3: PRELIMINARES
C4: 1 | D4: INV-105.2 -13 | E4: 3007 | F4: REPLANTEO GENERAL | G4: M2 | H4: 758
C5: DEMOLICIONES
C6: 2 | D6: INV-201-13 | E6: 5196 | F6: DEMOLICIÓN DE CONCRETO: ESPESORES 8CM A 15CM. (INCLUYE RETIRO DE MATERIAL, TRANSPORTE Y DISPOSICIÓN FINAL DE ESCOMBROS EN SITIO AUTORIZADO). | G6: M3 | H6: =+'[190]PRESUP TOTAL'!$G$16 -> 85531
C7: 3 | D7: INV-201-13 | E7: 5197 | F7: DEMOLICIÓN DE CONCRETO: ESPESORES 16CM A 25CM. (INCLUYE RETIRO DE MATERIAL, TRANSPORTE Y DISPOSICIÓN FINAL DE ESCOMBROS EN SITIO AUTORIZADO). | G7: M3 | H7: =+'[190]PRESUP TOTAL'!$G$17 -> 91446
C8: EXPLANACIONES Y TERRAPLENES
C9: 4 | D9: IDU ET-IC- 300-18 | E9: 3710 | F9: EXCAVACIÓN MECÁNICA EN MATERIAL COMÚN (INCLUYE CARGUE) | G9: M3 | H9: 4920
C10: 5 | D10: IDU ET-IC- 300-18 | E10: 3017 | F10: TRANSPORTE Y DISPOSICIÓN FINAL DE ESCOMBROS EN SITIO AUTORIZADO (DISTANCIA DE TRANSPORTE 21 KM). A DISTANCIA MAYOR DEL ACARREO LIBRE (90 M) EN SITIO AUTORIZADO POR LA ENTIDAD AMBIENTAL COMPETENTE. | G10: M3 | H10: 34896
C11: AFIRMADOS, BASES Y SUBBASES
C12: 6 | D12: IDU ET-IC- 510-18 | E12: 4161 | F12: SUBBASE GRANULAR CLASE A (SBG_A) (SUMINISTRO, EXTENDIDO, NIVELACIÓN, HUMEDECIMIENTO Y COMPACTACIÓN CON VIBROCOMPACTADOR) | G12: M3 | H12: 129602
C13: 7 | D13: IDU ET-IC- 410-18 | E13: 6016 | F13: ESTABILIZACIÓN DE SUBRASANTE CON RAJÓN, INCLUYE EQUIPO DE COMPACTACIÓN (SUMINISTRO, EXTENDIDO, NIVELACIÓN Y COMPACTACIÓN CON EQUIPO MECÁNICO) | G13: M3 | H13: 109965
C14: PAVIMENTOS
C15: 8 | D15: IDU ET-IC- 800-18 | E15: NP1 | F15: LOSA DE CONCRETO MR43 (SUMINISTRO, FORMALETEADO, COLOCACIÓN Y ACABADO. NO INCLUYE ACERO, CURADO, JUNTAS) | G15: M3 | H15: 712870
C16: 9 | D16: IDU ET-IC- 800-18 | E16: NP2 | F16: ACERO DE REFUERZO FY=60000 PSI. SUMINISTRO E INSTALACIÓN. DE ACUERDO A LO ESTIPULADO POR LA NSR-10, NORMA ASTM A-706, ICONTEC 2289 PARA EL ACERO PDR-60. INCLUYE TODOS LOS COSTOS DE SUMINISTRO DE MATERIALES (REFUERZO (G60) FIGURADO, CORRUGADO, INCLUYE EL ALAMBRE DE AMARRE), EQUIPOS, TRANSPORTES, MANEJO, ALMACENAMIENTO, DESPERDICIOS Y MANO DE OBRA. | G16: kg | H16: 7202
C17: 10 | D17: IDU ET-IC- 800-18 | E17: NP3 | F17: CANASTILLA PASAJUNTAS INCLUYE SUMINISTRO E INSTALACIÓN | G17: kg | H17: 7202
C18: GEOTEXTILES
C19: 11 | D19: IDU ET-IC-240-18 | E19: 4671 | F19: GEOTEXTIL NT 2500 PARA SEPARACION SUBRASANTE/CAPAS GRANULARES (INCLUYE SUMINISTRO E INSTALACIÓN) | G19: M2 | H19: 7720
C20: URBANISMO
C21: 12 | D21: IDU ET-IC-301-18 | E21: 4390 | F21: EXCAVACIÓN MANUAL EN MATERIAL COMÚN (INCL CARGUE, TRANSPORTE Y DISPOSICION FINAL) | G21: M3 | H21: 82116
C22: 13 | D22: IDU ET-IC-512-18 | E22: 4159 | F22: SUBBASE GRANULAR CLASE C (SBG_C) (SUMINISTRO, EXTENDIDO, NIVELACIÓN, HUMEDECIMIENTO Y COMPACTACIÓN CON VIBROCOMPACTADOR) | G22: M3 | H22: 128055
C23: 14 | D23: IDU ET-IC-413-18 | E23: 6486 | F23: ESTABILIZACIÓN CON RCD. INCLUYE TRASIEGO INTERNO, NIVELACIÓN Y COMPACTACIÓN. | G23: M3 | H23: 48063
C24: 15 | D24: IDU ET-IC-801-18 | E24: 6137 | F24: PISO EN CONCRETO COLOR GRIS MR41 (280 Kg/Cm2) GRAVA 1" 28 DIAS ESTAMPADO e=0.10m (INCLUYE SUMINISTRO Y COLOCACIÓN DE CONCRETO, JUEGO DE MOLDES, DESMOLDANTE EN POLVO, CURADOR PARA CONCRETO, INCLUYE CORTE Y SELLADO DE JUNTAS. | G24: M2 | H24: 192265
C25: 16 | D25: Cartilla de Andenes A-55-56 | E25: 6102 | F25: CENEFA LINEAL EN LOSETA PREFABRICADA TÁCTIL ALERTA Y GUÍA A55 / A56 ANCHO 0.40m (SUMINISTRO E INSTALACIÓN. INCLUYE BASE EN ARENA DE NIVELACIÓN e= 4cm Y ARENA DE SELLO). | G25: ML | H25: 25934
C26: 17 | D26: Cartilla de Andenes A-57-58 | E26: 8228 | F26: CENEFA LINEAL EN LOSETA PREFABRICADA TÁCTIL ALERTA A57 / A58 ANCHO 0.20M COLOR AMARILLO. (SUMINISTRO E INSTALACIÓN. INCLUYE BASE EN ARENA DE NIVELACIÓN E= 4CM Y ARENA DE SELLO). | G26: ML | H26: 20643
C27: 18 | D27: Cartilla de Andenes A-26 | E27: 8229 | F27: FRANJA EN ADOQUIN DE CONCRETO DEMARCADOR VISUAL A26 20X10X6CM COLOR AMARILLO. (SUMINISTRO E INSTALACIÓN. INCLUYE BASE 3CM ARENA NIVELACIÓN Y ARENA DE SELLO). | G27: ML | H27: 16118
C28: 19 | D28: Cartilla de Andenes A-51 | E28: 8776 | F28: CENEFA LINEAL EN LOSETA LISA BICAPA TIPO A51 (40 X 20 X 6) cm PARA FRANJA DE SEGURIDAD (Suministro, colocación y compactación con equipo manual. Incluye base en arena de nivelación e=4 cm y arena de sello) | G28: ML | H28: 21944
C29: 20 | D29: Cartilla de Andenes A-10 | E29: 4054 | F29: SARDINEL TIPO A10 (SUMINISTRO E INSTALACIÓN. INCLUYE 3CM MORTERO 2000 PSI) | G29: ML | H29: 61118
C30: 21 | D30: Cartilla de Andenes A-80 | E30: 6475 | F30: BORDILLO PREFABRICADO A80 (SUMINISTRO E INSTALACIÓN. INCLUYE 3CM MORTERO DE PEGA 2000 PSI Y NIVELACIÓN DEL TERRENO CON RELLENO EN MATERIAL SELECCIONADO PROVENIENTE DE EXCAVACIÓN). | G30: ML | H30: 60097
C31: 22 | D31: Cartilla de Andenes A-20 | E31: 4088 | F31: SARDINEL BAJO A85 PARA RAMPAS (SUMINISTRO E INSTALACIÓN. INCLUYE 3CM MORTERO 2000 PSI) | G31: ML | H31: 60531
C32: 23 | D32: Cartilla de Andenes | E32: 4855 | F32: CONSTRUCCIÓN DE FRANJA DE AJUSTE EN CONCRETO PREMEZCLADO GRAVA COMÚN 3000 PSI, ESPESOR PROMEDIO 10 CM.. | G32: M2 | H32: 41249
... C40: 31 | D40: Cartilla de Mobiliario Urbano B23 | E40: 7353 | F40: CONTENEDOR DE RAICES TIPO B23 (TIPO D) (2.00M X 2.00M X 1.40M). (INCLUYE FILTRO EN GRAVILLA, TIERRA NEGRA. SUMINISTRO Y CONSTRUCCIÓN). | G40: UN | H40: 1343955
C41: ESTRUCTURAS
C42: 32 | D42: IDU ET-IC-301-18 | E42: 3710 | F42: EXCAVACIÓN MECÁNICA EN MATERIAL COMÚN (INCLUYE CARGUE) | G42: M3 | H42: 4920
C43: 33 | D43: IDU ET-IC-301-18 | E43: 3017 | F43: TRANSPORTE Y DISPOSICIÓN FINAL DE ESCOMBROS EN SITIO AUTORIZADO (DISTANCIA DE TRANSPORTE 21 KM). A DISTANCIA MAYOR DEL ACARREO LIBRE (90 M) EN SITIO AUTORIZADO POR LA ENTIDAD AMBIENTAL COMPETENTE. | G43: M3 | H43: 34896
C44: 34 | D44: INV-ART 630 | E44: 5421 | F44: MURO ESTRUCTURAL EN CONCRETO 4000 PSI PREMEZCLADO, GRAVA COMÚN. (Incluye suministro, formaleteo, bombeo, colocación y curado. No incl. Refuerzo). | G44: M3 | H44: 750703
C45: 35 | D45: INV-ART 630 | E45: 9109 | F45: CONCRETO 2000 PSI GRAVA COMÚN 14 MPA (140 Kg/Cm2) PARA SOLADOS (PREMEZCLADO. INCLUYE SUMINISTRO Y COLOCACIÓN). | G45: M3 | H45: =+'[190]PRESUP TOTAL'!$G$55 -> 423691
C46: 36 | D46: IDU ET-IC-240-18 | E46: 4009 | F46: GEOTEXTIL NT 3000 PARA SUBDRENES/FILTROS (INCLUYE SUMINISTRO E INSTALACIÓN) | G46: M2 | H46: 8678
C47: 37 | D47: INV 673-13 | E47: 8655 | F47: GRAVILLA DE 3/4" - SUMINISTRO E INSTALACIÓN. | G47: M3 | H47: =+'[190]PRESUP TOTAL'!$G$58 -> 64191
C48: 38 | D48: EAB NS-72 | E48: 3776 | F48: ENTIBADO TIPO ED1, DISCONTINUO EN MADERA (INCLUYE SUMINISTRO E INSTALACIÓN) | G48: M2 | H48: 37044
C49: 39 | D49: IDU ET-IC-320-18 | E49: 4905 | F49: GEODREN VIAL DE 100MM X 1.0M. SUMINISTRO E INSTALACIÓN. (INCLUYE EXCAVACIÓN MANUAL E= 30CM Y RELLENO EN MATERIAL SELECCIONADO PROVENIENTE DE EXCAVACIÓN.. | G49: ML | H49: 87629
C50: 40 | D50: IDU ET-IC- 510-18 | E50: 4556 | F50: SUBBASE GRANULAR CLASE A (SBG_A) (SUMINISTRO, EXTENDIDO MANUAL, HUMEDECIMIENTO Y COMPACTACIÓN) | G50: ML | H50: 102194
C51: 41 | D51: INV-ART 630 | E51: 3641 | F51: CONCRETO 3000 PSI GRAVA FINA PARA ESTRUCTURA DE TRANSICIÓN (PREMEZCLADO. INCL. SUMIN, FORMALETA, BOMBEO CON AUTOBOMBA Y COLOCACIÓN. NO INCL. REFUERZO, CURADO) | G51: ML | H51: 116657
C52: 42 | D52: IDU ET-IC- 800-18 | E52: NP2 | F52: ACERO DE REFUERZO FY=60000 PSI. SUMINISTRO E INSTALACIÓN. DE ACUERDO A LO ESTIPULADO POR LA NSR-10, NORMA ASTM A-706, ICONTEC 2289 PARA EL ACERO PDR-60. INCLUYE TODOS LOS COSTOS DE SUMINISTRO DE MATERIALES (REFUERZO (G60) FIGURADO, CORRUGADO, INCLUYE EL ALAMBRE DE AMARRE), EQUIPOS, TRANSPORTES, MANEJO, ALMACENAMIENTO, DESPERDICIOS Y MANO DE OBRA. | G52: KG | H52: 7202
C53: 43 | D53: INV 681-13 | E53: NP4 | F53: GAVIONES - SUMINISTRO Y CONSTRUCCIÓN. INCLUYE RAJÓN, MALLA PARA GAVIONES Y ALAMBRE RECOCIDO. | G53: M3 | H53: 306702
C54: OBRAS HIDRÁULICAS
C55: 44 | D55: IDU ET-IC-301-18 | E55: 4262 | F55: EXCAVACION MECANICA PARA REDES PROFUNDIDAD 0M - 3.5M (INCLUYE CARGUE) | G55: M3 | H55: 4920
C56: 45 | D56: IDU ET-IC-301-18 | E56: 4155 | F56: EXCAVACION MECANICA EN ROCA (INCLUYE CARGUE) | G56: M3 | H56: 77602
C57: 46 | D57: IDU ET-IC-301-18 | E57: 3017 | F57: TRANSPORTE Y DISPOSICIÓN FINAL DE ESCOMBROS EN SITIO AUTORIZADO (DISTANCIA DE TRANSPORTE 21 KM). A DISTANCIA MAYOR DEL ACARREO LIBRE (90 M) EN SITIO AUTORIZADO POR LA ENTIDAD AMBIENTAL COMPETENTE. | G57: M3 | H57: 34896
C58: 47 | D58: EAB-NS-040 | E58: 5710 | F58: GRAVILLA DE 1/2" SUELTA - SUMINISTRO E INSTALACION. | G58: M3 | H58: 66398
C59: 48 | D59: EAB-NS-040 | E59: 4487 | F59: BASE GRANULAR CLASE A (BG_A) (SUMINISTRO, EXTENDIDO MANUAL, HUMEDECIMIENTO Y COMPACTACIÓN) | G59: M3 | H59: 151234
C60: 49 | D60: EAB-NS-040 | E60: 3050 | F60: RELLENO EN MATERIAL SELECCIONADO PROVENIENTE DE LA EXCAVACIÓN (EXTENDIDO MANUAL, HUMEDECIMIENTO Y COMPACTACIÓN) | G60: M3 | H60: 30900
C61: 50 | D61: NTC 3722 | E61: 3044 | F61: TUBERIA PVC U.M. EXT CORRUGADO/INT LISO U.M. NORMA NTC 3722-1 D=10" (INCLUYE SUMINISTRO E INSTALACIÓN) | G61: ML | H61: 102194
C62: 51 | D62: NTC 3722 | E62: 3045 | F62: TUBERIA PVC U.M. EXT CORRUGADO/INT LISO U.M. NORMA NTC 3722-1 D=12" (INCLUYE SUMINISTRO E INSTALACIÓN) | G62: ML | H62: 116657
C63: 52 | D63: EAB NS-029 | E63: 3471 | F63: CILINDRO POZO INSP. EN MAMPOSTERIA E=0.25M (INC. SUMIN. Y CONST, ACERO PARA ESCALERAS, GEOTEXTIL Y PAÑETE IMPERMEAB.) | G63: ML | H63: 580878
C64: 53 | D64: EAB NS-024 | E64: 3473 | F64: PLACA FONDO D=1.70M POZO INSPEC. (FUNDIDA EN SITIO. INCL. SUMIN, FORMALET, REF, INST. INCL. CONCRETO 2000 PSI DE BASE) | G64: UN | H64: 598684
C65: 54 | D65: EAB NS-029 | E65: 4252 | F65: PLACA CUBIERTA D=1.70M POZO INSPEC. (FUNDIDA EN SITIO. INC. SUM, FORMALET., REFUERZO E INST. INCL.TAPA EN POLIPROPILENO) | G65: UN | H65: 1866870
C66: 55 | D66: EAB NS-029 | E66: 3722 | F66: NIVELACIÓN DE POZO (HASTA RASANTE EN CONCRETO 3000 PSI HECHO EN OBRA, H=0.15M. INCLUYE SUMINISTRO Y CONSTRUCCIÓN) | G66: UN | H66: 122862
... C74: 63 | D74: EAB-NS-040 | E74: 4158 | F74: BASE GRANULAR CLASE A (BG_A) (SUMINISTRO, EXTENDIDO, NIVELACIÓN, HUMEDECIMIENTO Y COMPACTACIÓN CON VIBROCOMPACTADOR) | G74: M3 | H74: 145072
C75: REDES ACUEDUCTO
C76: 64 | D76: EAB-NS-019 | E76: 4390 | F76: EXCAVACIÓN MANUAL EN MATERIAL COMÚN (INCL CARGUE, TRANSPORTE Y DISPOSICION FINAL) | G76: M3 | H76: 82116
C77: 65 | D77: EAB-NS-019 | E77: 3017 | F77: TRANSPORTE Y DISPOSICIÓN FINAL DE ESCOMBROS EN SITIO AUTORIZADO (DISTANCIA DE TRANSPORTE 21 KM). A DISTANCIA MAYOR DEL ACARREO LIBRE (90 M) EN SITIO AUTORIZADO POR LA ENTIDAD AMBIENTAL COMPETENTE. | G77: M3 | H77: 34896
C78: 66 | D78: EAB-NS-040 | E78: 3024 | F78: RELLENO PARA REDES EN ARENA DE PEÑA (SUMINISTRO, EXTENDIDO, HUMEDECIMIENTO Y COMPACTACIÓN) | G78: M3 | H78: 111489
C79: 67 | D79: EAB-NS-040 | E79: 4487 | F79: BASE GRANULAR CLASE A (BG_A) (SUMINISTRO, EXTENDIDO MANUAL, HUMEDECIMIENTO Y COMPACTACIÓN) | G79: M3 | H79: 151234
C80: 68 | D80: EAB-NS-032 | E80: 3234 | F80: TUBERIA PVC D=4" TIPO U.M. RDE 26 (SUMINISTRO E INSTALACIÓN) | G80: ML | H80: 41727
C81: 69 | D81: EAB-NS-011 | E81: 3257 | F81: TEE HD EXTREMO LISO 8"X4" (SUMINISTRO E INSTALACIÓN) | G81: UN | H81: 863214
C82: 70 | D82: EAB-NS-026 | E82: 4402 | F82: VALVULA COMPUERTA ELASTICA VASTAGO NO ASCENDENTE EXTREMO LISO D=4" (SUMINISTRO E INSTALACIÓN) | G82: UN | H82: 980829
C83: 71 | D83: EAB-NS-023 | E83: 4978 | F83: CONSTRUCCIÓN DE CAJA PARA VALVULA D= 3", D= 4", D= 6" Y D= 8" (NORMA EAAB NS-027) DE 0.4M X0.5M H=2.0M (INCLUYE MARCO Y TAPA). | G83: UN | H83: 561786
C84: 72 | D84: EAB-NS-032 | E84: 3589 | F84: TAPON HD EXTREMO LISO D=8" (SUMINISTRO E INSTALACIÓN) | G84: UN | H84: 508908
C85: 73 | D85: EAB-NS-011 | E85: 3305 | F85: CODO HD 45° EXTREMO LISO PARA PVC D=4" (SUMINISTRO E INSTALACIÓN) | G85: UN | H85: 193561
C86: 74 | D86: EAB-NS-011 | E86: 3293 | F86: CODO HD 90° EXTREMO LISO PARA PVC D=4" (SUMINISTRO E INSTALACIÓN) | G86: UN | H86: 230583
C87: 75 | D87: EAB-NS-011 | E87: 3602 | F87: UNION PVC TIPO U.M. D= 4" (SUMINISTRO E INSTALACIÓN) | G87: UN | H87: 85522
... C90: 78 | D90: INV-ART 630 | E90: 3202 | F90: CONCRETO 3000 PSI HECHO EN OBRA PARA REDES (SUMINISTRO Y COLOCACIÓN) | G90: M3 | H90: 552578
C91: REDES SECAS
C92: 79 | D92: IDU ET-IC-301-18 | E92: 4390 | F92: EXCAVACIÓN MANUAL EN MATERIAL COMÚN (INCL CARGUE, TRANSPORTE Y DISPOSICION FINAL) | G92: M3 | H92: 82116
C93: 80 | D93: NORMA LA2009 | E93: 3350 | F93: POSTE EN CONCRETO AP, H=10M, CR=510 KG (INC. SUMINISTRO, IZAJE, HINCADO, APLOMADO Y CIMENTACIÓN SEGÚN NORMA LA009) | G93: UN | H93: 951449
C94: 81 | D94: CODENSA NORMA ET 808 | E94: 8173 | F94: LUMINARIA LED 70W, 32 LED. 100-227 V. (INCLUYE LUMINARIA, CABLES Y ELEMENTOS DE CONEXIÓN, OBRAS COMPLEMENTARIAS Y ACCESORIOS. INCLUYE SUMINISTRO, INSTALACIÓN, PRUEBAS Y PUESTA EN FUNCIONAMIENTO). | G94: UN | H94: 766644
C95: 82 | D95: NORMA CS 274 | E95: 4104 | F95: CAJA DE INSPECCIÓN PARA ALUMBRADO PÚBLICO NORMA CODENSA CS 274 (ANDEN. INCLUYE BASE, MUROS, PAÑETE, MARCO Y TAPA). MEDIDAS EXTERNAS: 0.90 X 0.90M. MEDIDAS INTERNAS: 0.60 X 0.60M. ALTURA: 0.93M. | G95: UN | H95: 601437
C96: 83 | D96: NORMA CS 207 | E96: 3159 | F96: 2 DUCTOS D=3" PVC-EB (INCLUYE SUMINISTRO E INSTALACIÓN. NO INCLUYE RELLENOS). NORMA CS207. | G96: ML | H96: 33699
C97: 84 | D97: NORMA CS 207 | E97: 3413 | F97: ADAPTADOR TERMINAL CAMPANA PVC D=3" (SUMINISTRO E INSTALACIÓN) | G97: UN | H97: 10791
C98: 85 | D98: CODENSA -NORMA AP802 | E98: 3024 | F98: RELLENO PARA REDES EN ARENA DE PEÑA (SUMINISTRO, EXTENDIDO, HUMEDECIMIENTO Y COMPACTACIÓN) | G98: M3 | H98: 111489
C99: 86 | D99: CODENSA -NORMA AE239-1 | E99: 4907 | F99: SUBBASE GRANULAR PEATONAL SBG_PEA. SUMINISTRO, EXTENDIDO MANUAL, NIVELACIÓN, HUMEDECIMIENTO Y COMPACTACIÓN | G99: M3 | H99: 121532
C100: 87 | D100: CODENSA -NORMA AP802 | E100: 7658 | F100: TUBERIA CONDUIT GALVANIZADA IMC D=3" (INCLUYE SUMINISTRO E INSTALACIÓN, ACCESORIOS DE FIJACIÓN). | G100: ML | H100: 89718
C101: 88 | D101: CODENSA -NORMA AP802 | E101: 5838 | F101: ACOMETIDA MONOFASICA (12+12+14T AWG-THHN-600V-CU) SUMINISTRO E INSTALACION (ACOMETIDAS PARCIALES PARA LOS TABLEROS REGULADOS DE LOS MODULOS, EN TUBERIA EMT 3". INCLUYE ACCESORIOS DE INSTALACION Y FIJACION. | G101: ML | H101: 163581
C102: 89 | D102: CODENSA -NORMA AP802 | E102: 5779 | F102: ACOMETIDA TRIFASICA (3 NO.4 + 1 NO.4 + 1NO.4T AWG-THHN-600V-CU). SUMINISTRO E INSTALACION. EN TUBERIA PVC 4". | G102: ML | H102: 85812
C103: 90 | D103: CODENSA -NORMA AP802 | E103: 7624 | F103: ACCESORIOS DE INSTALACIÓN ADICIONALES: CONDULETAS, CONECTORES, RECTOS, ADAPTADOR PVC A EMT, CAJAS METÁLICAS 5800 ENTRE OTROS | G103: GLB | H103: 72303
... C105: 92 | D105: NORMA CS 340 | E105: 3203 | F105: CONCRETO 2500 PSI HECHO EN OBRA PARA REDES (SUMINISTRO Y COLOCACIÓN) | G105: M3 | H105: 478831
C106: SEÑALIZACIÓN Y DEMARCACIÓN
C107: 93 | D107: MANUAL DE SEÑALIZACIÓN VIAL - 2015 (Capítulo 3: Demarcaciones) | E107: 4240 | F107: DEMARCACION LINEA CONTINUA A=0.12M (E=2.3MM,TERMOPLÁSTICA. INC. SUMINISTRO Y APLICACIÓN CON EQUIPO. INCL. MICROESFERAS) | G107: ML | H107: 14531
C108: 94 | D108: MANUAL DE SEÑALIZACIÓN VIAL - 2015 (Capítulo 3: Demarcaciones) | E108: 4241 | F108: DEMARCACION LINEA DISCONTINUA A=0.12M (E=2.3MM,TERMOPLÁSTICA. INC. SUMINISTRO Y APLICACIÓN CON EQUIPO. INCL. MICROESFERA | G108: ML | H108: 14531
D109: MANUAL DE SEÑALIZACIÓN VIAL - 2015 (Capítulo 3: Demarcaciones) | E109: 3491 | F109: FLECHA DIRECCIONAL "DE FRENTE" (E=15 MILS, ACRÍLICA BASE AGUA. INC. SUMIN. Y APLIC. CON EQUIPO. INCL. MICROESFERAS) | G109: UN | H109: 42233
D110: MANUAL DE SEÑALIZACIÓN VIAL - 2015 (Capítulo 3: Demarcaciones) | E110: 3492 | F110: FLECHA DIRECCIONAL "DE FRENTE A LA DERECHA" (E=15 MILS, ACRÍLICA BASE AGUA. INC. SUMIN. Y APLIC. CON EQUIPO. INCL. MICR | G110: UN | H110: 76723
D111: MANUAL DE SEÑALIZACIÓN VIAL - 2015 (Capítulo 3: Demarcaciones) | E111: 4248 | F111: DEMARCACION PASO PEATONAL-CEBRA (E=2.3MM,TERMOPLÁSTICA. INC. SUMINISTRO Y APLICACIÓN CON EQUIPO. INC MICROESFERAS) | G111: M2 | H111: 121085
D112: MANUAL DE SEÑALIZACIÓN VIAL - 2015 (Capítulo 3: Demarcaciones) | E112: 5864 | F112: DEMARCACION ZONA ANTIBLOQUEO. AREA: 0.30 M2. (E= 2.3 MILS, TERMOPLASTICA. SUMINISTRO Y APLICACION CON EQUIPO. INCLUYE MICROESFERAS. | G112: ML | H112: 40523
D113: MANUAL DE SEÑALIZACIÓN VIAL - 2015 (Capítulo 3: Demarcaciones) | E113: 6588 | F113: DEMARCACIÓN DE ACHURADO. AREA: 1.0 M2 (E= 15 MILS, ACRÍLICA BASE AGUA. SUMINISTRO Y APLICACIÓN CON EQUIPO. INCLUYE MICROESFERAS. | G113: M2 | H113: 45169
D114: MANUAL DE SEÑALIZACIÓN VIAL - 2015 (Capítulo 3: Demarcaciones) | E114: 6594 | F114: DEMARCACIÓN PICTOGRAMA TRIÁNGULOS CEDA EL PASO. (E= 15 MILS, ACRÍLICA BASE AGUA. SUMINISTRO Y APLICACIÓN CON EQUIPO. INCLUYE MICROESFERAS. | G114: UN | H114: 38514

Sheet Hoja1
B2: SAN BENITO
B3: CIV | C3: DESDE | D3: HASTA | E3: BARRIO | F3: LOCALIDAD | G3: UPZ
B6: ISLA DEL SOL
B7: CIV | C7: DESDE | D7: HASTA | E7: BARRIO | F7: LOCALIDAD | G7: UPZ
B14: No. | C14: FASE | D14: ACTIVIDAD | E14: MESES
E15: 1 | F15: 2 | G15: 3 | H15: 4 | I15: 5
B16: 1 | C16: Preconstruccion | D16: Contratación de personal
D17: Revision y aprobacion de estudios y diseños
D18: Consultas Empresas de Servicios Públicos y diferentes entidades de la administración
D19: Componente Plan de Manejo de Tránsito
D20: Componente Social
D21: Componente Plan de Manejo Ambiental
D22: Plan de Calidad
D23: Programa de Gerencia de Proyectos
D24: Programación de obra
D25: Punto de atención a la comunidad
B26: 2 | C26: construccion | D26: Actividades de Intervención
D27: Componente Planes de Manejo de Tránsito
D28: Componente Social y SST
D29: Componente Plan de Manejo Ambiental
